Workbook
Name Print_Area_0: CRONOGRAMA!$A$1:$AB$54
Name Print_Area_0: 'MEMO CALCULO '!$A$1:$H$1727
Name Print_Area_0_0: BDI!$A$1:$K$3
Name Print_Area_0_0: 'MEMO CALCULO '!$A$1:$H$1674
Name Print_Area_0_0_0: 'MEMO CALCULO '!$A$1:$H$1617
Name Print_Area_0_0_0_0: 'MEMO CALCULO '!$A$1:$H$1440

Sheet Planilha Orçamentária
A1: PREFEITURA MUNICIPAL DE SÃO ROQUE DO CANAÃ
A3: PLANILHA ORÇAMENTÁRIA | H3: DATA: Outubro/2025
A4: OBRA: Reforma e Ampliação da EMEIEF " Vale do Canaã"
A5: LOCAL:Rua João Guerini, n.º300, bairro Vila Verde, São Roque do Canaã/ES | H5: BDI Insumos | I5: 0.1557 | K5: =#REF!/I93 -> #REF!
A6: Referências: DER-Edificações e SINAPI – JUNHO/2025, Sem Desoneração - Leis Sociais: de acordo com cada referencial | H6: BDI Serviços | I6: 0.3136
A7: ITEM | B7: COD. | C7: REF. | D7: DESCRIÇÃO | E7: UNID. | F7: QUANT. | G7: UNIT. S/ BDI | H7: UNIT. C/ BDI | I7: VALOR CONTRATO INICIAL
A9: 1 | D9: INSTALAÇÃO DO CANTEIRO DE OBRAS
A10: 1.1 | B10: 20305 | C10: DER-ES | D10: =VLOOKUP(B10,'SERVIÇOS JUNHO-2025'!$A$1:$E$8877,3,0) -> Placa de obra nas dimensões de 2.0 x 4.0 m, padrão DER | E10: =VLOOKUP(B10,'SERVIÇOS JUNHO-2025'!$A$1:$E$8877,4,0) -> m2 | F10: =VLOOKUP(B10,'MEMO CALCULO '!$B:$G,6,0) -> 8 | G10: =VLOOKUP(B10,'SERVIÇOS JUNHO-2025'!$A$1:$E$8877,5,0) -> 294.79 | H10: =G10*(1+$I$6) -> 387.23614 | I10: =IFERROR((F10*H10),0) -> 3097.8892 | N10: =B10 -> 20305 | O10: =A10 -> 1.1 | P10: =D10 -> Placa de obra nas dimensões de 2.0 x 4.0 m, padrão DER | Q10: =E10 -> m2
A11: 1.2 | B11: 20801 | C11: DER-ES | D11: =VLOOKUP(B11,'SERVIÇOS JUNHO-2025'!$A$1:$E$8877,3,0) -> Barracão para escritório com sanitário área 14.50m2, de chapa de compens. 12mm e pontalete 8x8cm, piso cimentado e cobertura de telha de fibroc. 6mm, incl. ponto de luz e cx. de inspeção, conf. projeto (2 utilizações) | E11: =VLOOKUP(B11,'SERVIÇOS JUNHO-2025'!$A$1:$E$8877,4,0) -> m2 | F11: =VLOOKUP(B11,'MEMO CALCULO '!$B:$G,6,0) -> 14.5 | G11: =VLOOKUP(B11,'SERVIÇOS JUNHO-2025'!$A$1:$E$8877,5,0) -> 665.27 | H11: =G11*(1+$I$6) -> 873.89867 | I11: =IFERROR((F11*H11),0) -> 12671.531 | N11: =B11 -> 20801 | O11: =A11 -> 1.2 | P11: =D11 -> Barracão para escritório com sanitário área 14.50m2, de chapa de compens. 12mm e pontalete 8x8cm, piso cimentado e cobertura de telha de fibroc. 6mm, incl. ponto de luz e cx. de inspeção, conf. projeto (2 utilizações) | Q11: =E11 -> m2
A12: 1.3 | B12: 20803 | C12: DER-ES | D12: =VLOOKUP(B12,'SERVIÇOS JUNHO-2025'!$A$1:$E$8877,3,0) -> Barracão para depósito de cimento área de 10.90m2, de chapa de compensado 12mm e pontaletes 8x8cm, piso cimentado e cobertura de telhas de fibrocimento de 6mm, inclusive ponto de luz, conf. projeto (2 utilizações) | E12: =VLOOKUP(B12,'SERVIÇOS JUNHO-2025'!$A$1:$E$8877,4,0) -> m2 | F12: =VLOOKUP(B12,'MEMO CALCULO '!$B:$G,6,0) -> 10.9 | G12: =VLOOKUP(B12,'SERVIÇOS JUNHO-2025'!$A$1:$E$8877,5,0) -> 414.14 | H12: =G12*(1+$I$6) -> 544.0143 | I12: =IFERROR((F12*H12),0) -> 5929.7559 | N12: =B12 -> 20803 | O12: =A12 -> 1.3 | P12: =D12 -> Barracão para depósito de cimento área de 10.90m2, de chapa de compensado 12mm e pontaletes 8x8cm, piso cimentado e cobertura de telhas de fibrocimento de 6mm, inclusive ponto de luz, conf. projeto (2 utilizações) | Q12: =E12 -> m2
A13: 1.4 | B13: 20804 | C13: DER-ES | D13: =VLOOKUP(B13,'SERVIÇOS JUNHO-2025'!$A$1:$E$8877,3,0) -> Refeitório com paredes de chapa de compens. 12mm e pontaletes 8x8cm, piso ciment. e cobert. de telhas fibroc. 6mm, incl. ponto de luz e cx. de inspeção (cons. 1.21m2/func./turno), conf. projeto (2 utilização) | E13: =VLOOKUP(B13,'SERVIÇOS JUNHO-2025'!$A$1:$E$8877,4,0) -> m2 | F13: =VLOOKUP(B13,'MEMO CALCULO '!$B:$G,6,0) -> 14.5 | G13: =VLOOKUP(B13,'SERVIÇOS JUNHO-2025'!$A$1:$E$8877,5,0) -> 403.14 | H13: =G13*(1+$I$6) -> 529.5647 | I13: =IFERROR((F13*H13),0) -> 7678.6882 | N13: =B13 -> 20804 | O13: =A13 -> 1.4 | P13: =D13 -> Refeitório com paredes de chapa de compens. 12mm e pontaletes 8x8cm, piso ciment. e cobert. de telhas fibroc. 6mm, incl. ponto de luz e cx. de inspeção (cons. 1.21m2/func./turno), conf. projeto (2 utilização) | Q13: =E13 -> m2
A14: 1.5 | B14: 20809 | C14: DER-ES | D14: =VLOOKUP(B14,'SERVIÇOS JUNHO-2025'!$A$1:$E$8877,3,0) -> Galpão para corte e armação com área de 6.00m2, de peças de madeira 8x8cm e contraventamento de 5x7cm, cobertura de telhas de fibroc. de 6mm, inclusive ponto e cabo de alimentação da máquina, conf. projeto (2 utilizações) | E14: =VLOOKUP(B14,'SERVIÇOS JUNHO-2025'!$A$1:$E$8877,4,0) -> m2 | F14: =VLOOKUP(B14,'MEMO CALCULO '!$B:$G,6,0) -> 8 | G14: =VLOOKUP(B14,'SERVIÇOS JUNHO-2025'!$A$1:$E$8877,5,0) -> 213.27 | H14: =G14*(1+$I$6) -> 280.15147 | I14: =IFERROR((F14*H14),0) -> 2241.2118 | N14: =B14 -> 20809 | O14: =A14 -> 1.5 | P14: =D14 -> Galpão para corte e armação com área de 6.00m2, de peças de madeira 8x8cm e contraventamento de 5x7cm, cobertura de telhas de fibroc. de 6mm, inclusive ponto e cabo de alimentação da máquina, conf. projeto (2 utilizações) | Q14: =E14 -> m2
A15: 1.6 | B15: 20708 | C15: DER-ES | D15: =VLOOKUP(B15,'SERVIÇOS JUNHO-2025'!$A$1:$E$8877,3,0) -> Galpão para serraria e carpintaria área 12.00m2, em peça de madeira 8x8cm e contraventamento de 5x7cm, cobertura de telha de fibroc. de 6mm, inclusive ponto e cabo de alimentação da máquina, conf. projeto (1 utilização) | E15: =VLOOKUP(B15,'SERVIÇOS JUNHO-2025'!$A$1:$E$8877,4,0) -> m2 | F15: =VLOOKUP(B15,'MEMO CALCULO '!$B:$G,6,0) -> 12 | G15: =VLOOKUP(B15,'SERVIÇOS JUNHO-2025'!$A$1:$E$8877,5,0) -> 214.16 | H15: =G15*(1+$I$6) -> 281.32058 | I15: =IFERROR((F15*H15),0) -> 3375.8469 | N15: =B15 -> 20708 | O15: =A15 -> 1.6 | P15: =D15 -> Galpão para serraria e carpintaria área 12.00m2, em peça de madeira 8x8cm e contraventamento de 5x7cm, cobertura de telha de fibroc. de 6mm, inclusive ponto e cabo de alimentação da máquina, conf. projeto (1 utilização) | Q15: =E15 -> m2
H16: TOTAL DO ITEM | I16: =SUM(I10:I15) -> 34994.923 | N16: =B16 -> 0 | O16: =A16 -> 0 | P16: =D16 -> 0 | Q16: =E16 -> 0
A18: 2 | D18: SERVIÇOS PRELIMINARES | N18: =B18 -> 0 | O18: =A18 -> 2 | P18: =D18 -> SERVIÇOS PRELIMINARES | Q18: =E18 -> 0
A19: 2.1 | B19: 10202 | C19: DER-ES | D19: =VLOOKUP(B19,'SERVIÇOS JUNHO-2025'!$A$1:$E$8877,3,0) -> Demolição manual de revestimento cerâmico/porcelanato (pisos), exclusive lastro, sem reaproveitamento | E19: =VLOOKUP(B19,'SERVIÇOS JUNHO-2025'!$A$1:$E$8877,4,0) -> m2 | F19: =VLOOKUP(B19,'MEMO CALCULO '!$B:$G,6,0) -> 2336.51 | G19: =VLOOKUP(B19,'SERVIÇOS JUNHO-2025'!$A$1:$E$8877,5,0) -> 21.13 | H19: =G19*(1+$I$6) -> 27.756368 | I19: =IFERROR((F19*H19),0) -> 64853.031 | N19: =B19 -> 10202 | O19: =A19 -> 2.1 | P19: =D19 -> Demolição manual de revestimento cerâmico/porcelanato (pisos), exclusive lastro, sem reaproveitamento | Q19: =E19 -> m2
A20: 2.2 | B20: 10206 | C20: DER-ES | D20: =VLOOKUP(B20,'SERVIÇOS JUNHO-2025'!$A$1:$E$8877,3,0) -> Demolição manual de revestimento cerâmico/porcelanato (parede), exclusive emboço/reboco, sem reaproveitamento | E20: =VLOOKUP(B20,'SERVIÇOS JUNHO-2025'!$A$1:$E$8877,4,0) -> m2 | F20: =VLOOKUP(B20,'MEMO CALCULO '!$B:$G,6,0) -> 464.78 | G20: =VLOOKUP(B20,'SERVIÇOS JUNHO-2025'!$A$1:$E$8877,5,0) -> 23.54 | H20: =G20*(1+$I$6) -> 30.922144 | I20: =IFERROR((F20*H20),0) -> 14371.994 | N20: =B20 -> 10206 | O20: =A20 -> 2.2 | P20: =D20 -> Demolição manual de revestimento cerâmico/porcelanato (parede), exclusive emboço/reboco, sem reaproveitamento | Q20: =E20 -> m2
A21: 2.3 | B21: 10209 | C21: DER-ES | D21: =VLOOKUP(B21,'SERVIÇOS JUNHO-2025'!$A$1:$E$8877,3,0) -> Demolição manual de alvenaria de bloco furado (cerâmico), sem reaproveitamento | E21: =VLOOKUP(B21,'SERVIÇOS JUNHO-2025'!$A$1:$E$8877,4,0) -> m3 | F21: =VLOOKUP(B21,'MEMO CALCULO '!$B:$G,6,0) -> 19.06 | G21: =VLOOKUP(B21,'SERVIÇOS JUNHO-2025'!$A$1:$E$8877,5,0) -> 59.61 | H21: =G21*(1+$I$6) -> 78.303696 | I21: =IFERROR((F21*H21),0) -> 1492.4684 | N21: =B21 -> 10209 | O21: =A21 -> 2.3 | P21: =D21 -> Demolição manual de alvenaria de bloco furado (cerâmico), sem reaproveitamento | Q21: =E21 -> m3
A22: 2.4 | B22: 10210 | C22: DER-ES | D22: =VLOOKUP(B22,'SERVIÇOS JUNHO-2025'!$A$1:$E$8877,3,0) -> Demolição manual de concreto simples, sem reaproveitamento | E22: =VLOOKUP(B22,'SERVIÇOS JUNHO-2025'!$A$1:$E$8877,4,0) -> m3 | F22: =VLOOKUP(B22,'MEMO CALCULO '!$B:$G,6,0) -> 0.35 | G22: =VLOOKUP(B22,'SERVIÇOS JUNHO-2025'!$A$1:$E$8877,5,0) -> 225.81 | H22: =G22*(1+$I$6) -> 296.62402 | I22: =IFERROR((F22*H22),0) -> 103.81841 | N22: =B22 -> 10210 | O22: =A22 -> 2.4 | P22: =D22 -> Demolição manual de concreto simples, sem reaproveitamento | Q22: =E22 -> m3
A23: 2.5 | B23: 10255 | C23: DER-ES | D23: =VLOOKUP(B23,'SERVIÇOS JUNHO-2025'!$A$1:$E$8877,3,0) -> Remoção manual de telhas cerâmicas, tipo colonial, inclusive cumeeira, sem reaproveitamento | E23: =VLOOKUP(B23,'SERVIÇOS JUNHO-2025'!$A$1:$E$8877,4,0) -> m2 | F23: =VLOOKUP(B23,'MEMO CALCULO '!$B:$G,6,0) -> 1444.76 | G23: =VLOOKUP(B23,'SERVIÇOS JUNHO-2025'!$A$1:$E$8877,5,0) -> 15.67 | H23: =G23*(1+$I$6) -> 20.584112 | I23: =IFERROR((F23*H23),0) -> 29739.102 | N23: =B23 -> 10255 | O23: =A23 -> 2.5 | P23: =D23 -> Remoção manual de telhas cerâmicas, tipo colonial, inclusive cumeeira, sem reaproveitamento | Q23: =E23 -> m2
A24: 2.6 | B24: 10326 | C24: DER-ES | D24: =VLOOKUP(B24,'SERVIÇOS JUNHO-2025'!$A$1:$E$8877,3,0) -> Remoção manual de trama de madeira para cobertura, com reaproveitamento | E24: =VLOOKUP(B24,'SERVIÇOS JUNHO-2025'!$A$1:$E$8877,4,0) -> m2 | F24: =VLOOKUP(B24,'MEMO CALCULO '!$B:$G,6,0) -> 1444.76 | G24: =VLOOKUP(B24,'SERVIÇOS JUNHO-2025'!$A$1:$E$8877,5,0) -> 31.9 | H24: =G24*(1+$I$6) -> 41.90384 | I24: =IFERROR((F24*H24),0) -> 60540.992 | N24: =B24 -> 10326 | O24: =A24 -> 2.6 | P24: =D24 -> Remoção manual de trama de madeira para cobertura, com reaproveitamento | Q24: =E24 -> m2
A25: 2.7 | B25: 10238 | C25: DER-ES | D25: =VLOOKUP(B25,'SERVIÇOS JUNHO-2025'!$A$1:$E$8877,3,0) -> Apicoamento manual de superfície revestida com argamassa | E25: =VLOOKUP(B25,'SERVIÇOS JUNHO-2025'!$A$1:$E$8877,4,0) -> m2 | F25: =VLOOKUP(B25,'MEMO CALCULO '!$B:$G,6,0) -> 1894.87 | G25: =VLOOKUP(B25,'SERVIÇOS JUNHO-2025'!$A$1:$E$8877,5,0) -> 11.14 | H25: =G25*(1+$I$6) -> 14.633504 | I25: =IFERROR((F25*H25),0) -> 27728.588 | N25: =B25 -> 10238 | O25: =A25 -> 2.7 | P25: =D25 -> Apicoamento manual de superfície revestida com argamassa | Q25: =E25 -> m2
A26: 2.8 | B26: 10212 | C26: DER-ES | D26: =VLOOKUP(B26,'SERVIÇOS JUNHO-2025'!$A$1:$E$8877,3,0) -> Retirada manual cuidadosa de pavimento em paralelepípedos, inclusive limpeza e empilhamento para reaproveitamento | E26: =VLOOKUP(B26,'SERVIÇOS JUNHO-2025'!$A$1:$E$8877,4,0) -> m2 | F26: =VLOOKUP(B26,'MEMO CALCULO '!$B:$G,6,0) -> 2173.45 | G26: =VLOOKUP(B26,'SERVIÇOS JUNHO-2025'!$A$1:$E$8877,5,0) -> 21.51 | H26: =G26*(1+$I$6) -> 28.255536 | I26: =IFERROR((F26*H26),0) -> 61411.995 | N26: =B26 -> 10212 | O26: =A26 -> 2.8 | P26: =D26 -> Retirada manual cuidadosa de pavimento em paralelepípedos, inclusive limpeza e empilhamento para reaproveitamento | Q26: =E26 -> m2
A27: 2.9 | B27: 10216 | C27: DER-ES | D27: =VLOOKUP(B27,'SERVIÇOS JUNHO-2025'!$A$1:$E$8877,3,0) -> Retirada manual de meio-fio de concreto, sem reaproveitamento | E27: =VLOOKUP(B27,'SERVIÇOS JUNHO-2025'!$A$1:$E$8877,4,0) -> m | F27: =VLOOKUP(B27,'MEMO CALCULO '!$B:$G,6,0) -> 199.93 | G27: =VLOOKUP(B27,'SERVIÇOS JUNHO-2025'!$A$1:$E$8877,5,0) -> 11.14 | H27: =G27*(1+$I$6) -> 14.633504 | I27: =IFERROR((F27*H27),0) -> 2925.6765 | N27: =B27 -> 10216 | O27: =A27 -> 2.9 | P27: =D27 -> Retirada manual de meio-fio de concreto, sem reaproveitamento | Q27: =E27 -> m
A28: 2.10 | B28: 10214 | C28: DER-ES | D28: =VLOOKUP(B28,'SERVIÇOS JUNHO-2025'!$A$1:$E$8877,3,0) -> Retirada manual de portas e janelas de madeira, inclusive batentes (marcos), sem reaproveitamento | E28: =VLOOKUP(B28,'SERVIÇOS JUNHO-2025'!$A$1:$E$8877,4,0) -> m2 | F28: =VLOOKUP(B28,'MEMO CALCULO '!$B:$G,6,0) -> 380.85 | G28: =VLOOKUP(B28,'SERVIÇOS JUNHO-2025'!$A$1:$E$8877,5,0) -> 23.54 | H28: =G28*(1+$I$6) -> 30.922144 | I28: =IFERROR((F28*H28),0) -> 11776.699 | N28: =B28 -> 10214 | O28: =A28 -> 2.10 | P28: =D28 -> Retirada manual de portas e janelas de madeira, inclusive batentes (marcos), sem reaproveitamento | Q28: =E28 -> m2
A29: 2.11 | B29: 10215 | C29: DER-ES | D29: =VLOOKUP(B29,'SERVIÇOS JUNHO-2025'!$A$1:$E$8877,3,0) -> Retirada de esquadrias metálicas | E29: =VLOOKUP(B29,'SERVIÇOS JUNHO-2025'!$A$1:$E$8877,4,0) -> m2 | F29: =VLOOKUP(B29,'MEMO CALCULO '!$B:$G,6,0) -> 32.7 | G29: =VLOOKUP(B29,'SERVIÇOS JUNHO-2025'!$A$1:$E$8877,5,0) -> 11.14 | H29: =G29*(1+$I$6) -> 14.633504 | I29: =IFERROR((F29*H29),0) -> 478.51558 | N29: =B29 -> 10215 | O29: =A29 -> 2.11 | P29: =D29 -> Retirada de esquadrias metálicas | Q29: =E29 -> m2
A30: 2.12 | B30: 10225 | C30: DER-ES | D30: =VLOOKUP(B30,'SERVIÇOS JUNHO-2025'!$A$1:$E$8877,3,0) -> Retirada de bancada em granito, inclusive remoção de rodabanca e cantoneiras de fixação, sem reaproveitamento | E30: =VLOOKUP(B30,'SERVIÇOS JUNHO-2025'!$A$1:$E$8877,4,0) -> m2 | F30: =VLOOKUP(B30,'MEMO CALCULO '!$B:$G,6,0) -> 69.88 | G30: =VLOOKUP(B30,'SERVIÇOS JUNHO-2025'!$A$1:$E$8877,5,0) -> 35.29 | H30: =G30*(1+$I$6) -> 46.356944 | I30: =IFERROR((F30*H30),0) -> 3239.4232 | N30: =B30 -> 10225 | O30: =A30 -> 2.12 | P30: =D30 -> Retirada de bancada em granito, inclusive remoção de rodabanca e cantoneiras de fixação, sem reaproveitamento | Q30: =E30 -> m2
... A38: 2.20 | B38: 10246 | C38: DER-ES | D38: =VLOOKUP(B38,'SERVIÇOS JUNHO-2025'!$A$1:$E$8877,3,0) -> Lixamento manual de parede com pintura PVA para nivelamento e preparo da superfície para recebimento de nova camada de tinta | E38: =VLOOKUP(B38,'SERVIÇOS JUNHO-2025'!$A$1:$E$8877,4,0) -> m2 | F38: =VLOOKUP(B38,'MEMO CALCULO '!$B:$G,6,0) -> 2422.82 | G38: =VLOOKUP(B38,'SERVIÇOS JUNHO-2025'!$A$1:$E$8877,5,0) -> 4.99 | H38: =G38*(1+$I$6) -> 6.554864 | I38: =IFERROR((F38*H38),0) -> 15881.256 | N38: =B38 -> 10246 | O38: =A38 -> 2.20 | P38: =D38 -> Lixamento manual de parede com pintura PVA para nivelamento e preparo da superfície para recebimento de nova camada de tinta | Q38: =E38 -> m2
A39: 2.21 | B39: COMP-01 | D39: Demolição de rodapé cerâmico, de forma manual, sem reaproveitamento | E39: m | F39: =VLOOKUP(B39,'MEMO CALCULO '!$B:$G,6,0) -> 1314.63 | G39: ='COMP.01_RODAPÉ'!J17 -> 2.4350297 | H39: =G39*(1+$I$6) -> 3.198655 | I39: =IFERROR((F39*H39),0) -> 4205.0478 | N39: =B39 -> COMP-01 | O39: =A39 -> 2.21 | P39: =D39 -> Demolição de rodapé cerâmico, de forma manual, sem reaproveitamento | Q39: =E39 -> m
A40: 2.22 | B40: COMP-02 | D40: Remoção de forro de PVC, de forma manual, sem reaproveitamento. | E40: m2 | F40: =VLOOKUP(B40,'MEMO CALCULO '!$B:$G,6,0) -> 49.46 | G40: ='COMP.02_FORRO'!J17 -> 13.625089 | H40: =G40*(1+$I$6) -> 17.897916 | I40: =IFERROR((F40*H40),0) -> 885.23095 | N40: =B40 -> COMP-02 | O40: =A40 -> 2.22 | P40: =D40 -> Remoção de forro de PVC, de forma manual, sem reaproveitamento. | Q40: =E40 -> m2
A41: 2.23 | B41: COMP-03 | D41: Remoção de cercas e mourões, de forma manual, sem reaproveitamento | E41: m | F41: =VLOOKUP(B41,'MEMO CALCULO '!$B:$G,6,0) -> 300.71 | G41: ='COMP.03_REMOÇÃO CERCA'!J17 -> 8.7639257 | H41: =G41*(1+$I$6) -> 11.512293 | I41: =IFERROR((F41*H41),0) -> 3461.8616 | N41: =B41 -> COMP-03 | O41: =A41 -> 2.23 | P41: =D41 -> Remoção de cercas e mourões, de forma manual, sem reaproveitamento | Q41: =E41 -> m
H42: TOTAL DO ITEM | I42: =SUM(I19:I41) -> 308704.79 | N42: =B42 -> 0 | O42: =A42 -> 0 | P42: =D42 -> 0 | Q42: =E42 -> 0
N43: =B43 -> 0 | O43: =A43 -> 0 | P43: =D43 -> 0 | Q43: =E43 -> 0
A44: 3 | D44: MOVIMENTAÇÃO DE TERRA | N44: =B44 -> 0 | O44: =A44 -> 3 | P44: =D44 -> MOVIMENTAÇÃO DE TERRA | Q44: =E44 -> 0
A45: 3.1 | B45: 30101 | C45: DER-ES | D45: =VLOOKUP(B45,'SERVIÇOS JUNHO-2025'!$A$1:$E$8877,3,0) -> Escavação manual em material de 1a. categoria, até 1.50 m de profundidade | E45: =VLOOKUP(B45,'SERVIÇOS JUNHO-2025'!$A$1:$E$8877,4,0) -> m3 | F45: =VLOOKUP(B45,'MEMO CALCULO '!$B:$G,6,0) -> 127.95 | G45: =VLOOKUP(B45,'SERVIÇOS JUNHO-2025'!$A$1:$E$8877,5,0) -> 63.96 | H45: =G45*(1+$I$6) -> 84.017856 | I45: =IFERROR((F45*H45),0) -> 10750.085 | N45: =B45 -> 30101 | O45: =A45 -> 3.1 | P45: =D45 -> Escavação manual em material de 1a. categoria, até 1.50 m de profundidade | Q45: =E45 -> m3
A46: 3.2 | B46: 30210 | C46: DER-ES | D46: =VLOOKUP(B46,'SERVIÇOS JUNHO-2025'!$A$1:$E$8877,3,0) -> Aterro compactado utilizando compactador de placa vibratória com reaproveitamento do material | E46: =VLOOKUP(B46,'SERVIÇOS JUNHO-2025'!$A$1:$E$8877,4,0) -> m3 | F46: =VLOOKUP(B46,'MEMO CALCULO '!$B:$G,6,0) -> 85.89 | G46: =VLOOKUP(B46,'SERVIÇOS JUNHO-2025'!$A$1:$E$8877,5,0) -> 36.38 | H46: =G46*(1+$I$6) -> 47.788768 | I46: =IFERROR((F46*H46),0) -> 4104.5773 | N46: =B46 -> 30210 | O46: =A46 -> 3.2 | P46: =D46 -> Aterro compactado utilizando compactador de placa vibratória com reaproveitamento do material | Q46: =E46 -> m3
H47: TOTAL DO ITEM | I47: =SUM(I45:I46) -> 14854.662 | N47: =B47 -> 0 | O47: =A47 -> 0 | P47: =D47 -> 0 | Q47: =E47 -> 0
N48: =B48 -> 0 | O48: =A48 -> 0 | P48: =D48 -> 0 | Q48: =E48 -> 0
A49: 4 | D49: ESTRUTURAS | N49: =B49 -> 0 | O49: =A49 -> 4 | P49: =D49 -> ESTRUTURAS | Q49: =E49 -> 0
A50: 4.1 | D50: INFRAESTRUTURA
A51: 4.1.1 | B51: 40250 | C51: DER-ES | D51: =VLOOKUP(B51,'SERVIÇOS JUNHO-2025'!$A$1:$E$8877,3,0) -> Fôrma de tábua de madeira de 2.5x30.0cm, levando-se em conta utilização 3 vezes (incluindo o material, corte, montagem, escoramento e desforma) | E51: =VLOOKUP(B51,'SERVIÇOS JUNHO-2025'!$A$1:$E$8877,4,0) -> m2 | F51: =VLOOKUP(B51,'MEMO CALCULO '!$B:$G,6,0) -> 566.58 | G51: =VLOOKUP(B51,'SERVIÇOS JUNHO-2025'!$A$1:$E$8877,5,0) -> 100.61 | H51: =G51*(1+$I$6) -> 132.1613 | I51: =IFERROR((F51*H51),0) -> 74879.947 | N51: =B51 -> 40250 | O51: =A51 -> 4.1.1 | P51: =D51 -> Fôrma de tábua de madeira de 2.5x30.0cm, levando-se em conta utilização 3 vezes (incluindo o material, corte, montagem, escoramento e desforma) | Q51: =E51 -> m2
A52: 4.1.2 | B52: 40246 | C52: DER-ES | D52: =VLOOKUP(B52,'SERVIÇOS JUNHO-2025'!$A$1:$E$8877,3,0) -> Fornecimento, dobragem e colocação em fôrma, de armadura CA-60 B fina, diâmetro de 4.0 a 7.0mm | E52: =VLOOKUP(B52,'SERVIÇOS JUNHO-2025'!$A$1:$E$8877,4,0) -> kg | F52: =VLOOKUP(B52,'MEMO CALCULO '!$B:$G,6,0) -> 603.12 | G52: =VLOOKUP(B52,'SERVIÇOS JUNHO-2025'!$A$1:$E$8877,5,0) -> 11.8 | H52: =G52*(1+$I$6) -> 15.50048 | I52: =IFERROR((F52*H52),0) -> 9348.6495 | N52: =B52 -> 40246 | O52: =A52 -> 4.1.2 | P52: =D52 -> Fornecimento, dobragem e colocação em fôrma, de armadura CA-60 B fina, diâmetro de 4.0 a 7.0mm | Q52: =E52 -> kg
A53: 4.1.3 | B53: 40243 | C53: DER-ES | D53: =VLOOKUP(B53,'SERVIÇOS JUNHO-2025'!$A$1:$E$8877,3,0) -> Fornecimento, dobragem e colocação em fôrma, de armadura CA-50 A média, diâmetro de 6.3 a 10.0 mm | E53: =VLOOKUP(B53,'SERVIÇOS JUNHO-2025'!$A$1:$E$8877,4,0) -> kg | F53: =VLOOKUP(B53,'MEMO CALCULO '!$B:$G,6,0) -> 2766.39 | G53: =VLOOKUP(B53,'SERVIÇOS JUNHO-2025'!$A$1:$E$8877,5,0) -> 11.11 | H53: =G53*(1+$I$6) -> 14.594096 | I53: =IFERROR((F53*H53),0) -> 40372.961 | N53: =B53 -> 40243 | O53: =A53 -> 4.1.3 | P53: =D53 -> Fornecimento, dobragem e colocação em fôrma, de armadura CA-50 A média, diâmetro de 6.3 a 10.0 mm | Q53: =E53 -> kg
A54: 4.1.4 | B54: 40245 | C54: DER-ES | D54: =VLOOKUP(B54,'SERVIÇOS JUNHO-2025'!$A$1:$E$8877,3,0) -> Fornecimento, dobragem e colocação em fôrma, de armadura CA-50 A grossa diâmetro de 12.5 a 25.0 mm (1/2 a 1") | E54: =VLOOKUP(B54,'SERVIÇOS JUNHO-2025'!$A$1:$E$8877,4,0) -> kg | F54: =VLOOKUP(B54,'MEMO CALCULO '!$B:$G,6,0) -> 199.46 | G54: =VLOOKUP(B54,'SERVIÇOS JUNHO-2025'!$A$1:$E$8877,5,0) -> 11.79 | H54: =G54*(1+$I$6) -> 15.487344 | I54: =IFERROR((F54*H54),0) -> 3089.1056 | N54: =B54 -> 40245 | O54: =A54 -> 4.1.4 | P54: =D54 -> Fornecimento, dobragem e colocação em fôrma, de armadura CA-50 A grossa diâmetro de 12.5 a 25.0 mm (1/2 a 1") | Q54: =E54 -> kg
A55: 4.1.5 | B55: 40235 | C55: DER-ES | D55: =VLOOKUP(B55,'SERVIÇOS JUNHO-2025'!$A$1:$E$8877,3,0) -> Fornecimento, preparo e aplicação de concreto Fck=20 MPa (brita 1 e 2) - (5% de perdas já incluído no custo) | E55: =VLOOKUP(B55,'SERVIÇOS JUNHO-2025'!$A$1:$E$8877,4,0) -> m3 | F55: =VLOOKUP(B55,'MEMO CALCULO '!$B:$G,6,0) -> 31.44 | G55: =VLOOKUP(B55,'SERVIÇOS JUNHO-2025'!$A$1:$E$8877,5,0) -> 750.02 | H55: =G55*(1+$I$6) -> 985.22627 | I55: =IFERROR((F55*H55),0) -> 30975.514 | N55: =B55 -> 40235 | O55: =A55 -> 4.1.5 | P55: =D55 -> Fornecimento, preparo e aplicação de concreto Fck=20 MPa (brita 1 e 2) - (5% de perdas já incluído no custo) | Q55: =E55 -> m3
A56: 4.1.6 | B56: 40237 | C56: DER-ES | D56: =VLOOKUP(B56,'SERVIÇOS JUNHO-2025'!$A$1:$E$8877,3,0) -> Fornecimento, preparo e aplicação de concreto Fck=25 MPa (brita 1 e 2) - (5% de perdas já incluído no custo) | E56: =VLOOKUP(B56,'SERVIÇOS JUNHO-2025'!$A$1:$E$8877,4,0) -> m3 | F56: =VLOOKUP(B56,'MEMO CALCULO '!$B:$G,6,0) -> 14.21 | G56: =VLOOKUP(B56,'SERVIÇOS JUNHO-2025'!$A$1:$E$8877,5,0) -> 774.12 | H56: =G56*(1+$I$6) -> 1016.884 | I56: =IFERROR((F56*H56),0) -> 14449.922 | N56: =B56 -> 40237 | O56: =A56 -> 4.1.6 | P56: =D56 -> Fornecimento, preparo e aplicação de concreto Fck=25 MPa (brita 1 e 2) - (5% de perdas já incluído no custo) | Q56: =E56 -> m3
A57: 4.1.7 | B57: 40224 | C57: DER-ES | D57: =VLOOKUP(B57,'SERVIÇOS JUNHO-2025'!$A$1:$E$8877,3,0) -> Fornecimento, preparo e aplicação de concreto Fck = 30 MPa (com brita 1 e 2) - (5% de perdas já incluído no custo) | E57: =VLOOKUP(B57,'SERVIÇOS JUNHO-2025'!$A$1:$E$8877,4,0) -> m3 | F57: =VLOOKUP(B57,'MEMO CALCULO '!$B:$G,6,0) -> 3.39 | G57: =VLOOKUP(B57,'SERVIÇOS JUNHO-2025'!$A$1:$E$8877,5,0) -> 796.27 | H57: =G57*(1+$I$6) -> 1045.9803 | I57: =IFERROR((F57*H57),0) -> 3545.8731 | N57: =B57 -> 40224 | O57: =A57 -> 4.1.7 | P57: =D57 -> Fornecimento, preparo e aplicação de concreto Fck = 30 MPa (com brita 1 e 2) - (5% de perdas já incluído no custo) | Q57: =E57 -> m3
A58: 4.2 | D58: SUPERESTRUTURA
A59: 4.2.1 | B59: 40337 | C59: DER-ES | D59: =VLOOKUP(B59,'SERVIÇOS JUNHO-2025'!$A$1:$E$8877,3,0) -> Fôrma em chapa de madeira compensada plastificada 12mm para estrutura em geral, 5 reaproveitamentos, reforçada com sarrafos de madeira 2.5x10cm (incl material, corte, montagem, escoras em eucalipto e desforma) | E59: =VLOOKUP(B59,'SERVIÇOS JUNHO-2025'!$A$1:$E$8877,4,0) -> m2 | F59: =VLOOKUP(B59,'MEMO CALCULO '!$B:$G,6,0) -> 350.22 | G59: =VLOOKUP(B59,'SERVIÇOS JUNHO-2025'!$A$1:$E$8877,5,0) -> 105.39 | H59: =G59*(1+$I$6) -> 138.4403 | I59: =IFERROR((F59*H59),0) -> 48484.563 | N59: =B59 -> 40337 | O59: =A59 -> 4.2.1 | P59: =D59 -> Fôrma em chapa de madeira compensada plastificada 12mm para estrutura em geral, 5 reaproveitamentos, reforçada com sarrafos de madeira 2.5x10cm (incl material, corte, montagem, escoras em eucalipto e desforma) | Q59: =E59 -> m2
A60: 4.2.2 | B60: 40333 | C60: DER-ES | D60: =VLOOKUP(B60,'SERVIÇOS JUNHO-2025'!$A$1:$E$8877,3,0) -> Fornecimento, dobragem e colocação em fôrma, de armadura CA-60 B fina, diâmetro de 4.0 a 7.0mm | E60: =VLOOKUP(B60,'SERVIÇOS JUNHO-2025'!$A$1:$E$8877,4,0) -> kg | F60: =VLOOKUP(B60,'MEMO CALCULO '!$B:$G,6,0) -> 512.74 | G60: =VLOOKUP(B60,'SERVIÇOS JUNHO-2025'!$A$1:$E$8877,5,0) -> 11.8 | H60: =G60*(1+$I$6) -> 15.50048 | I60: =IFERROR((F60*H60),0) -> 7947.7161 | N60: =B60 -> 40333 | O60: =A60 -> 4.2.2 | P60: =D60 -> Fornecimento, dobragem e colocação em fôrma, de armadura CA-60 B fina, diâmetro de 4.0 a 7.0mm | Q60: =E60 -> kg
A61: 4.2.3 | B61: 40328 | C61: DER-ES | D61: =VLOOKUP(B61,'SERVIÇOS JUNHO-2025'!$A$1:$E$8877,3,0) -> Fornecimento, dobragem e colocação em fôrma, de armadura CA-50 A média, diâmetro de 6.3 a 10.0 mm | E61: =VLOOKUP(B61,'SERVIÇOS JUNHO-2025'!$A$1:$E$8877,4,0) -> kg | F61: =VLOOKUP(B61,'MEMO CALCULO '!$B:$G,6,0) -> 1196.59 | G61: =VLOOKUP(B61,'SERVIÇOS JUNHO-2025'!$A$1:$E$8877,5,0) -> 11.11 | H61: =G61*(1+$I$6) -> 14.594096 | I61: =IFERROR((F61*H61),0) -> 17463.149 | N61: =B61 -> 40328 | O61: =A61 -> 4.2.3 | P61: =D61 -> Fornecimento, dobragem e colocação em fôrma, de armadura CA-50 A média, diâmetro de 6.3 a 10.0 mm | Q61: =E61 -> kg
A62: 4.2.4 | B62: 40332 | C62: DER-ES | D62: =VLOOKUP(B62,'SERVIÇOS JUNHO-2025'!$A$1:$E$8877,3,0) -> Fornecimento, dobragem e colocação em fôrma, de armadura CA-50 A grossa, diâmetro de 12.5 a 25.0mm | E62: =VLOOKUP(B62,'SERVIÇOS JUNHO-2025'!$A$1:$E$8877,4,0) -> kg | F62: =VLOOKUP(B62,'MEMO CALCULO '!$B:$G,6,0) -> 524.19 | G62: =VLOOKUP(B62,'SERVIÇOS JUNHO-2025'!$A$1:$E$8877,5,0) -> 11.79 | H62: =G62*(1+$I$6) -> 15.487344 | I62: =IFERROR((F62*H62),0) -> 8118.3109 | N62: =B62 -> 40332 | O62: =A62 -> 4.2.4 | P62: =D62 -> Fornecimento, dobragem e colocação em fôrma, de armadura CA-50 A grossa, diâmetro de 12.5 a 25.0mm | Q62: =E62 -> kg
A63: 4.2.5 | B63: 40324 | C63: DER-ES | D63: =VLOOKUP(B63,'SERVIÇOS JUNHO-2025'!$A$1:$E$8877,3,0) -> Fornecimento, preparo e aplicação de concreto Fck=25 MPa (brita 1 e 2) - (5% de perdas já incluído no custo) | E63: =VLOOKUP(B63,'SERVIÇOS JUNHO-2025'!$A$1:$E$8877,4,0) -> m3 | F63: =VLOOKUP(B63,'MEMO CALCULO '!$B:$G,6,0) -> 18.7 | G63: =VLOOKUP(B63,'SERVIÇOS JUNHO-2025'!$A$1:$E$8877,5,0) -> 897.44 | H63: =G63*(1+$I$6) -> 1178.8772 | I63: =IFERROR((F63*H63),0) -> 22045.003 | N63: =B63 -> 40324 | O63: =A63 -> 4.2.5 | P63: =D63 -> Fornecimento, preparo e aplicação de concreto Fck=25 MPa (brita 1 e 2) - (5% de perdas já incluído no custo) | Q63: =E63 -> m3
A64: 4.2.6 | B64: 40315 | C64: DER-ES | D64: =VLOOKUP(B64,'SERVIÇOS JUNHO-2025'!$A$1:$E$8877,3,0) -> Fornecimento, preparo e aplicação de concreto Fck = 30 MPa (com brita 1 e 2) - (5% de perdas já incluído no custo) | E64: =VLOOKUP(B64,'SERVIÇOS JUNHO-2025'!$A$1:$E$8877,4,0) -> m3 | F64: =VLOOKUP(B64,'MEMO CALCULO '!$B:$G,6,0) -> 3.09 | G64: =VLOOKUP(B64,'SERVIÇOS JUNHO-2025'!$A$1:$E$8877,5,0) -> 919.59 | H64: =G64*(1+$I$6) -> 1207.9734 | I64: =IFERROR((F64*H64),0) -> 3732.6379 | N64: =B64 -> 40315 | O64: =A64 -> 4.2.6 | P64: =D64 -> Fornecimento, preparo e aplicação de concreto Fck = 30 MPa (com brita 1 e 2) - (5% de perdas já incluído no custo) | Q64: =E64 -> m3
A65: 4.2.7 | B65: 40602 | C65: DER-ES | D65: =VLOOKUP(B65,'SERVIÇOS JUNHO-2025'!$A$1:$E$8877,3,0) -> Laje pré-fabricada treliçada (H=8cm), sobrecarga 300 kg/m2, vão de 3.5 a 4.3m, capeamento 4cm, elemento de enchimento em bloco cerâmico, espessura final da laje ? 12cm, Fck = 150 Kg/cm2 | E65: =VLOOKUP(B65,'SERVIÇOS JUNHO-2025'!$A$1:$E$8877,4,0) -> m2 | F65: =VLOOKUP(B65,'MEMO CALCULO '!$B:$G,6,0) -> 34.01 | G65: =VLOOKUP(B65,'SERVIÇOS JUNHO-2025'!$A$1:$E$8877,5,0) -> 144.01 | H65: =G65*(1+$I$6) -> 189.17154 | I65: =IFERROR((F65*H65),0) -> 6433.7239 | N65: =B65 -> 40602 | O65: =A65 -> 4.2.7 | P65: =D65 -> Laje pré-fabricada treliçada (H=8cm), sobrecarga 300 kg/m2, vão de 3.5 a 4.3m, capeamento 4cm, elemento de enchimento em bloco cerâmico, espessura final da laje ? 12cm, Fck = 150 Kg/cm2 | Q65: =E65 -> m2
A66: 4.3 | D66: MURO DE CONTENÇÃO
A67: 4.3.1 | B67: 40202 | C67: DER-ES | D67: =VLOOKUP(B67,'SERVIÇOS JUNHO-2025'!$A$1:$E$8877,3,0) -> Fornecimento, preparo e aplicação de concreto ciclópico Fck=15MPa com 30% de pedra de mão | E67: =VLOOKUP(B67,'SERVIÇOS JUNHO-2025'!$A$1:$E$8877,4,0) -> m3 | F67: =VLOOKUP(B67,'MEMO CALCULO '!$B:$G,6,0) -> 464.55 | G67: =VLOOKUP(B67,'SERVIÇOS JUNHO-2025'!$A$1:$E$8877,5,0) -> 732.43 | H67: =G67*(1+$I$6) -> 962.12005 | I67: =IFERROR((F67*H67),0) -> 446952.87 | N67: =B67 -> 40202 | O67: =A67 -> 4.3.1 | P67: =D67 -> Fornecimento, preparo e aplicação de concreto ciclópico Fck=15MPa com 30% de pedra de mão | Q67: =E67 -> m3
A68: 4.3.2 | B68: 40206 | C68: DER-ES | D68: =VLOOKUP(B68,'SERVIÇOS JUNHO-2025'!$A$1:$E$8877,3,0) -> Fôrma de tábua de madeira de 2.5 x 30.0 cm para fundações, levando-se em conta a utilização 5 vezes (incluido o material, corte, montagem, escoramento e desforma) | E68: =VLOOKUP(B68,'SERVIÇOS JUNHO-2025'!$A$1:$E$8877,4,0) -> m2 | F68: =VLOOKUP(B68,'MEMO CALCULO '!$B:$G,6,0) -> 540 | G68: =VLOOKUP(B68,'SERVIÇOS JUNHO-2025'!$A$1:$E$8877,5,0) -> 86.7 | H68: =G68*(1+$I$6) -> 113.88912 | I68: =IFERROR((F68*H68),0) -> 61500.125 | N68: =B68 -> 40206 | O68: =A68 -> 4.3.2 | P68: =D68 -> Fôrma de tábua de madeira de 2.5 x 30.0 cm para fundações, levando-se em conta a utilização 5 vezes (incluido o material, corte, montagem, escoramento e desforma) | Q68: =E68 -> m2
A69: 4.3.3 | B69: 30103 | C69: DER-ES | D69: =VLOOKUP(B69,'SERVIÇOS JUNHO-2025'!$A$1:$E$8877,3,0) -> Escavação mecânica em material de 1a. categoria | E69: =VLOOKUP(B69,'SERVIÇOS JUNHO-2025'!$A$1:$E$8877,4,0) -> m3 | F69: =VLOOKUP(B69,'MEMO CALCULO '!$B:$G,6,0) -> 929.1 | G69: =VLOOKUP(B69,'SERVIÇOS JUNHO-2025'!$A$1:$E$8877,5,0) -> 16.22 | H69: =G69*(1+$I$6) -> 21.306592 | I69: =IFERROR((F69*H69),0) -> 19795.955 | N69: =B69 -> 30103 | O69: =A69 -> 4.3.3 | P69: =D69 -> Escavação mecânica em material de 1a. categoria | Q69: =E69 -> m3
A70: 4.3.4 | B70: 30201 | C70: DER-ES | D70: =VLOOKUP(B70,'SERVIÇOS JUNHO-2025'!$A$1:$E$8877,3,0) -> Reaterro apiloado de cavas de fundação, em camadas de 20 cm | E70: =VLOOKUP(B70,'SERVIÇOS JUNHO-2025'!$A$1:$E$8877,4,0) -> m3 | F70: =VLOOKUP(B70,'MEMO CALCULO '!$B:$G,6,0) -> 464.55 | G70: =VLOOKUP(B70,'SERVIÇOS JUNHO-2025'!$A$1:$E$8877,5,0) -> 68.88 | H70: =G70*(1+$I$6) -> 90.480768 | I70: =IFERROR((F70*H70),0) -> 42032.841 | N70: =B70 -> 30201 | O70: =A70 -> 4.3.4 | P70: =D70 -> Reaterro apiloado de cavas de fundação, em camadas de 20 cm | Q70: =E70 -> m3
H71: TOTAL DO ITEM | I71: =SUM(I51:I70) -> 861168.87 | N71: =B71 -> 0 | O71: =A71 -> 0 | P71: =D71 -> 0 | Q71: =E71 -> 0
N72: =B72 -> 0 | O72: =A72 -> 0 | P72: =D72 -> 0 | Q72: =E72 -> 0
A73: 5 | D73: PAREDES E PAINÉIS | N73: =B73 -> 0 | O73: =A73 -> 5 | P73: =D73 -> PAREDES E PAINÉIS | Q73: =E73 -> 0
A74: 5.1 | B74: 50606 | C74: DER-ES | D74: =VLOOKUP(B74,'SERVIÇOS JUNHO-2025'!$A$1:$E$8877,3,0) -> Alvenaria de vedação com blocos cerâmicos furados 9x19x19cm, assentados c/ argamassa de cimento, cal hidratada CH1 e areia no traço 1:0,5:8, preparo com betoneira, juntas 10mm e esp. das paredes s/revestimento, 9cm (bloco comprado na fábrica, posto obra) | E74: =VLOOKUP(B74,'SERVIÇOS JUNHO-2025'!$A$1:$E$8877,4,0) -> m2 | F74: =VLOOKUP(B74,'MEMO CALCULO '!$B:$G,6,0) -> 729.16 | G74: =VLOOKUP(B74,'SERVIÇOS JUNHO-2025'!$A$1:$E$8877,5,0) -> 50.22 | H74: =G74*(1+$I$6) -> 65.968992 | I74: =IFERROR((F74*H74),0) -> 48101.95 | N74: =B74 -> 50606 | O74: =A74 -> 5.1 | P74: =D74 -> Alvenaria de vedação com blocos cerâmicos furados 9x19x19cm, assentados c/ argamassa de cimento, cal hidratada CH1 e areia no traço 1:0,5:8, preparo com betoneira, juntas 10mm e esp. das paredes s/revestimento, 9cm (bloco comprado na fábrica, posto obra) | Q74: =E74 -> m2
A75: 5.2 | B75: 120101 | C75: DER-ES | D75: =VLOOKUP(B75,'SERVIÇOS JUNHO-2025'!$A$1:$E$8877,3,0) -> Chapisco de argamassa de cimento e areia média ou grossa lavada, no traço 1:3, espessura 5 mm | E75: =VLOOKUP(B75,'SERVIÇOS JUNHO-2025'!$A$1:$E$8877,4,0) -> m2 | F75: =VLOOKUP(B75,'MEMO CALCULO '!$B:$G,6,0) -> 3884.62 | G75: =VLOOKUP(B75,'SERVIÇOS JUNHO-2025'!$A$1:$E$8877,5,0) -> 7.85 | H75: =G75*(1+$I$6) -> 10.31176 | I75: =IFERROR((F75*H75),0) -> 40057.269 | N75: =B75 -> 120101 | O75: =A75 -> 5.2 | P75: =D75 -> Chapisco de argamassa de cimento e areia média ou grossa lavada, no traço 1:3, espessura 5 mm | Q75: =E75 -> m2
A76: 5.3 | B76: 120301 | C76: DER-ES | D76: =VLOOKUP(B76,'SERVIÇOS JUNHO-2025'!$A$1:$E$8877,3,0) -> Emboço de argamassa de cimento, cal hidratada CH1 e areia média ou grossa lavada no traço 1:0.5:6, espessura 20 mm | E76: =VLOOKUP(B76,'SERVIÇOS JUNHO-2025'!$A$1:$E$8877,4,0) -> m2 | F76: =VLOOKUP(B76,'MEMO CALCULO '!$B:$G,6,0) -> 602.99 | G76: =VLOOKUP(B76,'SERVIÇOS JUNHO-2025'!$A$1:$E$8877,5,0) -> 38.54 | H76: =G76*(1+$I$6) -> 50.626144 | I76: =IFERROR((F76*H76),0) -> 30527.059 | N76: =B76 -> 120301 | O76: =A76 -> 5.3 | P76: =D76 -> Emboço de argamassa de cimento, cal hidratada CH1 e areia média ou grossa lavada no traço 1:0.5:6, espessura 20 mm | Q76: =E76 -> m2
A77: 5.4 | B77: 110302 | C77: DER-ES | D77: =VLOOKUP(B77,'SERVIÇOS JUNHO-2025'!$A$1:$E$8877,3,0) -> Reboco tipo paulista de argamassa de cimento, cal hidratada CH1 e areia lavada traço 1:0.5:6, espessura 25 mm | E77: =VLOOKUP(B77,'SERVIÇOS JUNHO-2025'!$A$1:$E$8877,4,0) -> m2 | F77: =VLOOKUP(B77,'MEMO CALCULO '!$B:$G,6,0) -> 2305.93 | G77: =VLOOKUP(B77,'SERVIÇOS JUNHO-2025'!$A$1:$E$8877,5,0) -> 74.21 | H77: =G77*(1+$I$6) -> 97.482256 | I77: =IFERROR((F77*H77),0) -> 224787.26 | N77: =B77 -> 110302 | O77: =A77 -> 5.4 | P77: =D77 -> Reboco tipo paulista de argamassa de cimento, cal hidratada CH1 e areia lavada traço 1:0.5:6, espessura 25 mm | Q77: =E77 -> m2
A78: 5.5 | B78: 50205 | C78: DER-ES | D78: =VLOOKUP(B78,'SERVIÇOS JUNHO-2025'!$A$1:$E$8877,3,0) -> Divisória sanitária de granito cinza andorinha esp. 3 cm, assentada com argamassa de cimento e areia no traço 1:3 | E78: =VLOOKUP(B78,'SERVIÇOS JUNHO-2025'!$A$1:$E$8877,4,0) -> m2 | F78: =VLOOKUP(B78,'MEMO CALCULO '!$B:$G,6,0) -> 56 | G78: =VLOOKUP(B78,'SERVIÇOS JUNHO-2025'!$A$1:$E$8877,5,0) -> 429.82 | H78: =G78*(1+$I$6) -> 564.61155 | I78: =IFERROR((F78*H78),0) -> 31618.247 | N78: =B78 -> 50205 | O78: =A78 -> 5.5 | P78: =D78 -> Divisória sanitária de granito cinza andorinha esp. 3 cm, assentada com argamassa de cimento e areia no traço 1:3 | Q78: =E78 -> m2
A79: 5.6 | B79: 50112 | C79: DER-ES | D79: =VLOOKUP(B79,'SERVIÇOS JUNHO-2025'!$A$1:$E$8877,3,0) -> Elemento vazado de concreto (Cobogó) 40 x 40 x 10 cm, tipo reto, assentados com argamassa de cimento e areia peneirada no traço 1:3, espessura das juntas 15 mm, preparo manual | E79: =VLOOKUP(B79,'SERVIÇOS JUNHO-2025'!$A$1:$E$8877,4,0) -> m2 | F79: =VLOOKUP(B79,'MEMO CALCULO '!$B:$G,6,0) -> 63.62 | G79: =VLOOKUP(B79,'SERVIÇOS JUNHO-2025'!$A$1:$E$8877,5,0) -> 183 | H79: =G79*(1+$I$6) -> 240.3888 | I79: =IFERROR((F79*H79),0) -> 15293.535 | N79: =B79 -> 50112 | O79: =A79 -> 5.6 | P79: =D79 -> Elemento vazado de concreto (Cobogó) 40 x 40 x 10 cm, tipo reto, assentados com argamassa de cimento e areia peneirada no traço 1:3, espessura das juntas 15 mm, preparo manual | Q79: =E79 -> m2
A80: 5.7 | B80: 50301 | C80: DER-ES | D80: =VLOOKUP(B80,'SERVIÇOS JUNHO-2025'!$A$1:$E$8877,3,0) -> Verga/contraverga reta de concreto armado moldada in loco 10 x 5 cm, Fck = 15 MPa, inclusive forma, armação e desforma, comprimento inferior a 2.0 metros | E80: =VLOOKUP(B80,'SERVIÇOS JUNHO-2025'!$A$1:$E$8877,4,0) -> m | F80: =VLOOKUP(B80,'MEMO CALCULO '!$B:$G,6,0) -> 2 | G80: =VLOOKUP(B80,'SERVIÇOS JUNHO-2025'!$A$1:$E$8877,5,0) -> 42.16 | H80: =G80*(1+$I$6) -> 55.381376 | I80: =IFERROR((F80*H80),0) -> 110.76275 | N80: =B80 -> 50301 | O80: =A80 -> 5.7 | P80: =D80 -> Verga/contraverga reta de concreto armado moldada in loco 10 x 5 cm, Fck = 15 MPa, inclusive forma, armação e desforma, comprimento inferior a 2.0 metros | Q80: =E80 -> m
A81: 5.8 | B81: COMP-04 | D81: Divisória fixa em vidro temperado 10 mm, com abertura. | E81: m2 | F81: =VLOOKUP(B81,'MEMO CALCULO '!$B:$G,6,0) -> 5.71 | G81: ='COMP.04_GUCHE'!J28 -> 553.43064 | H81: =G81*(1+$I$6) -> 726.98648 | I81: =IFERROR((F81*H81),0) -> 4151.0928 | N81: =B81 -> COMP-04 | O81: =A81 -> 5.8 | P81: =D81 -> Divisória fixa em vidro temperado 10 mm, com abertura. | Q81: =E81 -> m2
H82: TOTAL DO ITEM | I82: =SUM(I74:I81) -> 394647.17 | N82: =B82 -> 0 | O82: =A82 -> 0 | P82: =D82 -> 0 | Q82: =E82 -> 0
N83: =B83 -> 0 | O83: =A83 -> 0 | P83: =D83 -> 0 | Q83: =E83 -> 0
A84: 6 | D84: PISOS | N84: =B84 -> 0 | O84: =A84 -> 6 | P84: =D84 -> PISOS | Q84: =E84 -> 0
A85: 6.1 | B85: 130104 | C85: DER-ES | D85: =VLOOKUP(B85,'SERVIÇOS JUNHO-2025'!$A$1:$E$8877,3,0) -> Regularização de base p/ revestimento cerâmico, com argamassa de cimento e areia no traço 1:5, espessura 5cm | E85: =VLOOKUP(B85,'SERVIÇOS JUNHO-2025'!$A$1:$E$8877,4,0) -> m2 | F85: =VLOOKUP(B85,'MEMO CALCULO '!$B:$G,6,0) -> 34.01 | G85: =VLOOKUP(B85,'SERVIÇOS JUNHO-2025'!$A$1:$E$8877,5,0) -> 43.12 | H85: =G85*(1+$I$6) -> 56.642432 | I85: =IFERROR((F85*H85),0) -> 1926.4091 | N85: =B85 -> 130104 | O85: =A85 -> 6.1 | P85: =D85 -> Regularização de base p/ revestimento cerâmico, com argamassa de cimento e areia no traço 1:5, espessura 5cm | Q85: =E85 -> m2
A86: 6.2 | B86: 130109 | C86: DER-ES | D86: =VLOOKUP(B86,'SERVIÇOS JUNHO-2025'!$A$1:$E$8877,3,0) -> Lastro regularizado e impermeabilizado de concreto não estrutural, espessura de 8 cm | E86: =VLOOKUP(B86,'SERVIÇOS JUNHO-2025'!$A$1:$E$8877,4,0) -> m2 | F86: =VLOOKUP(B86,'MEMO CALCULO '!$B:$G,6,0) -> 26.87 | G86: =VLOOKUP(B86,'SERVIÇOS JUNHO-2025'!$A$1:$E$8877,5,0) -> 87.09 | H86: =G86*(1+$I$6) -> 114.40142 | I86: =IFERROR((F86*H86),0) -> 3073.9663 | N86: =B86 -> 130109 | O86: =A86 -> 6.2 | P86: =D86 -> Lastro regularizado e impermeabilizado de concreto não estrutural, espessura de 8 cm | Q86: =E86 -> m2
A87: 6.3 | B87: 130234 | C87: DER-ES | D87: =VLOOKUP(B87,'SERVIÇOS JUNHO-2025'!$A$1:$E$8877,3,0) -> Porcelanato natural retificado, acabamento acetinado, dim. 60x60cm, ref. PLATINA NA Eliane/equiv, utilizando dupla colagem de argamassa colante para porcelanato tipo ACIII e rejunte e rejunte 3mm para porcelanato | E87: =VLOOKUP(B87,'SERVIÇOS JUNHO-2025'!$A$1:$E$8877,4,0) -> m2 | F87: =VLOOKUP(B87,'MEMO CALCULO '!$B:$G,6,0) -> 2405.18 | G87: =VLOOKUP(B87,'SERVIÇOS JUNHO-2025'!$A$1:$E$8877,5,0) -> 220.71 | H87: =G87*(1+$I$6) -> 289.92466 | I87: =IFERROR((F87*H87),0) -> 697320.98 | J87: =B87 -> 130234 | K87: =A87 -> 6.3 | L87: =E87 -> m2 | M87: =D87 -> Porcelanato natural retificado, acabamento acetinado, dim. 60x60cm, ref. PLATINA NA Eliane/equiv, utilizando dupla colagem de argamassa colante para porcelanato tipo ACIII e rejunte e rejunte 3mm para porcelanato | N87: =B87 -> 130234 | O87: =A87 -> 6.3 | P87: =D87 -> Porcelanato natural retificado, acabamento acetinado, dim. 60x60cm, ref. PLATINA NA Eliane/equiv, utilizando dupla colagem de argamassa colante para porcelanato tipo ACIII e rejunte e rejunte 3mm para porcelanato | Q87: =E87 -> m2 | AE87: =SUM(K87:AC87) -> 130234
A88: 6.4 | B88: COMP-05 | D88: Piso e espelho de escada em granito cinza andorinha levigado, esp. 2cm | E88: m2 | F88: =VLOOKUP(B88,'MEMO CALCULO '!$B:$G,6,0) -> 14.35 | G88: ='COMP.05_PISO ESCADA'!J22 -> 892.10385 | H88: =G88*(1+$I$6) -> 1171.8676 | I88: =IFERROR((F88*H88),0) -> 16816.3 | J88: =B88 -> COMP-05 | K88: =A88 -> 6.4 | L88: =E88 -> m2 | M88: =D88 -> Piso e espelho de escada em granito cinza andorinha levigado, esp. 2cm | N88: =B88 -> COMP-05 | O88: =A88 -> 6.4 | P88: =D88 -> Piso e espelho de escada em granito cinza andorinha levigado, esp. 2cm | Q88: =E88 -> m2
A89: 6.5 | B89: COMP-06 | D89: Piso em granito aplicado em ambientes internos | E89: m2 | F89: =VLOOKUP(B89,'MEMO CALCULO '!$B:$G,6,0) -> 1.54 | G89: ='COMP.06_PISO ELEVADOR'!J22 -> 270.98145 | H89: =G89*(1+$I$6) -> 355.96123 | I89: =IFERROR((F89*H89),0) -> 548.18029 | N89: =B89 -> COMP-06 | O89: =A89 -> 6.5 | P89: =D89 -> Piso em granito aplicado em ambientes internos | Q89: =E89 -> m2
A90: 6.6 | B90: 130308 | C90: DER-ES | D90: =VLOOKUP(B90,'SERVIÇOS JUNHO-2025'!$A$1:$E$8877,3,0) -> Soleira de granito esp. 2 cm e largura de 15 cm | E90: =VLOOKUP(B90,'SERVIÇOS JUNHO-2025'!$A$1:$E$8877,4,0) -> m | F90: =VLOOKUP(B90,'MEMO CALCULO '!$B:$G,6,0) -> 83.13 | G90: =VLOOKUP(B90,'SERVIÇOS JUNHO-2025'!$A$1:$E$8877,5,0) -> 50.58 | H90: =G90*(1+$I$6) -> 66.441888 | I90: =IFERROR((F90*H90),0) -> 5523.3141 | N90: =B90 -> 130308 | O90: =A90 -> 6.6 | P90: =D90 -> Soleira de granito esp. 2 cm e largura de 15 cm | Q90: =E90 -> m
A91: 6.7 | B91: 130317 | C91: DER-ES | D91: =VLOOKUP(B91,'SERVIÇOS JUNHO-2025'!$A$1:$E$8877,3,0) -> Peitoril de granito cinza polido, 15 cm, esp. 3cm | E91: =VLOOKUP(B91,'SERVIÇOS JUNHO-2025'!$A$1:$E$8877,4,0) -> m | F91: =VLOOKUP(B91,'MEMO CALCULO '!$B:$G,6,0) -> 253.7 | G91: =VLOOKUP(B91,'SERVIÇOS JUNHO-2025'!$A$1:$E$8877,5,0) -> 82.2 | H91: =G91*(1+$I$6) -> 107.97792 | I91: =IFERROR((F91*H91),0) -> 27393.998 | N91: =B91 -> 130317 | O91: =A91 -> 6.7 | P91: =D91 -> Peitoril de granito cinza polido, 15 cm, esp. 3cm | Q91: =E91 -> m
A92: 6.8 | B92: COMP-07 | D92: Piso em ladrilho hidráulico aplicado em ambientes externos | E92: m2 | F92: =VLOOKUP(B92,'MEMO CALCULO '!$B:$G,6,0) -> 12.92 | G92: ='COMP.07_LADRILHO'!J21 -> 160.48501 | H92: =G92*(1+$I$6) -> 210.81311 | I92: =IFERROR((F92*H92),0) -> 2723.7053 | N92: =B92 -> COMP-07 | O92: =A92 -> 6.8 | P92: =D92 -> Piso em ladrilho hidráulico aplicado em ambientes externos | Q92: =E92 -> m2
H93: TOTAL DO ITEM | I93: =SUM(I85:I92) -> 755326.86 | J93: =B93 -> 0 | K93: =A93 -> 0 | L93: =E93 -> 0 | M93: =D93 -> 0 | N93: =B93 -> 0 | O93: =A93 -> 0 | P93: =D93 -> 0 | Q93: =E93 -> 0
N94: =B94 -> 0 | O94: =A94 -> 0 | P94: =D94 -> 0 | Q94: =E94 -> 0
A95: 7 | D95: ESQUADRIAS
A96: 7.1 | D96: ESQUADRIAS DE MADEIRA | N96: =B96 -> 0 | O96: =A96 -> 7.1 | P96: =D96 -> ESQUADRIAS DE MADEIRA | Q96: =E96 -> 0
A97: 7.1.1 | B97: 62503 | C97: DER-ES | D97: =VLOOKUP(B97,'SERVIÇOS JUNHO-2025'!$A$1:$E$8877,3,0) -> Porta de madeira de lei angelim pedra ou equivalente, esp. 30 a 35 mm, maciça, tipo mexicana, c/ friso p/ verniz, padrão SEDU, com visor 1,00 x 0,15m e vidro 4mm, inclusive alizares, dobradiças e fechadura tipo alavanca em latão cromado LaFonte ou equiv., exclusive marco, dimensões: 0.80 x 2.10 m | E97: =VLOOKUP(B97,'SERVIÇOS JUNHO-2025'!$A$1:$E$8877,4,0) -> und | F97: =VLOOKUP(B97,'MEMO CALCULO '!$B:$G,6,0) -> 26 | G97: =VLOOKUP(B97,'SERVIÇOS JUNHO-2025'!$A$1:$E$8877,5,0) -> 1711.39 | H97: =G97*(1+$I$6) -> 2248.0819 | I97: =IFERROR((F97*H97),0) -> 58450.13 | N97: =B97 -> 62503 | O97: =A97 -> 7.1.1 | P97: =D97 -> Porta de madeira de lei angelim pedra ou equivalente, esp. 30 a 35 mm, maciça, tipo mexicana, c/ friso p/ verniz, padrão SEDU, com visor 1,00 x 0,15m e vidro 4mm, inclusive alizares, dobradiças e fechadura tipo alavanca em latão cromado LaFonte ou equiv., exclusive marco, dimensões: 0.80 x 2.10 m | Q97: =E97 -> und
A98: 7.1.2 | B98: 60101 | C98: DER-ES | D98: =VLOOKUP(B98,'SERVIÇOS JUNHO-2025'!$A$1:$E$8877,3,0) -> Marco em madeira de lei tipo Peroba, Ipê, Angelim Pedra ou equivalente, com 15 x 3cm de batente, nas dimensões: 0,60 x 2,10 m | E98: =VLOOKUP(B98,'SERVIÇOS JUNHO-2025'!$A$1:$E$8877,4,0) -> und | F98: =VLOOKUP(B98,'MEMO CALCULO '!$B:$G,6,0) -> 2 | G98: =VLOOKUP(B98,'SERVIÇOS JUNHO-2025'!$A$1:$E$8877,5,0) -> 368.7 | H98: =G98*(1+$I$6) -> 484.32432 | I98: =IFERROR((F98*H98),0) -> 968.64864 | N98: =B98 -> 60101 | O98: =A98 -> 7.1.2 | P98: =D98 -> Marco em madeira de lei tipo Peroba, Ipê, Angelim Pedra ou equivalente, com 15 x 3cm de batente, nas dimensões: 0,60 x 2,10 m | Q98: =E98 -> und
A99: 7.1.3 | B99: 60103 | C99: DER-ES | D99: =VLOOKUP(B99,'SERVIÇOS JUNHO-2025'!$A$1:$E$8877,3,0) -> Marco em madeira de lei tipo Peroba, Ipê, Angelim Pedra ou equivalente, com 15 x 3cm de batente, nas dimensões: 0,80 x 2,10 m | E99: =VLOOKUP(B99,'SERVIÇOS JUNHO-2025'!$A$1:$E$8877,4,0) -> und | F99: =VLOOKUP(B99,'MEMO CALCULO '!$B:$G,6,0) -> 46 | G99: =VLOOKUP(B99,'SERVIÇOS JUNHO-2025'!$A$1:$E$8877,5,0) -> 368.7 | H99: =G99*(1+$I$6) -> 484.32432 | I99: =IFERROR((F99*H99),0) -> 22278.919 | N99: =B99 -> 60103 | O99: =A99 -> 7.1.3 | P99: =D99 -> Marco em madeira de lei tipo Peroba, Ipê, Angelim Pedra ou equivalente, com 15 x 3cm de batente, nas dimensões: 0,80 x 2,10 m | Q99: =E99 -> und
A100: 7.1.4 | B100: COMP-08 | D100: Porta de madeira de lei angelim pedra ou equivalente, esp. 30 a 35 mm, maciça, tipo mexicana, c/ friso p/ verniz, padrão SEDU, inclusive alizares, dobradiças e fechadura tipo alavanca em latão cromado LaFonte ou equiv., exclusive marco, dimensões: 0.80 x 2.10 m | E100: und | F100: =VLOOKUP(B100,'MEMO CALCULO '!$B:$G,6,0) -> 20 | G100: ='COMP.08_PORTA 80X210'!J23 -> 1711.4059 | H100: =G100*(1+$I$6) -> 2248.1028 | I100: =IFERROR((F100*H100),0) -> 44962.056 | N100: =B100 -> COMP-08 | O100: =A100 -> 7.1.4 | P100: =D100 -> Porta de madeira de lei angelim pedra ou equivalente, esp. 30 a 35 mm, maciça, tipo mexicana, c/ friso p/ verniz, padrão SEDU, inclusive alizares, dobradiças e fechadura tipo alavanca em latão cromado LaFonte ou equiv., exclusive marco, dimensões: 0.80 x 2.10 m | Q100: =E100 -> und
A101: 7.1.5 | B101: COMP-09 | D101: Porta de madeira de lei angelim pedra ou equivalente, esp. 30 a 35 mm, maciça, tipo mexicana, c/ friso p/ verniz, padrão SEDU, inclusive alizares, dobradiças e fechadura tipo alavanca em latão cromado LaFonte ou equiv., exclusive marco, dimensões: 0.60 x 2.10 m | E101: und | F101: =VLOOKUP(B101,'MEMO CALCULO '!$B:$G,6,0) -> 2 | G101: ='COMP.09_PORTA 60X210'!J23 -> 1577.8259 | H101: =G101*(1+$I$6) -> 2072.6321 | I101: =IFERROR((F101*H101),0) -> 4145.2642 | N101: =B101 -> COMP-09 | O101: =A101 -> 7.1.5 | P101: =D101 -> Porta de madeira de lei angelim pedra ou equivalente, esp. 30 a 35 mm, maciça, tipo mexicana, c/ friso p/ verniz, padrão SEDU, inclusive alizares, dobradiças e fechadura tipo alavanca em latão cromado LaFonte ou equiv., exclusive marco, dimensões: 0.60 x 2.10 m | Q101: =E101 -> und
A102: 7.2 | D102: ESQUADRIAS METÁLICAS | N102: =B102 -> 0 | O102: =A102 -> 7.2 | P102: =D102 -> ESQUADRIAS METÁLICAS | Q102: =E102 -> 0
A103: 7.2.1 | B103: 71704 | C103: DER-ES | D103: =VLOOKUP(B103,'SERVIÇOS JUNHO-2025'!$A$1:$E$8877,3,0) -> Porta de abrir tipo veneziana em alumínio anodizado, linha 25, completa, incl. puxador com tranca, caixilho, alizar e contramarco | E103: =VLOOKUP(B103,'SERVIÇOS JUNHO-2025'!$A$1:$E$8877,4,0) -> m2 | F103: =VLOOKUP(B103,'MEMO CALCULO '!$B:$G,6,0) -> 25.08 | G103: =VLOOKUP(B103,'SERVIÇOS JUNHO-2025'!$A$1:$E$8877,5,0) -> 908.85 | H103: =G103*(1+$I$6) -> 1193.8654 | I103: =IFERROR((F103*H103),0) -> 29942.143 | N103: =B103 -> 71704 | O103: =A103 -> 7.2.1 | P103: =D103 -> Porta de abrir tipo veneziana em alumínio anodizado, linha 25, completa, incl. puxador com tranca, caixilho, alizar e contramarco | Q103: =E103 -> m2
A104: 7.2.2 | B104: 71105 | C104: DER-ES | D104: =VLOOKUP(B104,'SERVIÇOS JUNHO-2025'!$A$1:$E$8877,3,0) -> Grade de ferro em barra chata, inclusive chumbamento | E104: =VLOOKUP(B104,'SERVIÇOS JUNHO-2025'!$A$1:$E$8877,4,0) -> m2 | F104: =VLOOKUP(B104,'MEMO CALCULO '!$B:$G,6,0) -> 297.73 | G104: =VLOOKUP(B104,'SERVIÇOS JUNHO-2025'!$A$1:$E$8877,5,0) -> 393.8 | H104: =G104*(1+$I$6) -> 517.29568 | I104: =IFERROR((F104*H104),0) -> 154014.44 | N104: =B104 -> 71105 | O104: =A104 -> 7.2.2 | P104: =D104 -> Grade de ferro em barra chata, inclusive chumbamento | Q104: =E104 -> m2
A105: 7.2.3 | B105: 71107 | C105: DER-ES | D105: =VLOOKUP(B105,'SERVIÇOS JUNHO-2025'!$A$1:$E$8877,3,0) -> Portão de ferro de abrir em barra chata, chapa e tubo, inclusive chumbamento | E105: =VLOOKUP(B105,'SERVIÇOS JUNHO-2025'!$A$1:$E$8877,4,0) -> m2 | F105: =VLOOKUP(B105,'MEMO CALCULO '!$B:$G,6,0) -> 5.25 | G105: =VLOOKUP(B105,'SERVIÇOS JUNHO-2025'!$A$1:$E$8877,5,0) -> 849.57 | H105: =G105*(1+$I$6) -> 1115.9952 | I105: =IFERROR((F105*H105),0) -> 5858.9745 | N105: =B105 -> 71107 | O105: =A105 -> 7.2.3 | P105: =D105 -> Portão de ferro de abrir em barra chata, chapa e tubo, inclusive chumbamento | Q105: =E105 -> m2
A106: 7.2.4 | B106: 71104 | C106: DER-ES | D106: =VLOOKUP(B106,'SERVIÇOS JUNHO-2025'!$A$1:$E$8877,3,0) -> Portão de ferro de abrir em barra chata, inclusive chumbamento | E106: =VLOOKUP(B106,'SERVIÇOS JUNHO-2025'!$A$1:$E$8877,4,0) -> m2 | F106: =VLOOKUP(B106,'MEMO CALCULO '!$B:$G,6,0) -> 1.68 | G106: =VLOOKUP(B106,'SERVIÇOS JUNHO-2025'!$A$1:$E$8877,5,0) -> 628.68 | H106: =G106*(1+$I$6) -> 825.83405 | I106: =IFERROR((F106*H106),0) -> 1387.4012 | N106: =B106 -> 71104 | O106: =A106 -> 7.2.4 | P106: =D106 -> Portão de ferro de abrir em barra chata, inclusive chumbamento | Q106: =E106 -> m2
A107: 7.2.5 | B107: 71103 | C107: DER-ES | D107: =VLOOKUP(B107,'SERVIÇOS JUNHO-2025'!$A$1:$E$8877,3,0) -> Grade de tela tipo mosquiteiro de arame galvanizado #18, fio 32, inclusive, requadro em cantoneira de ferro 1/8"x1/2"x1/2" | E107: =VLOOKUP(B107,'SERVIÇOS JUNHO-2025'!$A$1:$E$8877,4,0) -> m2 | F107: =VLOOKUP(B107,'MEMO CALCULO '!$B:$G,6,0) -> 5.36 | G107: =VLOOKUP(B107,'SERVIÇOS JUNHO-2025'!$A$1:$E$8877,5,0) -> 131.46 | H107: =G107*(1+$I$6) -> 172.68586 | I107: =IFERROR((F107*H107),0) -> 925.59619 | N107: =B107 -> 71103 | O107: =A107 -> 7.2.5 | P107: =D107 -> Grade de tela tipo mosquiteiro de arame galvanizado #18, fio 32, inclusive, requadro em cantoneira de ferro 1/8"x1/2"x1/2" | Q107: =E107 -> m2
A108: 7.2.6 | B108: COMP-10 | D108: Janela de correr tipo blindex com 4 folhas, sendo 2 folhas fixas e 2 folhas móveis, para vidro, inclusive vidro laminado de 12 mm | E108: m2 | F108: =VLOOKUP(B108,'MEMO CALCULO '!$B:$G,6,0) -> 265.71 | G108: ='COMP.10_JANELA'!J31 -> 2235.4746 | H108: =G108*(1+$I$6) -> 2936.5194 | I108: =IFERROR((F108*H108),0) -> 780262.57 | N108: =B108 -> COMP-10 | O108: =A108 -> 7.2.6 | P108: =D108 -> Janela de correr tipo blindex com 4 folhas, sendo 2 folhas fixas e 2 folhas móveis, para vidro, inclusive vidro laminado de 12 mm | Q108: =E108 -> m2
A109: 7.2.7 | B109: COMP-11 | D109: Porta de abrir tipo blindex, inclusive vidro laminado de 12 mm e ferragens | E109: m2 | F109: =VLOOKUP(B109,'MEMO CALCULO '!$B:$G,6,0) -> 27.32 | G109: ='COMP.11_PORTAS'!J24 -> 1927.2441 | H109: =G109*(1+$I$6) -> 2531.6279 | I109: =IFERROR((F109*H109),0) -> 69164.074 | N109: =B109 -> COMP-11 | O109: =A109 -> 7.2.7 | P109: =D109 -> Porta de abrir tipo blindex, inclusive vidro laminado de 12 mm e ferragens | Q109: =E109 -> m2
A110: 7.2.8 | B110: COMP-12 | D110: Janela basculante tipo blindex,3 folhas, sendo 2 fixas (superior e inferior) e 1 basculante, inclusive vidro laminado de 12 mm | E110: m2 | F110: =VLOOKUP(B110,'MEMO CALCULO '!$B:$G,6,0) -> 39.6 | G110: ='COMP.12_BASCULA'!J21 -> 2977.3199 | H110: =G110*(1+$I$6) -> 3911.0074 | I110: =IFERROR((F110*H110),0) -> 154875.89 | N110: =B110 -> COMP-12 | O110: =A110 -> 7.2.8 | P110: =D110 -> Janela basculante tipo blindex,3 folhas, sendo 2 fixas (superior e inferior) e 1 basculante, inclusive vidro laminado de 12 mm | Q110: =E110 -> m2
...

Sheet MEMO CALCULO 
B2: PREFEITURA MUNICIPAL DE SÃO ROQUE DO CANAÃ
B8: MEMÓRIA DE CÁLCULO DA PLANILHA ORÇAMENTÁRIA
B9: OBRA: Reforma e ampliação da EMEIEF " Vale do Canaã"
B10: LOCAL: Rua João Guerini, n.º300, bairro Vila Verde, São Roque do Canaã/ES
B11: REFERÊNCIA: DER-ES e SINAPI – junho/2025, Sem Desoneração - Leis Sociais: 157,27%
B13: Código | C13: Ref. | D13: Item | E13: Descrição | F13: Und | G13: Quant.
B15: 1 | E15: =VLOOKUP(B15,'Planilha Orçamentária'!$1:$1048576,4,0) -> INSTALAÇÃO DO CANTEIRO DE OBRAS
B16: 20305 | C16: DER-ES | D16: =VLOOKUP(B16,'Planilha Orçamentária'!$N$10:$Q$330,2,0) -> 1.1 | E16: =VLOOKUP(B16,'Planilha Orçamentária'!$N$9:$Q$330,3,0) -> Placa de obra nas dimensões de 2.0 x 4.0 m, padrão DER | F16: =VLOOKUP(B16,'Planilha Orçamentária'!$N$9:$Q$330,4,0) -> m2 | G16: =SUM(F17) -> 8
D17: 4,00 m x 2,00 m = 8,00 m² | F17: 8
B18: 20801 | C18: DER-ES | D18: =VLOOKUP(B18,'Planilha Orçamentária'!$N$10:$Q$330,2,0) -> 1.2 | E18: =VLOOKUP(B18,'Planilha Orçamentária'!$N$9:$Q$330,3,0) -> Barracão para escritório com sanitário área 14.50m2, de chapa de compens. 12mm e pontalete 8x8cm, piso cimentado e cobertura de telha de fibroc. 6mm, incl. ponto de luz e cx. de inspeção, conf. projeto (2 utilizações) | F18: =VLOOKUP(B18,'Planilha Orçamentária'!$N$9:$Q$330,4,0) -> m2 | G18: =SUM(F19) -> 14.5
D19: 14,50 m² | F19: 14.5
B20: 20803 | C20: DER-ES | D20: =VLOOKUP(B20,'Planilha Orçamentária'!$N$10:$Q$330,2,0) -> 1.3 | E20: =VLOOKUP(B20,'Planilha Orçamentária'!$N$9:$Q$330,3,0) -> Barracão para depósito de cimento área de 10.90m2, de chapa de compensado 12mm e pontaletes 8x8cm, piso cimentado e cobertura de telhas de fibrocimento de 6mm, inclusive ponto de luz, conf. projeto (2 utilizações) | F20: =VLOOKUP(B20,'Planilha Orçamentária'!$N$9:$Q$330,4,0) -> m2 | G20: =SUM(F21) -> 10.9
D21: 10,90 m² | F21: 10.9
B22: 20804 | C22: DER-ES | D22: =VLOOKUP(B22,'Planilha Orçamentária'!$N$10:$Q$330,2,0) -> 1.4 | E22: =VLOOKUP(B22,'Planilha Orçamentária'!$N$9:$Q$330,3,0) -> Refeitório com paredes de chapa de compens. 12mm e pontaletes 8x8cm, piso ciment. e cobert. de telhas fibroc. 6mm, incl. ponto de luz e cx. de inspeção (cons. 1.21m2/func./turno), conf. projeto (2 utilização) | F22: =VLOOKUP(B22,'Planilha Orçamentária'!$N$9:$Q$330,4,0) -> m2 | G22: =SUM(F23) -> 14.5
D23: 14,50 m² | F23: 14.5
B24: 20809 | C24: DER-ES | D24: =VLOOKUP(B24,'Planilha Orçamentária'!$N$10:$Q$330,2,0) -> 1.5 | E24: =VLOOKUP(B24,'Planilha Orçamentária'!$N$9:$Q$330,3,0) -> Galpão para corte e armação com área de 6.00m2, de peças de madeira 8x8cm e contraventamento de 5x7cm, cobertura de telhas de fibroc. de 6mm, inclusive ponto e cabo de alimentação da máquina, conf. projeto (2 utilizações) | F24: =VLOOKUP(B24,'Planilha Orçamentária'!$N$9:$Q$330,4,0) -> m2 | G24: =SUM(F25) -> 8
D25: 6,00 m² | F25: 8
B26: 20708 | C26: DER-ES | D26: =VLOOKUP(B26,'Planilha Orçamentária'!$N$10:$Q$330,2,0) -> 1.6 | E26: =VLOOKUP(B26,'Planilha Orçamentária'!$N$9:$Q$330,3,0) -> Galpão para serraria e carpintaria área 12.00m2, em peça de madeira 8x8cm e contraventamento de 5x7cm, cobertura de telha de fibroc. de 6mm, inclusive ponto e cabo de alimentação da máquina, conf. projeto (1 utilização) | F26: =VLOOKUP(B26,'Planilha Orçamentária'!$N$9:$Q$330,4,0) -> m2 | G26: =SUM(F27) -> 12
D27: 12,00 m² | F27: 12
B29: 2 | E29: =VLOOKUP(B29,'Planilha Orçamentária'!$1:$1048576,4,0) -> SERVIÇOS PRELIMINARES
B30: 10202 | C30: DER-ES | D30: =VLOOKUP(B30,'Planilha Orçamentária'!$N$10:$Q$330,2,0) -> 2.1 | E30: =VLOOKUP(B30,'Planilha Orçamentária'!$N$9:$Q$330,3,0) -> Demolição manual de revestimento cerâmico/porcelanato (pisos), exclusive lastro, sem reaproveitamento | F30: =VLOOKUP(B30,'Planilha Orçamentária'!$N$9:$Q$330,4,0) -> m2 | G30: =SUM(F31:F87) -> 2336.51
D31: TÉRREO
D32: Sala 18: 51,39 m² | F32: 51.39
D33: Sala 19: 49,86 m² | F33: 49.86
D34: Biblioteca:51,39 m² | F34: 51.39
D35: Sala 20: 51,40 m² | F35: 51.4
D36: Sala de Reunião: 22,79 m² | F36: 22.79
D37: WC Sala de Reunião: 2,24 m² | F37: 2.24
D38: Direção: 22,54 m² | F38: 22.54
D39: WC Direção: 2,23 m² | F39: 2.23
D40: PNE Feminino: 3,60 m² | F40: 3.6
D41: WC Feminino: 21,13 m² | F41: 21.13
D42: WC MAsculino: 21,13 m² | F42: 21.13
D43: PNE Masculino: 3,60 m² | F43: 3.6
... D63: Escada: 19,70 m² | F63: 19.7
D64: 1º ANDAR
D65: Sala 10: 51,39 m² | F65: 51.39
D66: Sala 11: 49,86 m² | F66: 49.86
D67: Sala 12: 51,39 m² | F67: 51.39
D68: Sala 13: 51,40 m² | F68: 51.4
D69: Sala de planejamento pedagógico: 51,40 m² | F69: 51.4
D70: Hall: 14,10 m² | F70: 14.1
D71: WC Masculino: 24,94 m² | F71: 24.94
D72: WC Feminino: 24,95 m² | F72: 24.95
D73: Sala 14: 51,05 m² | F73: 51.05
D74: Sala 15: 51,25 m² | F74: 51.25
D75: Sala 16: 51,39 m² | F75: 51.39
D76: Sala 01: 51,39 m² | F76: 51.39
... D87: Circulação: 172,17 m² | F87: 172.17
B88: 10206 | C88: DER-ES | D88: =VLOOKUP(B88,'Planilha Orçamentária'!$N$10:$Q$330,2,0) -> 2.2 | E88: =VLOOKUP(B88,'Planilha Orçamentária'!$N$9:$Q$330,3,0) -> Demolição manual de revestimento cerâmico/porcelanato (parede), exclusive emboço/reboco, sem reaproveitamento | F88: =VLOOKUP(B88,'Planilha Orçamentária'!$N$9:$Q$330,4,0) -> m2 | G88: =SUM(F89:F102) -> 464.78
D89: TÉRREO
D90: WC Direção: (1,21 m + 1,21 m + 1,86 m + 1,86 m + 0,09 m + 0,09 m) x 2,74 m - (0,60 m x 2,10 m) = 16,06 m² | F90: 16.06
D91: WC Sala de Reunião: (1,21 m + 1,21 m + 1,86 m + 1,86 m) x 2,74 m - (0,60 m x 2,10 m) = 15,56 m² | F91: 15.56
D92: PNE Feminino: (1,55 m + 1,55 m + 2,33 m + 2,33 m) x 2,74 m - (0,80 m x 2,10 m) = 19,58 m² | F92: 19.58
D93: WC Feminino: (3,63 m + 4,50 m + 1,67 m + 2,45 m + 1,96 m + 0,96 m + 5,87 m) x 2,74 m + (1,00 m + 1,00 m + 0,12 m) x 1,85 m - (0,80 m x 2,10 m) - (3,20 m x 0,60 m) = 57,97 m² | F93: 57.97
D94: WC Masculino: (3,63 m + 4,50 m + 1,67 m + 2,45 m + 1,96 m + 0,96 m + 5,87 m) x 2,74 m + (1,00 m + 1,00 m + 0,12 m) x 1,85 m - (0,80 m x 2,10 m) - (3,20 m x 0,60 m) = 57,97 m² | F94: 57.97
D95: PNE Feminino: (1,55 m + 1,55 m + 2,33 m + 2,33 m) x 2,74 m - (0,80 m x 2,10 m) = 19,58 m² | F95: 19.58
D96: Cozinha: (4,50 m + 7,40 m + 4,50 m + 7,35 m) x 2,74 m + (1,50 m + 1,50 m + 0,15 m) x 1,50 m - (0,80 m x 2,10 m x 3 portas) - (2,40 m x 0,60 m) - (3,12 m x 0,60 m) - (2,10 m x 1,05 m) - (1,20 m x 1,05 m) = 57,99 m² | F96: 57.99
D97: Depósito de frios: (2,33 m + 2,33 m + 3,62 m + 3,62 m) x 2,74 m - (0,80 m x 2,10 m) - (2,90 m x 0,60 m) = 29,19 m² | F97: 29.19
D98: Depósito seco: (2,33 m + 2,33 m + 3,62 m + 3,62 m) x 2,74 m - (0,80 m x 2,10 m) - (2,90 m x 0,60 m) = 29,19 m² | F98: 29.19
D99: Hall de entrada: (6,83 m x 2,23 m + 6,83 m x 2,23 m) - (2,00 m x 1,15 m) - (0,80 m x 2,10 m) = 26,48 m² | F99: 26.48
D100: 1º ANDAR
D101: WC Feminino: (5,76 m + 3,63 m + 6,95 m + 2,35 m + 1,12 m + 1,07 m + 1,12 m + 1,07 m + 1,07 m + 0,79 m + 0,12 m + 2,03 m) x 2,70 m - (0,88 m x 2,10 m) - (0,80 m x 2,10 m) - (3,20 m x 0,60 m) = 67,67 m² | F101: 67.67
D102: WC Masculino: (6,95 m + 3,63 m + 5,76 m + 1,99 m + 0,12 m + 0,83 m + 1,07 m + 1,07 m + 1,04 m + 1,07 m + 1,04 m + 2,47 m) x 2,70 m - (0,89 x 2,10 m) - (0,80 m x 2,10 m) - (3,20 m x 0,60 m) = 67,54 m² | F102: 67.54
B103: 10209 | C103: DER-ES | D103: =VLOOKUP(B103,'Planilha Orçamentária'!$N$10:$Q$330,2,0) -> 2.3 | E103: =VLOOKUP(B103,'Planilha Orçamentária'!$N$9:$Q$330,3,0) -> Demolição manual de alvenaria de bloco furado (cerâmico), sem reaproveitamento | F103: =VLOOKUP(B103,'Planilha Orçamentária'!$N$9:$Q$330,4,0) -> m3 | G103: =SUM(F104:F114) -> 19.06
D104: ELEVADOR
D105: 1º ANDAR: (1,86 m x 2,35 m x 0,15 m) – (1,83 m x 1,14 m x 0,15 m) = 0,34 m³ | F105: 0.34
D106: TÉRREO
D107: Hall de entrada: (0,80 m + 0,80 m + 0,80 m + 0,84 m) x 0,45 m x 0,15 m = 0,21 m³ | F107: 0.21
D108: Mureta refeitório: (0,65 m + 0,65 m) x 0,45 m x 0,15 m = 0,09 m³ | F108: 0.09
D109: Bancos refeitório: (5,35 m² + 5,35 m²) x 0,45 m (altura) = 4,82 m³ | F109: 4.82
D110: Base bebdouro: 2,50 m x 1,50 m x 0,10 m = 0,36 m³ | F110: 0.36
D111: DML: (2,32 m + 1,86 m) x 2,70 m x 0,15 m = 1,69 m³ | F111: 1.69
D112: Sala 18: 0,80 m x 2,10 m x 0,15 m + 6,81 m x 2,70 m x 0,15 m + 1,10 m x 1,50 m x 0,15 m = 3,26 m³ | F112: 3.26
D113: Cozinha/Depósitos: 0,80 m x 2,10 m x 0,15 m + 1,50 m x 1,50 m x 0,15 m + 0,21 m x 0,60 m x 0,15 m + 7,35 m x 2,65 m x 0,15 m + 2,30 m x 2,65 m x 0,15 m + 3,54 m x 2,65 m x 0,15 m + 2,96 m x 2,65 m x 0,15 m + 1,20 m x 0,25 m x 0,15 m + 1,00 m x 0,25 m x 0,15 m + 0,45 m x 0,60 m x 0,15 m = 7,16 m² | F113: 7.16
D114: Escada: 2,50 m x 2,35 m x 0,15 m x 2 janelas - 0,45 m x 2,35 m x 0,15 m x 4,00 janelas =1,13 m³ | F114: 1.13
B115: 10210 | C115: DER-ES | D115: =VLOOKUP(B115,'Planilha Orçamentária'!$N$10:$Q$330,2,0) -> 2.4 | E115: =VLOOKUP(B115,'Planilha Orçamentária'!$N$9:$Q$330,3,0) -> Demolição manual de concreto simples, sem reaproveitamento | F115: =VLOOKUP(B115,'Planilha Orçamentária'!$N$9:$Q$330,4,0) -> m3 | G115: =SUM(F116) -> 0.35
D116: Área do bebedouro: 2,52 m x 1,53 m x 0,09 m = 0,35 m³ | F116: 0.35
B117: 10255 | C117: DER-ES | D117: =VLOOKUP(B117,'Planilha Orçamentária'!$N$10:$Q$330,2,0) -> 2.5 | E117: =VLOOKUP(B117,'Planilha Orçamentária'!$N$9:$Q$330,3,0) -> Remoção manual de telhas cerâmicas, tipo colonial, inclusive cumeeira, sem reaproveitamento | F117: =VLOOKUP(B117,'Planilha Orçamentária'!$N$9:$Q$330,4,0) -> m2 | G117: =SUM(F118) -> 1444.76
D118: Área de projeção horizontal do telhado, conforme projeto: 18,70 m x 77,26 m = 1444,76 m² | F118: 1444.76
B119: 10326 | C119: DER-ES | D119: =VLOOKUP(B119,'Planilha Orçamentária'!$N$10:$Q$330,2,0) -> 2.6 | E119: =VLOOKUP(B119,'Planilha Orçamentária'!$N$9:$Q$330,3,0) -> Remoção manual de trama de madeira para cobertura, com reaproveitamento | F119: =VLOOKUP(B119,'Planilha Orçamentária'!$N$9:$Q$330,4,0) -> m2 | G119: =SUM(F120) -> 1444.76
D120: Área de projeção horizontal do telhado, conforme projeto: 18,70 m x 77,26 m = 1444,76 m² | F120: 1444.76
B121: 10238 | C121: DER-ES | D121: =VLOOKUP(B121,'Planilha Orçamentária'!$N$10:$Q$330,2,0) -> 2.7 | E121: =VLOOKUP(B121,'Planilha Orçamentária'!$N$9:$Q$330,3,0) -> Apicoamento manual de superfície revestida com argamassa | F121: =VLOOKUP(B121,'Planilha Orçamentária'!$N$9:$Q$330,4,0) -> m2 | G121: =SUM(F123:F172) -> 1894.87
D122: Altura considerada: 1,00 m (altura da pastilha) + 0,07 m (altura do roda parede) = 1,07 m
D123: TÉRREO
D124: Sala 18: (6,95 m + 6,10 m + 6,10 m + 0,03 m + 0,03 m + 0,09 m + 0,09 m) x 1,07 - (0,80 m x 1,07 m) - (2,00 m x 0,07 m) - (3,20 m x 0,07 m) = 19,53 m² | F124: 19.53
D125: Sala 19: (7,18 m + 7,18 m + 6,95 m + 6,95 m + 0,24 m (quinas)) x 1,07 m – (0,80 m x 1,07 m) – (3,20 m x 0,07 m x 2 janelas) = 29,19 m² | F125: 29.19
D126: Biblioteca: (7,40 m + 7,40 m + 6,95 m + 6,95 m + 0,24 m (quinas)) x 1,07 m – (0,80 m x 1,07 m) – (3,20 m x 0,07 m x 2 janelas) = 29,66 m² | F126: 29.66
D127: Sala 20: (7,40 m + 7,40 m + 6,95 m + 6,95 m + 0,24 m (quinas)) x 1,07 m – (0,80 m x 1,07 m) – (3,20 m x 0,07 m x 2 janelas) = 29,66 m² | F127: 29.66
D128: Sala de Reunião: (3,00 m + 6,95 m + 3,65 m + 3,00 m + 0,65 m + 3,95 m) x 1,07 m – (0,80 m x 1,07 m) – (0,60 m x 1,07 m) – (3,20 m x 0,07 m) = 20,96 m² | F128: 20.96
D129: Direção: (3,95 m + 0,68 m + 3,00 m + 3,63 m + 6,95 m + 2,95 m) x 1,07 - (0,80 m x 1,07) - (0,60 m x 1,07) - (3,20 m x 0,07 m) = 20,92 m² | F129: 20.92
D130: Escada: 77,97 m² | F130: 77.97
D131: Refeitório: (7,13 m + 7,13 m) x 1,07 m + ((0,30 m x 2 lados + 0,20 m x 2 lados) x 1,07 m) x 6 pilares + (14,87 m + 16,40 m + 14,87 m) x 0,45 m - (1,00 m x 0,22 m) - (1,62 m x 0,22 m) - (2,15 x 0,45 m) - (3,52 m x 0,45 m) = 39,31 m² | F131: 39.31
D132: Sala AEE: (6,95 m + 6,95 m + 7,35 m + 7,35 m + 0,24 m (quinas)) x 1,07 m – (0,80 m x 1,07 m) – (3,20 m x 0,07 m x 2 janelas) = 29,55 m² | F132: 29.55
D133: Sala de informática: (7,38 m + 7,38 m + 6,95 m + 6,95 m + 0,24 m (quinas)) x 1,07 m – (0,80 m x 1,07 m) – (3,20 m x 0,07 m x 2 janelas) = 29,62 m² | F133: 29.62
D134: Hall de entrada: 33,97 m² | F134: 33.97
D135: Recepção: (3,63 m + 3,63 m + 6,95 m + 6,95 m) x 1,07 m – (0,80 m x 1,07 m x 2 portas) – (2,00 m x 0,07 m) (guichê) – (3,20 m x 0,07 m) = 20,56 m² | F135: 20.56
... D145: Circulação 03: (15,36 m + 15,36 m) x 1,07 m - (0,80 m x 1,07 m x 7 portas) = 26,88 m² | F145: 26.88
D146: 1º ANDAR
D147: Sala 10: (7,40 m + 7,40 m + 6,95 m + 6,95 m + 0,24 m (quinas)) x 1,07 m – (0,80 m x 1,07 m) – (3,15 m x 0,07 m x 2 janelas) = 29,67 m² | F147: 29.67
...

Sheet CRONOGRAMA
B2: CRONOGRAMA FÍSICO-FINANCEIRO
B3: OBRA: Reforma e ampliação da EMEIEF " Vale do Canaã";
B4: LOCAL: Rua João Guerini, n.º 300, bairro Vila Verde, São Roque do Canaã/ES
B5: REFERÊNCIA: DER-ES e SINAPI – junho/2025, Sem Desoneração - Leis Sociais: 157,27%
H6: PRAZO DE EXECUÇÃO | Z6: TOTAIS
B7: ITEM | C7: DESCRIÇÃO | D7: UNID | F7: 1ºMÊS | G7: 2ºMÊS | H7: 1ºMÊS | I7: 2ºMÊS | J7: 3ºMÊS | K7: 4ºMÊS | L7: 5ºMÊS | M7: 6ºMÊS | N7: 7ºMÊS | O7: 8ºMÊS | P7: 9ºMÊS | Q7: 10ºMÊS | R7: 11ºMÊS | S7: 12ºMÊS | T7: 13ºMÊS | U7: 14ºMÊS | V7: 15ºMÊS | W7: 16ºMÊS | X7: 17ºMÊS | Y7: 18ºMÊS | Z7: FÍSICO | AA7: FINANCEIRO
B9: 1 | C9: ='Planilha Orçamentária'!D9 -> INSTALAÇÃO DO CANTEIRO DE OBRAS | D9: R$ | E9: ='Planilha Orçamentária'!I16 -> 34994.923 | H9: =H10*E9 -> 34994.923 | Z9: =SUM(H10:Y10) -> 1 | AA9: =SUM(H9:Y9) -> 34994.923
D10: VB | E10: =E9/$E$47 -> 0.004095768 | H10: 1
B11: 2 | C11: ='Planilha Orçamentária'!D18 -> SERVIÇOS PRELIMINARES | D11: R$ | E11: ='Planilha Orçamentária'!I42 -> 308704.79 | H11: =H12*$E$11 -> 92611.437 | I11: =I12*$E$11 -> 154352.39 | J11: =J12*$E$11 -> 61740.958 | Z11: =SUM(H12:Y12) -> 1 | AA11: =SUM(H11:Y11) -> 308704.79
D12: VB | E12: =E11/$E$47 -> 0.036130475 | H12: 0.3 | I12: 0.5 | J12: 0.2
B13: 3 | C13: ='Planilha Orçamentária'!D44 -> MOVIMENTAÇÃO DE TERRA | D13: R$ | E13: ='Planilha Orçamentária'!I47 -> 14854.662 | J13: =J14*$E$13 -> 7427.331 | K13: =K14*$E$13 -> 7427.331 | Z13: =SUM(H14:Y14) -> 1 | AA13: =SUM(H13:Y13) -> 14854.662
D14: VB | E14: =E13/$E$47 -> 0.0017385736 | J14: 0.5 | K14: 0.5
B15: 4 | C15: ='Planilha Orçamentária'!D49 -> ESTRUTURAS | D15: R$ | E15: ='Planilha Orçamentária'!I71 -> 861168.87 | J15: =J16*$E$15 -> 258350.66 | K15: =K16*$E$15 -> 258350.66 | L15: =L16*$E$15 -> 215292.22 | M15: =M16*$E$15 -> 129175.33 | Z15: =SUM(H16:Y16) -> 1 | AA15: =SUM(H15:Y15) -> 861168.87
D16: VB | E16: =E15/$E$47 -> 0.10079027 | J16: 0.3 | K16: 0.3 | L16: 0.25 | M16: 0.15
B17: 5 | C17: ='Planilha Orçamentária'!D73 -> PAREDES E PAINÉIS | D17: R$ | E17: ='Planilha Orçamentária'!I82 -> 394647.17 | L17: =L18*$E$17 -> 98661.794 | M17: =M18*$E$17 -> 78929.435 | N17: =N18*$E$17 -> 78929.435 | O17: =O18*$E$17 -> 78929.435 | P17: =P18*$E$17 -> 59197.076 | Z17: =SUM(H18:Y18) -> 1 | AA17: =SUM(H17:Y17) -> 394647.17
D18: VB | E18: =E17/$E$47 -> 0.046189079 | L18: 0.25 | M18: 0.2 | N18: 0.2 | O18: 0.2 | P18: 0.15
B19: 6 | C19: ='Planilha Orçamentária'!D84 -> PISOS | D19: R$ | E19: ='Planilha Orçamentária'!I93 -> 755326.86 | P19: =P20*$E$19 -> 151065.37 | Q19: =Q20*$E$19 -> 226598.06 | R19: =R20*$E$19 -> 226598.06 | S19: =S20*$E$19 -> 75532.686 | T19: =T20*$E$19 -> 75532.686 | Z19: =SUM(H20:Y20) -> 1 | AA19: =SUM(H19:Y19) -> 755326.86
D20: VB | E20: =E19/$E$47 -> 0.08840264 | P20: 0.2 | Q20: 0.3 | R20: 0.3 | S20: 0.1 | T20: 0.1
B21: 7 | C21: ='Planilha Orçamentária'!D95 -> ESQUADRIAS | D21: R$ | E21: ='Planilha Orçamentária'!I112 -> 1353187.8 | P21: =P22*$E$21 -> 135318.78 | Q21: =Q22*$E$21 -> 270637.55 | R21: =R22*$E$21 -> 338296.94 | S21: =S22*$E$21 -> 202978.17 | T21: =T22*$E$21 -> 202978.17 | U21: =U22*$E$21 -> 202978.17 | Z21: =SUM(H22:Y22) -> 1 | AA21: =SUM(H21:Y21) -> 1353187.8
D22: VB | E22: =E21/$E$47 -> 0.15837564 | P22: 0.1 | Q22: 0.2 | R22: 0.25 | S22: 0.15 | T22: 0.15 | U22: 0.15
B23: 8 | C23: ='Planilha Orçamentária'!D114 -> VIDROS E ESPELHOS | D23: R$ | E23: ='Planilha Orçamentária'!I117 -> 13647.205 | U23: =U24*$E$23 -> 6823.6027 | V23: =V24*$E$23 -> 6823.6027 | Z23: =SUM(H24:Y24) -> 1 | AA23: =SUM(H23:Y23) -> 13647.205
D24: VB | E24: =E23/$E$47 -> 0.0015972542 | U24: 0.5 | V24: 0.5
B25: 9 | C25: ='Planilha Orçamentária'!D119 -> REVESTIMENTOS | D25: R$ | E25: ='Planilha Orçamentária'!I125 -> 753261.49 | O25: =O26*$E$25 -> 75326.149 | P25: =P26*$E$25 -> 112989.22 | Q25: =Q26*$E$25 -> 150652.3 | R25: =R26*$E$25 -> 188315.37 | S25: =S26*$E$25 -> 150652.3 | T25: =T26*$E$25 -> 75326.149 | Z25: =SUM(H26:Y26) -> 1 | AA25: =SUM(H25:Y25) -> 753261.49
D26: VB | E26: =E25/$E$47 -> 0.088160912 | O26: 0.1 | P26: 0.15 | Q26: 0.2 | R26: 0.25 | S26: 0.2 | T26: 0.1
B27: 10 | C27: ='Planilha Orçamentária'!D127 -> PINTURA | D27: R$ | E27: ='Planilha Orçamentária'!I142 -> 370360.67 | U27: =U28*$E$27 -> 92590.167 | V27: =V28*$E$27 -> 92590.167 | W27: =W28*$E$27 -> 92590.167 | X27: =X28*$E$27 -> 92590.167 | Z27: =SUM(H28:Y28) -> 1 | AA27: =SUM(H27:Y27) -> 370360.67
D28: VB | E28: =E27/$E$47 -> 0.043346613 | U28: 0.25 | V28: 0.25 | W28: 0.25 | X28: 0.25
B29: 11 | C29: ='Planilha Orçamentária'!D144 -> INSTALAÇÕES ELÉTRICAS | D29: R$ | E29: ='Planilha Orçamentária'!I206 -> 997995.88 | M29: =M30*$E$29 -> 99799.588 | N29: =N30*$E$29 -> 99799.588 | O29: =O30*$E$29 -> 99799.588 | P29: =P30*$E$29 -> 99799.588 | Q29: =Q30*$E$29 -> 99799.588 | R29: =R30*$E$29 -> 99799.588 | S29: =S30*$E$29 -> 99799.588 | T29: =T30*$E$29 -> 99799.588 | ... V29: =V30*$E$29 -> 99799.588 | Z29: =SUM(H30:Y30) -> 1 | AA29: =SUM(H29:Y29) -> 997995.88
D30: VB | E30: =E29/$E$47 -> 0.11680436 | M30: 0.1 | N30: 0.1 | O30: 0.1 | P30: 0.1 | Q30: 0.1 | R30: 0.1 | S30: 0.1 | T30: 0.1 | U30: 0.1 | V30: 0.1
B31: 12 | C31: ='Planilha Orçamentária'!D208 -> INSTALAÇÕES DE PROTEÇÃO CONTRA INCÊNDIO | D31: R$ | E31: ='Planilha Orçamentária'!I233 -> 148549.94 | O31: =O32*$E$31 -> 44564.982 | P31: =P32*$E$31 -> 37137.485 | Q31: =Q32*$E$31 -> 37137.485 | R31: =R32*$E$31 -> 7427.497 | S31: =S32*$E$31 -> 7427.497 | T31: =T32*$E$31 -> 14854.994 | Z31: =SUM(H32:Y32) -> 1 | AA31: =SUM(H31:Y31) -> 148549.94
D32: VB | E32: =E31/$E$47 -> 0.017386125 | O32: 0.3 | P32: 0.25 | Q32: 0.25 | R32: 0.05 | S32: 0.05 | T32: 0.1
B33: 13 | C33: ='Planilha Orçamentária'!D235 -> DEPÓSITO DE GÁS | D33: R$ | E33: ='Planilha Orçamentária'!I241 -> 37915.027 | S33: =S34*$E$33 -> 9478.7569 | T33: =T34*$E$33 -> 18957.514 | U33: =U34*$E$33 -> 9478.7569 | Z33: =SUM(H34:Y34) -> 1 | AA33: =SUM(H33:Y33) -> 37915.027
D34: VB | E34: =E33/$E$47 -> 0.0044375339 | S34: 0.25 | T34: 0.5 | U34: 0.25
B35: 14 | C35: ='Planilha Orçamentária'!D243 -> INSTALAÇÕES DO SISTEMA DE PROTEÇÃO CONTRA DESCARGAS ATMOSFÉRICAS (SPDA) | D35: R$ | E35: ='Planilha Orçamentária'!I253 -> 48028.999 | T35: =T36*$E$35 -> 24014.5 | U35: =U36*$E$35 -> 12007.25 | V35: =V36*$E$35 -> 12007.25 | Z35: =SUM(H36:Y36) -> 1 | AA35: =SUM(H35:Y35) -> 48028.999
D36: VB | E36: =E35/$E$47 -> 0.0056212622 | T36: 0.5 | U36: 0.25 | V36: 0.25
B37: 15 | C37: ='Planilha Orçamentária'!D255 -> INSTALAÇÕES HIDROSSANITÁRIAS | D37: R$ | E37: ='Planilha Orçamentária'!I267 -> 81725.116 | P37: =P38*$E$37 -> 24517.535 | Q37: =Q38*$E$37 -> 16345.023 | R37: =R38*$E$37 -> 12258.767 | S37: =S38*$E$37 -> 16345.023 | T37: =T38*$E$37 -> 8172.5116 | U37: =U38*$E$37 -> 4086.2558 | Z37: =SUM(H38:Y38) -> 1 | AA37: =SUM(H37:Y37) -> 81725.116
D38: VB | E38: =E37/$E$47 -> 0.0095650194 | P38: 0.3 | Q38: 0.2 | R38: 0.15 | S38: 0.2 | T38: 0.1 | U38: 0.05
B39: 16 | C39: ='Planilha Orçamentária'!D269 -> APARELHOS HIDROSSANITÁRIOS | D39: R$ | E39: ='Planilha Orçamentária'!I293 -> 156237.81 | U39: =U40*$E$39 -> 39059.453 | V39: =V40*$E$39 -> 39059.453 | W39: =W40*$E$39 -> 39059.453 | X39: =X40*$E$39 -> 39059.453 | Z39: =SUM(H40:Y40) -> 1 | AA39: =SUM(H39:Y39) -> 156237.81
D40: VB | E40: =E39/$E$47 -> 0.018285905 | U40: 0.25 | V40: 0.25 | W40: 0.25 | X40: 0.25
B41: 17 | C41: ='Planilha Orçamentária'!D295 -> COBERTURA | D41: R$ | E41: ='Planilha Orçamentária'!I304 -> 907135.29 | M41: =M42*$E$41 -> 136070.29 | N41: =N42*$E$41 -> 181427.06 | O41: =O42*$E$41 -> 226783.82 | P41: =P42*$E$41 -> 181427.06 | Q41: =Q42*$E$41 -> 90713.529 | R41: =R42*$E$41 -> 45356.764 | S41: =S42*$E$41 -> 45356.764 | Z41: =SUM(H42:Y42) -> 1 | AA41: =SUM(H41:Y41) -> 907135.29
D42: VB | E42: =E41/$E$47 -> 0.10617013 | M42: 0.15 | N42: 0.2 | O42: 0.25 | P42: 0.2 | Q42: 0.1 | R42: 0.05 | S42: 0.05
B43: 18 | C43: ='Planilha Orçamentária'!D306 -> TETOS E FORROS | D43: R$ | E43: ='Planilha Orçamentária'!I308 -> 7255.5424 | T43: =T44*$E$43 -> 3627.7712 | U43: =U44*$E$43 -> 3627.7712 | Z43: =SUM(H44:Y44) -> 1 | AA43: =SUM(H43:Y43) -> 7255.5424
D44: VB | E44: =E43/$E$47 -> 0.00084918085 | T44: 0.5 | U44: 0.5
B45: 19 | C45: ='Planilha Orçamentária'!D310 -> SERVIÇOS COMPLEMENTARES | D45: R$ | E45: ='Planilha Orçamentária'!I329 -> 1299168.3 | V45: =V46*$E$45 -> 324792.07 | W45: =W46*$E$45 -> 324792.07 | X45: =X46*$E$45 -> 324792.07 | Y45: =Y46*$E$45 -> 324792.07 | Z45: =SUM(H46:Y46) -> 1 | AA45: =SUM(H45:Y45) -> 1299168.3
D46: VB | E46: =E45/$E$47 -> 0.15205325 | V46: 0.25 | W46: 0.25 | X46: 0.25 | Y46: 0.25
C47: TOTAL | E47: =E9+E11+E13+E15+E17+E19+E21+E23+E25+E27+E29+E31+E33+E35+E37+E39+E41+E43+E45 -> 8544166.3 | AA47: =SUM(AA9:AA46) -> 8544166.3
C49: SOMAS MENSAIS | H49: =H9+H11+H13+H15+H17+H19+H21+H23+H25+H27+H29+H31+H33+H35+H37+H39+H41+H43+H45 -> 127606.36 | I49: =I9+I11+I13+I15+I17+I19+I21+I23+I25+I27+I29+I31+I33+I35+I37+I39+I41+I43+I45 -> 154352.39 | J49: =J9+J11+J13+J15+J17+J19+J21+J23+J25+J27+J29+J31+J33+J35+J37+J39+J41+J43+J45 -> 327518.95 | K49: =K9+K11+K13+K15+K17+K19+K21+K23+K25+K27+K29+K31+K33+K35+K37+K39+K41+K43+K45 -> 265777.99 | L49: =L9+L11+L13+L15+L17+L19+L21+L23+L25+L27+L29+L31+L33+L35+L37+L39+L41+L43+L45 -> 313954.01 | M49: =M9+M11+M13+M15+M17+M19+M21+M23+M25+M27+M29+M31+M33+M35+M37+M39+M41+M43+M45 -> 443974.65 | N49: =N9+N11+N13+N15+N17+N19+N21+N23+N25+N27+N29+N31+N33+N35+N37+N39+N41+N43+N45 -> 360156.08 | O49: =O9+O11+O13+O15+O17+O19+O21+O23+O25+O27+O29+O31+O33+O35+O37+O39+O41+O43+O45 -> 525403.98 | ... Y49: =Y9+Y11+Y13+Y15+Y17+Y19+Y21+Y23+Y25+Y27+Y29+Y31+Y33+Y35+Y37+Y39+Y41+Y43+Y45 -> 324792.07
C50: PERCENTUAL MENSAL | H50: =H49/$E$47 -> 0.014934911 | I50: =I49/$E$47 -> 0.018065238 | J50: =J49/$E$47 -> 0.038332464 | K50: =K49/$E$47 -> 0.031106369 | L50: =L49/$E$47 -> 0.036744838 | M50: =M49/$E$47 -> 0.051962313 | N50: =N49/$E$47 -> 0.042152279 | O50: =O49/$E$47 -> 0.061492714 | ... Y50: =Y49/$E$47 -> 0.038013314
C51: SOMA ACUMULADA | H51: =SUM($F$49:H49) -> 127606.36 | I51: =SUM($F$49:I49) -> 281958.75 | J51: =SUM($F$49:J49) -> 609477.7 | K51: =SUM($F$49:K49) -> 875255.69 | L51: =SUM($F$49:L49) -> 1189209.7 | M51: =SUM($F$49:M49) -> 1633184.3 | N51: =SUM($F$49:N49) -> 1993340.4 | O51: =SUM($F$49:O49) -> 2518744.4 | ... Y51: =SUM($F$49:Y49) -> 8544166.3
C52: PERC. ACUMULADO | H52: =H51/$E$47 -> 0.014934911 | I52: =I51/$E$47 -> 0.033000148 | J52: =J51/$E$47 -> 0.071332612 | K52: =K51/$E$47 -> 0.10243898 | L52: =L51/$E$47 -> 0.13918382 | M52: =M51/$E$47 -> 0.19114613 | N52: =N51/$E$47 -> 0.23329841 | O52: =O51/$E$47 -> 0.29479113 | ... Y52: =Y51/$E$47 -> 1
M54: São Roque do Canaã, outubro/2025
C57: _____________________________________
C58: PEDRO JAYME LANI JUNIOR
C59: Assessor de Assuntos de Gestão
C60: Engenheiro Civil
C61: CREA ES 20109/D

Sheet BDI
B2: PREFEITURA MUNICIPAL DE SÃO ROQUE DO CANAÃ ESTADO DO ESPÍRITO SANTO SECRETARIA MUNICIPAL DE OBRAS E SERVIÇOS URBANOS – SETOR DE ENGENHARIA TAXA DE BDI PADRÃO APLICÁVEL
B4: OBRA: | C4: Reforma e ampliação da EMEIEF " Vale do Canaã"
B5: LOCAL: | C5: Rua João Guerini, n.º 300, bairro Vila Verde, São Roque do Canaã/ES | E5: DATA: OUT/2025
B7: 1. Regime de Contribuição Previdenciária
C8: Sem Desoneração
B10: 2. Tipo de Intervenção
C11: Edificações
B13: 3. Incidências sobre o custo
C15: Administração Central - AC* | D15: 3.26 | E15: %
C16: Administração Local - AL* | D16: 7.63 | E16: %
C17: Riscos, Garantias e Seguros - R* | D17: 1.5 | E17: %
C18: Despesas e Encargos Financeiros - DF* | D18: 0.61 | E18: %
C20: Lucro - L* | D20: 7 | E20: %
B22: 4 – Incidências sobre o preço de venda
C24: Despesas Tributárias - DT | D24: =D25+D26+D27 -> 8.65 | E24: %
C25: ISS* | D25: 5 | E25: %
C26: COFINS* | D26: 3 | E26: %
C27: PIS* | D27: 0.65 | E27: %
B29: 5 – BDI | C29: ((1+AC+AL+R+DF+L)/(1-DT))-1 | D29: =((1+D15/100+D16/100+D17/100+D18/100+D20/100)/(1-(D25/100+D26/100+D27/100)))-1 -> 0.3136289
B32: 6 – BDI MATERIAL
C33: Valor obtido da Resolução TC Nº 366, de novembro de 2022 | D33: 0.1557
B34: Observações: Os valores de administração central; administração local; riscos, garantias e seguros; CONFINS; PIS; despesas e encargos financeiros; e lucro foram retirados da Resolução TC Nº 366, de novembro de 202, bem como os dados para cálculo do BDI.
B35: ISS: De acordo art 91 § 8º da Lei Complementar 01/2021 da PMSRC do Código Tributário do município de São Roque do Canaã, local onde a obra será executada, a alíquota do ISS é de 5% em relação à mão de obra do serviço, a base de cálculo do ISS incidente sobre os serviços de construção civil corresponde ao valor total do preço contratado, vedada a dedução dos custos relativos a materiais utilizados na execução da obra.

Sheet CURVA ABC 
A1: PREFEITURA MUNICIPAL DE SÃO ROQUE DO CANAÃ
A3: PLANILHA ORÇAMENTÁRIA | H3: DATA: Outubro/2025
A4: OBRA: Reforma e ampliação da EMEIEF " Vale do Canaã"
A5: LOCAL:Rua João Guerini, n.º300, bairro Vila Verde, São Roque do Canaã/ES | H5: BDI Insumos | I5: 0.1557 | K5: =#REF!/I72 -> #REF!
A6: Referências: DER-Edificações e SINAPI – JUNHO/2025, Sem Desoneração - Leis Sociais: de acordo com cada referencial | H6: BDI Serviços | I6: 0.3136
A7: ITEM | B7: COD. | C7: REF. | D7: DESCRIÇÃO | E7: UNID. | F7: QUANT. | G7: UNIT. S/ BDI | H7: UNIT. C/ BDI | I7: VALOR CONTRATO INICIAL | N7: PESO (%) | O7: PESO ACUMULADO (%) | P7: CLASSIFICAÇÃO
A8: 1.1 | B8: 20305 | C8: DER-ES | D8: =VLOOKUP(B8,'SERVIÇOS JUNHO-2025'!$A$1:$E$8877,3,0) -> Placa de obra nas dimensões de 2.0 x 4.0 m, padrão DER | E8: =VLOOKUP(B8,'SERVIÇOS JUNHO-2025'!$A$1:$E$8877,4,0) -> m2 | F8: =VLOOKUP(B8,'MEMO CALCULO '!$B:$G,6,0) -> 8 | G8: =VLOOKUP(B8,'SERVIÇOS JUNHO-2025'!$A$1:$E$8877,5,0) -> 294.79 | H8: =G8*(1+$I$6) -> 387.23614 | I8: =IFERROR((F8*H8),0) -> 3097.8892 | N8: =I8/$I$249 -> 0.0003625736 | O8: =N8 -> 0.0003625736 | P8: A
A9: 1.2 | B9: 20801 | C9: DER-ES | D9: =VLOOKUP(B9,'SERVIÇOS JUNHO-2025'!$A$1:$E$8877,3,0) -> Barracão para escritório com sanitário área 14.50m2, de chapa de compens. 12mm e pontalete 8x8cm, piso cimentado e cobertura de telha de fibroc. 6mm, incl. ponto de luz e cx. de inspeção, conf. projeto (2 utilizações) | E9: =VLOOKUP(B9,'SERVIÇOS JUNHO-2025'!$A$1:$E$8877,4,0) -> m2 | F9: =VLOOKUP(B9,'MEMO CALCULO '!$B:$G,6,0) -> 14.5 | G9: =VLOOKUP(B9,'SERVIÇOS JUNHO-2025'!$A$1:$E$8877,5,0) -> 665.27 | H9: =G9*(1+$I$6) -> 873.89867 | I9: =IFERROR((F9*H9),0) -> 12671.531 | N9: =I9/$I$249 -> 0.0014830623 | O9: =O8+N9 -> 0.0018456359 | P9: A
A10: 1.3 | B10: 20803 | C10: DER-ES | D10: =VLOOKUP(B10,'SERVIÇOS JUNHO-2025'!$A$1:$E$8877,3,0) -> Barracão para depósito de cimento área de 10.90m2, de chapa de compensado 12mm e pontaletes 8x8cm, piso cimentado e cobertura de telhas de fibrocimento de 6mm, inclusive ponto de luz, conf. projeto (2 utilizações) | E10: =VLOOKUP(B10,'SERVIÇOS JUNHO-2025'!$A$1:$E$8877,4,0) -> m2 | F10: =VLOOKUP(B10,'MEMO CALCULO '!$B:$G,6,0) -> 10.9 | G10: =VLOOKUP(B10,'SERVIÇOS JUNHO-2025'!$A$1:$E$8877,5,0) -> 414.14 | H10: =G10*(1+$I$6) -> 544.0143 | I10: =IFERROR((F10*H10),0) -> 5929.7559 | N10: =I10/$I$249 -> 0.00069401223 | O10: =O9+N10 -> 0.0025396481 | P10: A
A11: 1.4 | B11: 20804 | C11: DER-ES | D11: =VLOOKUP(B11,'SERVIÇOS JUNHO-2025'!$A$1:$E$8877,3,0) -> Refeitório com paredes de chapa de compens. 12mm e pontaletes 8x8cm, piso ciment. e cobert. de telhas fibroc. 6mm, incl. ponto de luz e cx. de inspeção (cons. 1.21m2/func./turno), conf. projeto (2 utilização) | E11: =VLOOKUP(B11,'SERVIÇOS JUNHO-2025'!$A$1:$E$8877,4,0) -> m2 | F11: =VLOOKUP(B11,'MEMO CALCULO '!$B:$G,6,0) -> 14.5 | G11: =VLOOKUP(B11,'SERVIÇOS JUNHO-2025'!$A$1:$E$8877,5,0) -> 403.14 | H11: =G11*(1+$I$6) -> 529.5647 | I11: =IFERROR((F11*H11),0) -> 7678.6882 | N11: =I11/$I$249 -> 0.00089870538 | O11: =O10+N11 -> 0.0034383535 | P11: A
A12: 1.5 | B12: 20809 | C12: DER-ES | D12: =VLOOKUP(B12,'SERVIÇOS JUNHO-2025'!$A$1:$E$8877,3,0) -> Galpão para corte e armação com área de 6.00m2, de peças de madeira 8x8cm e contraventamento de 5x7cm, cobertura de telhas de fibroc. de 6mm, inclusive ponto e cabo de alimentação da máquina, conf. projeto (2 utilizações) | E12: =VLOOKUP(B12,'SERVIÇOS JUNHO-2025'!$A$1:$E$8877,4,0) -> m2 | F12: =VLOOKUP(B12,'MEMO CALCULO '!$B:$G,6,0) -> 8 | G12: =VLOOKUP(B12,'SERVIÇOS JUNHO-2025'!$A$1:$E$8877,5,0) -> 213.27 | H12: =G12*(1+$I$6) -> 280.15147 | I12: =IFERROR((F12*H12),0) -> 2241.2118 | N12: =I12/$I$249 -> 0.00026230901 | O12: =O11+N12 -> 0.0037006625 | P12: A
A13: 1.6 | B13: 20708 | C13: DER-ES | D13: =VLOOKUP(B13,'SERVIÇOS JUNHO-2025'!$A$1:$E$8877,3,0) -> Galpão para serraria e carpintaria área 12.00m2, em peça de madeira 8x8cm e contraventamento de 5x7cm, cobertura de telha de fibroc. de 6mm, inclusive ponto e cabo de alimentação da máquina, conf. projeto (1 utilização) | E13: =VLOOKUP(B13,'SERVIÇOS JUNHO-2025'!$A$1:$E$8877,4,0) -> m2 | F13: =VLOOKUP(B13,'MEMO CALCULO '!$B:$G,6,0) -> 12 | G13: =VLOOKUP(B13,'SERVIÇOS JUNHO-2025'!$A$1:$E$8877,5,0) -> 214.16 | H13: =G13*(1+$I$6) -> 281.32058 | I13: =IFERROR((F13*H13),0) -> 3375.8469 | N13: =I13/$I$249 -> 0.00039510548 | O13: =O12+N13 -> 0.004095768 | P13: A
A14: 2.1 | B14: 10202 | C14: DER-ES | D14: =VLOOKUP(B14,'SERVIÇOS JUNHO-2025'!$A$1:$E$8877,3,0) -> Demolição manual de revestimento cerâmico/porcelanato (pisos), exclusive lastro, sem reaproveitamento | E14: =VLOOKUP(B14,'SERVIÇOS JUNHO-2025'!$A$1:$E$8877,4,0) -> m2 | F14: =VLOOKUP(B14,'MEMO CALCULO '!$B:$G,6,0) -> 2336.51 | G14: =VLOOKUP(B14,'SERVIÇOS JUNHO-2025'!$A$1:$E$8877,5,0) -> 21.13 | H14: =G14*(1+$I$6) -> 27.756368 | I14: =IFERROR((F14*H14),0) -> 64853.031 | N14: =I14/$I$249 -> 0.0075903288 | O14: =O13+N14 -> 0.011686097 | P14: A
A15: 2.2 | B15: 10206 | C15: DER-ES | D15: =VLOOKUP(B15,'SERVIÇOS JUNHO-2025'!$A$1:$E$8877,3,0) -> Demolição manual de revestimento cerâmico/porcelanato (parede), exclusive emboço/reboco, sem reaproveitamento | E15: =VLOOKUP(B15,'SERVIÇOS JUNHO-2025'!$A$1:$E$8877,4,0) -> m2 | F15: =VLOOKUP(B15,'MEMO CALCULO '!$B:$G,6,0) -> 464.78 | G15: =VLOOKUP(B15,'SERVIÇOS JUNHO-2025'!$A$1:$E$8877,5,0) -> 23.54 | H15: =G15*(1+$I$6) -> 30.922144 | I15: =IFERROR((F15*H15),0) -> 14371.994 | N15: =I15/$I$249 -> 0.0016820827 | O15: =O14+N15 -> 0.013368179 | P15: A
A16: 2.3 | B16: 10209 | C16: DER-ES | D16: =VLOOKUP(B16,'SERVIÇOS JUNHO-2025'!$A$1:$E$8877,3,0) -> Demolição manual de alvenaria de bloco furado (cerâmico), sem reaproveitamento | E16: =VLOOKUP(B16,'SERVIÇOS JUNHO-2025'!$A$1:$E$8877,4,0) -> m3 | F16: =VLOOKUP(B16,'MEMO CALCULO '!$B:$G,6,0) -> 19.06 | G16: =VLOOKUP(B16,'SERVIÇOS JUNHO-2025'!$A$1:$E$8877,5,0) -> 59.61 | H16: =G16*(1+$I$6) -> 78.303696 | I16: =IFERROR((F16*H16),0) -> 1492.4684 | N16: =I16/$I$249 -> 0.0001746769 | O16: =O15+N16 -> 0.013542856 | P16: A
A17: 2.4 | B17: 10210 | C17: DER-ES | D17: =VLOOKUP(B17,'SERVIÇOS JUNHO-2025'!$A$1:$E$8877,3,0) -> Demolição manual de concreto simples, sem reaproveitamento | E17: =VLOOKUP(B17,'SERVIÇOS JUNHO-2025'!$A$1:$E$8877,4,0) -> m3 | F17: =VLOOKUP(B17,'MEMO CALCULO '!$B:$G,6,0) -> 0.35 | G17: =VLOOKUP(B17,'SERVIÇOS JUNHO-2025'!$A$1:$E$8877,5,0) -> 225.81 | H17: =G17*(1+$I$6) -> 296.62402 | I17: =IFERROR((F17*H17),0) -> 103.81841 | N17: =I17/$I$249 -> 1.2150794e-05 | O17: =O16+N17 -> 0.013555007 | P17: A
A18: 2.5 | B18: 10255 | C18: DER-ES | D18: =VLOOKUP(B18,'SERVIÇOS JUNHO-2025'!$A$1:$E$8877,3,0) -> Remoção manual de telhas cerâmicas, tipo colonial, inclusive cumeeira, sem reaproveitamento | E18: =VLOOKUP(B18,'SERVIÇOS JUNHO-2025'!$A$1:$E$8877,4,0) -> m2 | F18: =VLOOKUP(B18,'MEMO CALCULO '!$B:$G,6,0) -> 1444.76 | G18: =VLOOKUP(B18,'SERVIÇOS JUNHO-2025'!$A$1:$E$8877,5,0) -> 15.67 | H18: =G18*(1+$I$6) -> 20.584112 | I18: =IFERROR((F18*H18),0) -> 29739.102 | N18: =I18/$I$249 -> 0.0034806323 | O18: =O17+N18 -> 0.017035639 | P18: A
A19: 2.6 | B19: 10326 | C19: DER-ES | D19: =VLOOKUP(B19,'SERVIÇOS JUNHO-2025'!$A$1:$E$8877,3,0) -> Remoção manual de trama de madeira para cobertura, com reaproveitamento | E19: =VLOOKUP(B19,'SERVIÇOS JUNHO-2025'!$A$1:$E$8877,4,0) -> m2 | F19: =VLOOKUP(B19,'MEMO CALCULO '!$B:$G,6,0) -> 1444.76 | G19: =VLOOKUP(B19,'SERVIÇOS JUNHO-2025'!$A$1:$E$8877,5,0) -> 31.9 | H19: =G19*(1+$I$6) -> 41.90384 | I19: =IFERROR((F19*H19),0) -> 60540.992 | N19: =I19/$I$249 -> 0.0070856523 | O19: =O18+N19 -> 0.024121292 | P19: A
A20: 2.7 | B20: 10238 | C20: DER-ES | D20: =VLOOKUP(B20,'SERVIÇOS JUNHO-2025'!$A$1:$E$8877,3,0) -> Apicoamento manual de superfície revestida com argamassa | E20: =VLOOKUP(B20,'SERVIÇOS JUNHO-2025'!$A$1:$E$8877,4,0) -> m2 | F20: =VLOOKUP(B20,'MEMO CALCULO '!$B:$G,6,0) -> 1894.87 | G20: =VLOOKUP(B20,'SERVIÇOS JUNHO-2025'!$A$1:$E$8877,5,0) -> 11.14 | H20: =G20*(1+$I$6) -> 14.633504 | I20: =IFERROR((F20*H20),0) -> 27728.588 | N20: =I20/$I$249 -> 0.003245324 | O20: =O19+N20 -> 0.027366616 | P20: A
... A33: 2.20 | B33: 10246 | C33: DER-ES | D33: =VLOOKUP(B33,'SERVIÇOS JUNHO-2025'!$A$1:$E$8877,3,0) -> Lixamento manual de parede com pintura PVA para nivelamento e preparo da superfície para recebimento de nova camada de tinta | E33: =VLOOKUP(B33,'SERVIÇOS JUNHO-2025'!$A$1:$E$8877,4,0) -> m2 | F33: =VLOOKUP(B33,'MEMO CALCULO '!$B:$G,6,0) -> 2422.82 | G33: =VLOOKUP(B33,'SERVIÇOS JUNHO-2025'!$A$1:$E$8877,5,0) -> 4.99 | H33: =G33*(1+$I$6) -> 6.554864 | I33: =IFERROR((F33*H33),0) -> 15881.256 | N33: =I33/$I$249 -> 0.001858725 | O33: =O32+N33 -> 0.03922531 | P33: A
A34: 2.21 | B34: COMP-01 | D34: Demolição de rodapé cerâmico, de forma manual, sem reaproveitamento | E34: m | F34: =VLOOKUP(B34,'MEMO CALCULO '!$B:$G,6,0) -> 1314.63 | G34: ='COMP.01_RODAPÉ'!J17 -> 2.4350297 | H34: =G34*(1+$I$6) -> 3.198655 | I34: =IFERROR((F34*H34),0) -> 4205.0478 | N34: =I34/$I$249 -> 0.00049215425 | O34: =O33+N34 -> 0.039717464 | P34: A
A35: 2.22 | B35: COMP-02 | D35: Remoção de forro de PVC, de forma manual, sem reaproveitamento. | E35: m2 | F35: =VLOOKUP(B35,'MEMO CALCULO '!$B:$G,6,0) -> 49.46 | G35: ='COMP.02_FORRO'!J17 -> 13.625089 | H35: =G35*(1+$I$6) -> 17.897916 | I35: =IFERROR((F35*H35),0) -> 885.23095 | N35: =I35/$I$249 -> 0.00010360647 | O35: =O34+N35 -> 0.039821071 | P35: A
A36: 2.23 | B36: COMP-03 | D36: Remoção de cercas e mourões, de forma manual, sem reaproveitamento | E36: m | F36: =VLOOKUP(B36,'MEMO CALCULO '!$B:$G,6,0) -> 300.71 | G36: ='COMP.03_REMOÇÃO CERCA'!J17 -> 8.7639257 | H36: =G36*(1+$I$6) -> 11.512293 | I36: =IFERROR((F36*H36),0) -> 3461.8616 | N36: =I36/$I$249 -> 0.00040517254 | O36: =O35+N36 -> 0.040226243 | P36: A
A37: 3.1 | B37: 30101 | C37: DER-ES | D37: =VLOOKUP(B37,'SERVIÇOS JUNHO-2025'!$A$1:$E$8877,3,0) -> Escavação manual em material de 1a. categoria, até 1.50 m de profundidade | E37: =VLOOKUP(B37,'SERVIÇOS JUNHO-2025'!$A$1:$E$8877,4,0) -> m3 | F37: =VLOOKUP(B37,'MEMO CALCULO '!$B:$G,6,0) -> 127.95 | G37: =VLOOKUP(B37,'SERVIÇOS JUNHO-2025'!$A$1:$E$8877,5,0) -> 63.96 | H37: =G37*(1+$I$6) -> 84.017856 | I37: =IFERROR((F37*H37),0) -> 10750.085 | N37: =I37/$I$249 -> 0.0012581783 | O37: =O36+N37 -> 0.041484422 | P37: A
A38: 3.2 | B38: 30210 | C38: DER-ES | D38: =VLOOKUP(B38,'SERVIÇOS JUNHO-2025'!$A$1:$E$8877,3,0) -> Aterro compactado utilizando compactador de placa vibratória com reaproveitamento do material | E38: =VLOOKUP(B38,'SERVIÇOS JUNHO-2025'!$A$1:$E$8877,4,0) -> m3 | F38: =VLOOKUP(B38,'MEMO CALCULO '!$B:$G,6,0) -> 85.89 | G38: =VLOOKUP(B38,'SERVIÇOS JUNHO-2025'!$A$1:$E$8877,5,0) -> 36.38 | H38: =G38*(1+$I$6) -> 47.788768 | I38: =IFERROR((F38*H38),0) -> 4104.5773 | N38: =I38/$I$249 -> 0.00048039529 | O38: =O37+N38 -> 0.041964817 | P38: A
A39: 4.1.1 | B39: 40250 | C39: DER-ES | D39: =VLOOKUP(B39,'SERVIÇOS JUNHO-2025'!$A$1:$E$8877,3,0) -> Fôrma de tábua de madeira de 2.5x30.0cm, levando-se em conta utilização 3 vezes (incluindo o material, corte, montagem, escoramento e desforma) | E39: =VLOOKUP(B39,'SERVIÇOS JUNHO-2025'!$A$1:$E$8877,4,0) -> m2 | F39: =VLOOKUP(B39,'MEMO CALCULO '!$B:$G,6,0) -> 566.58 | G39: =VLOOKUP(B39,'SERVIÇOS JUNHO-2025'!$A$1:$E$8877,5,0) -> 100.61 | H39: =G39*(1+$I$6) -> 132.1613 | I39: =IFERROR((F39*H39),0) -> 74879.947 | N39: =I39/$I$249 -> 0.0087638682 | O39: =O38+N39 -> 0.050728685 | P39: A
A40: 4.1.2 | B40: 40246 | C40: DER-ES | D40: =VLOOKUP(B40,'SERVIÇOS JUNHO-2025'!$A$1:$E$8877,3,0) -> Fornecimento, dobragem e colocação em fôrma, de armadura CA-60 B fina, diâmetro de 4.0 a 7.0mm | E40: =VLOOKUP(B40,'SERVIÇOS JUNHO-2025'!$A$1:$E$8877,4,0) -> kg | F40: =VLOOKUP(B40,'MEMO CALCULO '!$B:$G,6,0) -> 603.12 | G40: =VLOOKUP(B40,'SERVIÇOS JUNHO-2025'!$A$1:$E$8877,5,0) -> 11.8 | H40: =G40*(1+$I$6) -> 15.50048 | I40: =IFERROR((F40*H40),0) -> 9348.6495 | N40: =I40/$I$249 -> 0.0010941558 | O40: =O39+N40 -> 0.051822841 | P40: A
A41: 4.1.3 | B41: 40243 | C41: DER-ES | D41: =VLOOKUP(B41,'SERVIÇOS JUNHO-2025'!$A$1:$E$8877,3,0) -> Fornecimento, dobragem e colocação em fôrma, de armadura CA-50 A média, diâmetro de 6.3 a 10.0 mm | E41: =VLOOKUP(B41,'SERVIÇOS JUNHO-2025'!$A$1:$E$8877,4,0) -> kg | F41: =VLOOKUP(B41,'MEMO CALCULO '!$B:$G,6,0) -> 2766.39 | G41: =VLOOKUP(B41,'SERVIÇOS JUNHO-2025'!$A$1:$E$8877,5,0) -> 11.11 | H41: =G41*(1+$I$6) -> 14.594096 | I41: =IFERROR((F41*H41),0) -> 40372.961 | N41: =I41/$I$249 -> 0.0047252078 | O41: =O40+N41 -> 0.056548049 | P41: A
A42: 4.1.4 | B42: 40245 | C42: DER-ES | D42: =VLOOKUP(B42,'SERVIÇOS JUNHO-2025'!$A$1:$E$8877,3,0) -> Fornecimento, dobragem e colocação em fôrma, de armadura CA-50 A grossa diâmetro de 12.5 a 25.0 mm (1/2 a 1") | E42: =VLOOKUP(B42,'SERVIÇOS JUNHO-2025'!$A$1:$E$8877,4,0) -> kg | F42: =VLOOKUP(B42,'MEMO CALCULO '!$B:$G,6,0) -> 199.46 | G42: =VLOOKUP(B42,'SERVIÇOS JUNHO-2025'!$A$1:$E$8877,5,0) -> 11.79 | H42: =G42*(1+$I$6) -> 15.487344 | I42: =IFERROR((F42*H42),0) -> 3089.1056 | N42: =I42/$I$249 -> 0.00036154559 | O42: =O41+N42 -> 0.056909594 | P42: A
A43: 4.1.5 | B43: 40235 | C43: DER-ES | D43: =VLOOKUP(B43,'SERVIÇOS JUNHO-2025'!$A$1:$E$8877,3,0) -> Fornecimento, preparo e aplicação de concreto Fck=20 MPa (brita 1 e 2) - (5% de perdas já incluído no custo) | E43: =VLOOKUP(B43,'SERVIÇOS JUNHO-2025'!$A$1:$E$8877,4,0) -> m3 | F43: =VLOOKUP(B43,'MEMO CALCULO '!$B:$G,6,0) -> 31.44 | G43: =VLOOKUP(B43,'SERVIÇOS JUNHO-2025'!$A$1:$E$8877,5,0) -> 750.02 | H43: =G43*(1+$I$6) -> 985.22627 | I43: =IFERROR((F43*H43),0) -> 30975.514 | N43: =I43/$I$249 -> 0.0036253407 | O43: =O42+N43 -> 0.060534935 | P43: A
A44: 4.1.6 | B44: 40237 | C44: DER-ES | D44: =VLOOKUP(B44,'SERVIÇOS JUNHO-2025'!$A$1:$E$8877,3,0) -> Fornecimento, preparo e aplicação de concreto Fck=25 MPa (brita 1 e 2) - (5% de perdas já incluído no custo) | E44: =VLOOKUP(B44,'SERVIÇOS JUNHO-2025'!$A$1:$E$8877,4,0) -> m3 | F44: =VLOOKUP(B44,'MEMO CALCULO '!$B:$G,6,0) -> 14.21 | G44: =VLOOKUP(B44,'SERVIÇOS JUNHO-2025'!$A$1:$E$8877,5,0) -> 774.12 | H44: =G44*(1+$I$6) -> 1016.884 | I44: =IFERROR((F44*H44),0) -> 14449.922 | N44: =I44/$I$249 -> 0.0016912033 | O44: =O43+N44 -> 0.062226138 | P44: A
A45: 4.1.7 | B45: 40224 | C45: DER-ES | D45: =VLOOKUP(B45,'SERVIÇOS JUNHO-2025'!$A$1:$E$8877,3,0) -> Fornecimento, preparo e aplicação de concreto Fck = 30 MPa (com brita 1 e 2) - (5% de perdas já incluído no custo) | E45: =VLOOKUP(B45,'SERVIÇOS JUNHO-2025'!$A$1:$E$8877,4,0) -> m3 | F45: =VLOOKUP(B45,'MEMO CALCULO '!$B:$G,6,0) -> 3.39 | G45: =VLOOKUP(B45,'SERVIÇOS JUNHO-2025'!$A$1:$E$8877,5,0) -> 796.27 | H45: =G45*(1+$I$6) -> 1045.9803 | I45: =IFERROR((F45*H45),0) -> 3545.8731 | N45: =I45/$I$249 -> 0.00041500516 | O45: =O44+N45 -> 0.062641143 | P45: A
A46: 4.2.1 | B46: 40337 | C46: DER-ES | D46: =VLOOKUP(B46,'SERVIÇOS JUNHO-2025'!$A$1:$E$8877,3,0) -> Fôrma em chapa de madeira compensada plastificada 12mm para estrutura em geral, 5 reaproveitamentos, reforçada com sarrafos de madeira 2.5x10cm (incl material, corte, montagem, escoras em eucalipto e desforma) | E46: =VLOOKUP(B46,'SERVIÇOS JUNHO-2025'!$A$1:$E$8877,4,0) -> m2 | F46: =VLOOKUP(B46,'MEMO CALCULO '!$B:$G,6,0) -> 350.22 | G46: =VLOOKUP(B46,'SERVIÇOS JUNHO-2025'!$A$1:$E$8877,5,0) -> 105.39 | H46: =G46*(1+$I$6) -> 138.4403 | I46: =IFERROR((F46*H46),0) -> 48484.563 | N46: =I46/$I$249 -> 0.0056745809 | O46: =O45+N46 -> 0.068315724 | P46: A
A47: 4.2.2 | B47: 40333 | C47: DER-ES | D47: =VLOOKUP(B47,'SERVIÇOS JUNHO-2025'!$A$1:$E$8877,3,0) -> Fornecimento, dobragem e colocação em fôrma, de armadura CA-60 B fina, diâmetro de 4.0 a 7.0mm | E47: =VLOOKUP(B47,'SERVIÇOS JUNHO-2025'!$A$1:$E$8877,4,0) -> kg | F47: =VLOOKUP(B47,'MEMO CALCULO '!$B:$G,6,0) -> 512.74 | G47: =VLOOKUP(B47,'SERVIÇOS JUNHO-2025'!$A$1:$E$8877,5,0) -> 11.8 | H47: =G47*(1+$I$6) -> 15.50048 | I47: =IFERROR((F47*H47),0) -> 7947.7161 | N47: =I47/$I$249 -> 0.00093019211 | O47: =O46+N47 -> 0.069245916 | P47: A
A48: 4.2.3 | B48: 40328 | C48: DER-ES | D48: =VLOOKUP(B48,'SERVIÇOS JUNHO-2025'!$A$1:$E$8877,3,0) -> Fornecimento, dobragem e colocação em fôrma, de armadura CA-50 A média, diâmetro de 6.3 a 10.0 mm | E48: =VLOOKUP(B48,'SERVIÇOS JUNHO-2025'!$A$1:$E$8877,4,0) -> kg | F48: =VLOOKUP(B48,'MEMO CALCULO '!$B:$G,6,0) -> 1196.59 | G48: =VLOOKUP(B48,'SERVIÇOS JUNHO-2025'!$A$1:$E$8877,5,0) -> 11.11 | H48: =G48*(1+$I$6) -> 14.594096 | I48: =IFERROR((F48*H48),0) -> 17463.149 | N48: =I48/$I$249 -> 0.0020438681 | O48: =O47+N48 -> 0.071289785 | P48: A
... A63: 5.7 | B63: 50301 | C63: DER-ES | D63: =VLOOKUP(B63,'SERVIÇOS JUNHO-2025'!$A$1:$E$8877,3,0) -> Verga/contraverga reta de concreto armado moldada in loco 10 x 5 cm, Fck = 15 MPa, inclusive forma, armação e desforma, comprimento inferior a 2.0 metros | E63: =VLOOKUP(B63,'SERVIÇOS JUNHO-2025'!$A$1:$E$8877,4,0) -> m | F63: =VLOOKUP(B63,'MEMO CALCULO '!$B:$G,6,0) -> 2 | G63: =VLOOKUP(B63,'SERVIÇOS JUNHO-2025'!$A$1:$E$8877,5,0) -> 42.16 | H63: =G63*(1+$I$6) -> 55.381376 | I63: =IFERROR((F63*H63),0) -> 110.76275 | N63: =I63/$I$249 -> 1.2963553e-05 | O63: =O62+N63 -> 0.18845833 | P63: A
A64: 5.8 | B64: COMP-04 | D64: Divisória fixa em vidro temperado 10 mm, com abertura. | E64: m2 | F64: =VLOOKUP(B64,'MEMO CALCULO '!$B:$G,6,0) -> 5.71 | G64: ='COMP.04_GUCHE'!J28 -> 553.43064 | H64: =G64*(1+$I$6) -> 726.98648 | I64: =IFERROR((F64*H64),0) -> 4151.0928 | N64: =I64/$I$249 -> 0.00048583942 | O64: =O63+N64 -> 0.18894417 | P64: A
A65: 6.1 | B65: 130104 | C65: DER-ES | D65: =VLOOKUP(B65,'SERVIÇOS JUNHO-2025'!$A$1:$E$8877,3,0) -> Regularização de base p/ revestimento cerâmico, com argamassa de cimento e areia no traço 1:5, espessura 5cm | E65: =VLOOKUP(B65,'SERVIÇOS JUNHO-2025'!$A$1:$E$8877,4,0) -> m2 | F65: =VLOOKUP(B65,'MEMO CALCULO '!$B:$G,6,0) -> 34.01 | G65: =VLOOKUP(B65,'SERVIÇOS JUNHO-2025'!$A$1:$E$8877,5,0) -> 43.12 | H65: =G65*(1+$I$6) -> 56.642432 | I65: =IFERROR((F65*H65),0) -> 1926.4091 | N65: =I65/$I$249 -> 0.00022546484 | O65: =O64+N65 -> 0.18916964 | P65: A
A66: 6.2 | B66: 130109 | C66: DER-ES | D66: =VLOOKUP(B66,'SERVIÇOS JUNHO-2025'!$A$1:$E$8877,3,0) -> Lastro regularizado e impermeabilizado de concreto não estrutural, espessura de 8 cm | E66: =VLOOKUP(B66,'SERVIÇOS JUNHO-2025'!$A$1:$E$8877,4,0) -> m2 | F66: =VLOOKUP(B66,'MEMO CALCULO '!$B:$G,6,0) -> 26.87 | G66: =VLOOKUP(B66,'SERVIÇOS JUNHO-2025'!$A$1:$E$8877,5,0) -> 87.09 | H66: =G66*(1+$I$6) -> 114.40142 | I66: =IFERROR((F66*H66),0) -> 3073.9663 | N66: =I66/$I$249 -> 0.00035977369 | O66: =O65+N66 -> 0.18952941 | P66: A
A67: 6.3 | B67: 130234 | C67: DER-ES | D67: =VLOOKUP(B67,'SERVIÇOS JUNHO-2025'!$A$1:$E$8877,3,0) -> Porcelanato natural retificado, acabamento acetinado, dim. 60x60cm, ref. PLATINA NA Eliane/equiv, utilizando dupla colagem de argamassa colante para porcelanato tipo ACIII e rejunte e rejunte 3mm para porcelanato | E67: =VLOOKUP(B67,'SERVIÇOS JUNHO-2025'!$A$1:$E$8877,4,0) -> m2 | F67: =VLOOKUP(B67,'MEMO CALCULO '!$B:$G,6,0) -> 2405.18 | G67: =VLOOKUP(B67,'SERVIÇOS JUNHO-2025'!$A$1:$E$8877,5,0) -> 220.71 | H67: =G67*(1+$I$6) -> 289.92466 | I67: =IFERROR((F67*H67),0) -> 697320.98 | J67: =B67 -> 130234 | K67: =A67 -> 6.3 | L67: =E67 -> m2 | M67: =D67 -> Porcelanato natural retificado, acabamento acetinado, dim. 60x60cm, ref. PLATINA NA Eliane/equiv, utilizando dupla colagem de argamassa colante para porcelanato tipo ACIII e rejunte e rejunte 3mm para porcelanato | N67: =I67/$I$249 -> 0.081613695 | O67: =O66+N67 -> 0.2711431 | P67: A | AE67: =SUM(K67:AC67) -> 0.3527568
A68: 6.4 | B68: COMP-05 | D68: Piso e espelho de escada em granito cinza andorinha levigado, esp. 2cm | E68: m2 | F68: =VLOOKUP(B68,'MEMO CALCULO '!$B:$G,6,0) -> 14.35 | G68: ='COMP.05_PISO ESCADA'!J22 -> 892.10385 | H68: =G68*(1+$I$6) -> 1171.8676 | I68: =IFERROR((F68*H68),0) -> 16816.3 | J68: =B68 -> COMP-05 | K68: =A68 -> 6.4 | L68: =E68 -> m2 | M68: =D68 -> Piso e espelho de escada em granito cinza andorinha levigado, esp. 2cm | N68: =I68/$I$249 -> 0.0019681616 | O68: =O67+N68 -> 0.27311127 | P68: A
A69: 6.5 | B69: COMP-06 | D69: Piso em granito aplicado em ambientes internos | E69: m2 | F69: =VLOOKUP(B69,'MEMO CALCULO '!$B:$G,6,0) -> 1.54 | G69: ='COMP.06_PISO ELEVADOR'!J22 -> 270.98145 | H69: =G69*(1+$I$6) -> 355.96123 | I69: =IFERROR((F69*H69),0) -> 548.18029 | N69: =I69/$I$249 -> 6.4158429e-05 | O69: =O68+N69 -> 0.27317542 | P69: A
A70: 6.6 | B70: 130308 | C70: DER-ES | D70: =VLOOKUP(B70,'SERVIÇOS JUNHO-2025'!$A$1:$E$8877,3,0) -> Soleira de granito esp. 2 cm e largura de 15 cm | E70: =VLOOKUP(B70,'SERVIÇOS JUNHO-2025'!$A$1:$E$8877,4,0) -> m | F70: =VLOOKUP(B70,'MEMO CALCULO '!$B:$G,6,0) -> 83.13 | G70: =VLOOKUP(B70,'SERVIÇOS JUNHO-2025'!$A$1:$E$8877,5,0) -> 50.58 | H70: =G70*(1+$I$6) -> 66.441888 | I70: =IFERROR((F70*H70),0) -> 5523.3141 | N70: =I70/$I$249 -> 0.00064644272 | O70: =O69+N70 -> 0.27382187 | P70: A
A71: 6.7 | B71: 130317 | C71: DER-ES | D71: =VLOOKUP(B71,'SERVIÇOS JUNHO-2025'!$A$1:$E$8877,3,0) -> Peitoril de granito cinza polido, 15 cm, esp. 3cm | E71: =VLOOKUP(B71,'SERVIÇOS JUNHO-2025'!$A$1:$E$8877,4,0) -> m | F71: =VLOOKUP(B71,'MEMO CALCULO '!$B:$G,6,0) -> 253.7 | G71: =VLOOKUP(B71,'SERVIÇOS JUNHO-2025'!$A$1:$E$8877,5,0) -> 82.2 | H71: =G71*(1+$I$6) -> 107.97792 | I71: =IFERROR((F71*H71),0) -> 27393.998 | N71: =I71/$I$249 -> 0.003206164 | O71: =O70+N71 -> 0.27702803 | P71: A
A72: 6.8 | B72: COMP-07 | D72: Piso em ladrilho hidráulico aplicado em ambientes externos | E72: m2 | F72: =VLOOKUP(B72,'MEMO CALCULO '!$B:$G,6,0) -> 12.92 | G72: ='COMP.07_LADRILHO'!J21 -> 160.48501 | H72: =G72*(1+$I$6) -> 210.81311 | I72: =IFERROR((F72*H72),0) -> 2723.7053 | N72: =I72/$I$249 -> 0.00031877953 | O72: =O71+N72 -> 0.27734681 | P72: A
A73: 7.1.1 | B73: 62503 | C73: DER-ES | D73: =VLOOKUP(B73,'SERVIÇOS JUNHO-2025'!$A$1:$E$8877,3,0) -> Porta de madeira de lei angelim pedra ou equivalente, esp. 30 a 35 mm, maciça, tipo mexicana, c/ friso p/ verniz, padrão SEDU, com visor 1,00 x 0,15m e vidro 4mm, inclusive alizares, dobradiças e fechadura tipo alavanca em latão cromado LaFonte ou equiv., exclusive marco, dimensões: 0.80 x 2.10 m | E73: =VLOOKUP(B73,'SERVIÇOS JUNHO-2025'!$A$1:$E$8877,4,0) -> und | F73: =VLOOKUP(B73,'MEMO CALCULO '!$B:$G,6,0) -> 26 | G73: =VLOOKUP(B73,'SERVIÇOS JUNHO-2025'!$A$1:$E$8877,5,0) -> 1711.39 | H73: =G73*(1+$I$6) -> 2248.0819 | I73: =IFERROR((F73*H73),0) -> 58450.13 | N73: =I73/$I$249 -> 0.00684094 | O73: =O72+N73 -> 0.28418775 | P73: A
A74: 7.1.2 | B74: 60101 | C74: DER-ES | D74: =VLOOKUP(B74,'SERVIÇOS JUNHO-2025'!$A$1:$E$8877,3,0) -> Marco em madeira de lei tipo Peroba, Ipê, Angelim Pedra ou equivalente, com 15 x 3cm de batente, nas dimensões: 0,60 x 2,10 m | E74: =VLOOKUP(B74,'SERVIÇOS JUNHO-2025'!$A$1:$E$8877,4,0) -> und | F74: =VLOOKUP(B74,'MEMO CALCULO '!$B:$G,6,0) -> 2 | G74: =VLOOKUP(B74,'SERVIÇOS JUNHO-2025'!$A$1:$E$8877,5,0) -> 368.7 | H74: =G74*(1+$I$6) -> 484.32432 | I74: =IFERROR((F74*H74),0) -> 968.64864 | N74: =I74/$I$249 -> 0.00011336959 | O74: =O73+N74 -> 0.28430112 | P74: A
A75: 7.1.3 | B75: 60103 | C75: DER-ES | D75: =VLOOKUP(B75,'SERVIÇOS JUNHO-2025'!$A$1:$E$8877,3,0) -> Marco em madeira de lei tipo Peroba, Ipê, Angelim Pedra ou equivalente, com 15 x 3cm de batente, nas dimensões: 0,80 x 2,10 m | E75: =VLOOKUP(B75,'SERVIÇOS JUNHO-2025'!$A$1:$E$8877,4,0) -> und | F75: =VLOOKUP(B75,'MEMO CALCULO '!$B:$G,6,0) -> 46 | G75: =VLOOKUP(B75,'SERVIÇOS JUNHO-2025'!$A$1:$E$8877,5,0) -> 368.7 | H75: =G75*(1+$I$6) -> 484.32432 | I75: =IFERROR((F75*H75),0) -> 22278.919 | N75: =I75/$I$249 -> 0.0026075006 | O75: =O74+N75 -> 0.28690862 | P75: A
A76: 7.1.4 | B76: COMP-08 | D76: Porta de madeira de lei angelim pedra ou equivalente, esp. 30 a 35 mm, maciça, tipo mexicana, c/ friso p/ verniz, padrão SEDU, inclusive alizares, dobradiças e fechadura tipo alavanca em latão cromado LaFonte ou equiv., exclusive marco, dimensões: 0.80 x 2.10 m | E76: und | F76: =VLOOKUP(B76,'MEMO CALCULO '!$B:$G,6,0) -> 20 | G76: ='COMP.08_PORTA 80X210'!J23 -> 1711.4059 | H76: =G76*(1+$I$6) -> 2248.1028 | I76: =IFERROR((F76*H76),0) -> 44962.056 | N76: =I76/$I$249 -> 0.0052623105 | O76: =O75+N76 -> 0.29217093 | P76: A
A77: 7.1.5 | B77: COMP-09 | D77: Porta de madeira de lei angelim pedra ou equivalente, esp. 30 a 35 mm, maciça, tipo mexicana, c/ friso p/ verniz, padrão SEDU, inclusive alizares, dobradiças e fechadura tipo alavanca em latão cromado LaFonte ou equiv., exclusive marco, dimensões: 0.60 x 2.10 m | E77: und | F77: =VLOOKUP(B77,'MEMO CALCULO '!$B:$G,6,0) -> 2 | G77: ='COMP.09_PORTA 60X210'!J23 -> 1577.8259 | H77: =G77*(1+$I$6) -> 2072.6321 | I77: =IFERROR((F77*H77),0) -> 4145.2642 | N77: =I77/$I$249 -> 0.00048515725 | O77: =O76+N77 -> 0.29265609 | P77: A
A78: 7.2.1 | B78: 71704 | C78: DER-ES | D78: =VLOOKUP(B78,'SERVIÇOS JUNHO-2025'!$A$1:$E$8877,3,0) -> Porta de abrir tipo veneziana em alumínio anodizado, linha 25, completa, incl. puxador com tranca, caixilho, alizar e contramarco | E78: =VLOOKUP(B78,'SERVIÇOS JUNHO-2025'!$A$1:$E$8877,4,0) -> m2 | F78: =VLOOKUP(B78,'MEMO CALCULO '!$B:$G,6,0) -> 25.08 | G78: =VLOOKUP(B78,'SERVIÇOS JUNHO-2025'!$A$1:$E$8877,5,0) -> 908.85 | H78: =G78*(1+$I$6) -> 1193.8654 | I78: =IFERROR((F78*H78),0) -> 29942.143 | N78: =I78/$I$249 -> 0.0035043961 | O78: =O77+N78 -> 0.29616048 | P78: A
A79: 7.2.2 | B79: 71105 | C79: DER-ES | D79: =VLOOKUP(B79,'SERVIÇOS JUNHO-2025'!$A$1:$E$8877,3,0) -> Grade de ferro em barra chata, inclusive chumbamento | E79: =VLOOKUP(B79,'SERVIÇOS JUNHO-2025'!$A$1:$E$8877,4,0) -> m2 | F79: =VLOOKUP(B79,'MEMO CALCULO '!$B:$G,6,0) -> 297.73 | G79: =VLOOKUP(B79,'SERVIÇOS JUNHO-2025'!$A$1:$E$8877,5,0) -> 393.8 | H79: =G79*(1+$I$6) -> 517.29568 | I79: =IFERROR((F79*H79),0) -> 154014.44 | N79: =I79/$I$249 -> 0.018025684 | O79: =O78+N79 -> 0.31418617 | P79: A
A80: 7.2.3 | B80: 71107 | C80: DER-ES | D80: =VLOOKUP(B80,'SERVIÇOS JUNHO-2025'!$A$1:$E$8877,3,0) -> Portão de ferro de abrir em barra chata, chapa e tubo, inclusive chumbamento | E80: =VLOOKUP(B80,'SERVIÇOS JUNHO-2025'!$A$1:$E$8877,4,0) -> m2 | F80: =VLOOKUP(B80,'MEMO CALCULO '!$B:$G,6,0) -> 5.25 | G80: =VLOOKUP(B80,'SERVIÇOS JUNHO-2025'!$A$1:$E$8877,5,0) -> 849.57 | H80: =G80*(1+$I$6) -> 1115.9952 | I80: =IFERROR((F80*H80),0) -> 5858.9745 | N80: =I80/$I$249 -> 0.00068572805 | O80: =O79+N80 -> 0.3148719 | P80: A
A81: 7.2.4 | B81: 71104 | C81: DER-ES | D81: =VLOOKUP(B81,'SERVIÇOS JUNHO-2025'!$A$1:$E$8877,3,0) -> Portão de ferro de abrir em barra chata, inclusive chumbamento | E81: =VLOOKUP(B81,'SERVIÇOS JUNHO-2025'!$A$1:$E$8877,4,0) -> m2 | F81: =VLOOKUP(B81,'MEMO CALCULO '!$B:$G,6,0) -> 1.68 | G81: =VLOOKUP(B81,'SERVIÇOS JUNHO-2025'!$A$1:$E$8877,5,0) -> 628.68 | H81: =G81*(1+$I$6) -> 825.83405 | I81: =IFERROR((F81*H81),0) -> 1387.4012 | N81: =I81/$I$249 -> 0.00016237994 | O81: =O80+N81 -> 0.31503428 | P81: A
A82: 7.2.5 | B82: 71103 | C82: DER-ES | D82: =VLOOKUP(B82,'SERVIÇOS JUNHO-2025'!$A$1:$E$8877,3,0) -> Grade de tela tipo mosquiteiro de arame galvanizado #18, fio 32, inclusive, requadro em cantoneira de ferro 1/8"x1/2"x1/2" | E82: =VLOOKUP(B82,'SERVIÇOS JUNHO-2025'!$A$1:$E$8877,4,0) -> m2 | F82: =VLOOKUP(B82,'MEMO CALCULO '!$B:$G,6,0) -> 5.36 | G82: =VLOOKUP(B82,'SERVIÇOS JUNHO-2025'!$A$1:$E$8877,5,0) -> 131.46 | H82: =G82*(1+$I$6) -> 172.68586 | I82: =IFERROR((F82*H82),0) -> 925.59619 | N82: =I82/$I$249 -> 0.00010833078 | O82: =O81+N82 -> 0.31514261 | P82: A
A83: 7.2.6 | B83: COMP-10 | D83: Janela de correr tipo blindex com 4 folhas, sendo 2 folhas fixas e 2 folhas móveis, para vidro, inclusive vidro laminado de 12 mm | E83: m2 | F83: =VLOOKUP(B83,'MEMO CALCULO '!$B:$G,6,0) -> 265.71 | G83: ='COMP.10_JANELA'!J31 -> 2235.4746 | H83: =G83*(1+$I$6) -> 2936.5194 | I83: =IFERROR((F83*H83),0) -> 780262.57 | N83: =I83/$I$249 -> 0.091321089 | O83: =O82+N83 -> 0.4064637 | P83: A
A84: 7.2.7 | B84: COMP-11 | D84: Porta de abrir tipo blindex, inclusive vidro laminado de 12 mm e ferragens | E84: m2 | F84: =VLOOKUP(B84,'MEMO CALCULO '!$B:$G,6,0) -> 27.32 | G84: ='COMP.11_PORTAS'!J24 -> 1927.2441 | H84: =G84*(1+$I$6) -> 2531.6279 | I84: =IFERROR((F84*H84),0) -> 69164.074 | N84: =I84/$I$249 -> 0.0080948886 | O84: =O83+N84 -> 0.41455858 | P84: A
A85: 7.2.8 | B85: COMP-12 | D85: Janela basculante tipo blindex,3 folhas, sendo 2 fixas (superior e inferior) e 1 basculante, inclusive vidro laminado de 12 mm | E85: m2 | F85: =VLOOKUP(B85,'MEMO CALCULO '!$B:$G,6,0) -> 39.6 | G85: ='COMP.12_BASCULA'!J21 -> 2977.3199 | H85: =G85*(1+$I$6) -> 3911.0074 | I85: =IFERROR((F85*H85),0) -> 154875.89 | N85: =I85/$I$249 -> 0.018126507 | O85: =O84+N85 -> 0.43268509 | P85: A
A86: 7.2.9 | B86: COMP-13 | D86: Janela pivotante tipo blindex,2,50 m x 2,35 m,inclusive vidro laminado de 12 mm | E86: und | F86: =VLOOKUP(B86,'MEMO CALCULO '!$B:$G,6,0) -> 2 | G86: ='COMP.13_PIVOTANTE'!J21 -> 9878.0669 | H86: =G86*(1+$I$6) -> 12975.829 | I86: =IFERROR((F86*H86),0) -> 25951.657 | N86: =I86/$I$249 -> 0.003037354 | O86: =O85+N86 -> 0.43572245 | P86: A
A87: 8.1 | B87: 80201 | C87: DER-ES | D87: =VLOOKUP(B87,'SERVIÇOS JUNHO-2025'!$A$1:$E$8877,3,0) -> Espelho para banheiros espessura 4 mm, incluindo chapa compensada 10 mm, moldura de alumínio em perfil L 3/4", fixado com parafusos cromados | E87: =VLOOKUP(B87,'SERVIÇOS JUNHO-2025'!$A$1:$E$8877,4,0) -> m2 | F87: =VLOOKUP(B87,'MEMO CALCULO '!$B:$G,6,0) -> 12.36 | G87: =VLOOKUP(B87,'SERVIÇOS JUNHO-2025'!$A$1:$E$8877,5,0) -> 718.81 | H87: =G87*(1+$I$6) -> 944.22882 | I87: =IFERROR((F87*H87),0) -> 11670.668 | N87: =I87/$I$249 -> 0.0013659224 | O87: =O86+N87 -> 0.43708837 | P87: A
A88: 8.2 | B88: 80203 | C88: DER-ES | D88: =VLOOKUP(B88,'SERVIÇOS JUNHO-2025'!$A$1:$E$8877,3,0) -> Espelho prata esp. 4 mm sobre caixa de compensado colado revestido com fórmica e fixado com parafuso cromado e bucha, dim. 1,80 x 0,40m, conforme detalhe em projeto | E88: =VLOOKUP(B88,'SERVIÇOS JUNHO-2025'!$A$1:$E$8877,4,0) -> m2 | F88: =VLOOKUP(B88,'MEMO CALCULO '!$B:$G,6,0) -> 2.08 | G88: =VLOOKUP(B88,'SERVIÇOS JUNHO-2025'!$A$1:$E$8877,5,0) -> 723.4 | H88: =G88*(1+$I$6) -> 950.25824 | I88: =IFERROR((F88*H88),0) -> 1976.5371 | N88: =I88/$I$249 -> 0.00023133177 | O88: =O87+N88 -> 0.4373197 | P88: A
A89: 9.1 | B89: 120227 | C89: DER-ES | D89: =VLOOKUP(B89,'SERVIÇOS JUNHO-2025'!$A$1:$E$8877,3,0) -> Roda parede em granito cinza andorinha 7x2cm, com acabamento abaulado nos dois lados | E89: =VLOOKUP(B89,'SERVIÇOS JUNHO-2025'!$A$1:$E$8877,4,0) -> m | F89: =VLOOKUP(B89,'MEMO CALCULO '!$B:$G,6,0) -> 922.33 | G89: =VLOOKUP(B89,'SERVIÇOS JUNHO-2025'!$A$1:$E$8877,5,0) -> 51.99 | H89: =G89*(1+$I$6) -> 68.294064 | I89: =IFERROR((F89*H89),0) -> 62989.664 | N89: =I89/$I$249 -> 0.0073722423 | O89: =O88+N89 -> 0.44469194 | P89: A
A90: 9.2 | B90: 120232 | C90: DER-ES | D90: =VLOOKUP(B90,'SERVIÇOS JUNHO-2025'!$A$1:$E$8877,3,0) -> Cerâmica 10 x 10 cm, branco brilhante ref Galeria Mesh BR telada, ELIANE, STRUFALDI, CERAL, empregando argamassa colante, inclusive rejuntamento junta plus cinza claro esp. 3 mm | E90: =VLOOKUP(B90,'SERVIÇOS JUNHO-2025'!$A$1:$E$8877,4,0) -> m2 | F90: =VLOOKUP(B90,'MEMO CALCULO '!$B:$G,6,0) -> 1131.99 | G90: =VLOOKUP(B90,'SERVIÇOS JUNHO-2025'!$A$1:$E$8877,5,0) -> 116.34 | H90: =G90*(1+$I$6) -> 152.82422 | I90: =IFERROR((F90*H90),0) -> 172995.49 | N90: =I90/$I$249 -> 0.020247206 | O90: =O89+N90 -> 0.46493915 | P90: A
A91: 9.3 | B91: 130236 | C91: DER-ES | D91: =VLOOKUP(B91,'SERVIÇOS JUNHO-2025'!$A$1:$E$8877,3,0) -> Piso cerâmico esmaltado, PEI 5, acabamento semibrilho, dim. 45x45cm, ref. de cor CARGO PLUS WHITE Eliane/equiv. assentado com argamassa de cimento colante, inclusive rejuntamento | E91: =VLOOKUP(B91,'SERVIÇOS JUNHO-2025'!$A$1:$E$8877,4,0) -> m2 | F91: =VLOOKUP(B91,'MEMO CALCULO '!$B:$G,6,0) -> 3.53 | G91: =VLOOKUP(B91,'SERVIÇOS JUNHO-2025'!$A$1:$E$8877,5,0) -> 93.46 | H91: =G91*(1+$I$6) -> 122.76906 | I91: =IFERROR((F91*H91),0) -> 433.37477 | N91: =I91/$I$249 -> 5.0721715e-05 | O91: =O90+N91 -> 0.46498987 | P91: A
A92: 9.4 | B92: 120241 | C92: DER-ES | D92: =VLOOKUP(B92,'SERVIÇOS JUNHO-2025'!$A$1:$E$8877,3,0) -> Cerâmica retificada, acabamento brilhante, dim. 32x60cm, ref. TRADIZIONALLE BIANCO Biancogres/equiv. assentado com argamassa de cimento colante, inclusive rejuntamento com argamassapre-fabricada para rejunte | E92: =VLOOKUP(B92,'SERVIÇOS JUNHO-2025'!$A$1:$E$8877,4,0) -> m2 | F92: =VLOOKUP(B92,'MEMO CALCULO '!$B:$G,6,0) -> 475.03 | G92: =VLOOKUP(B92,'SERVIÇOS JUNHO-2025'!$A$1:$E$8877,5,0) -> 84.03 | H92: =G92*(1+$I$6) -> 110.38181 | I92: =IFERROR((F92*H92),0) -> 52434.67 | N92: =I92/$I$249 -> 0.0061368972 | O92: =O91+N92 -> 0.47112677 | P92: A
A93: 9.5 | B93: 120221 | C93: DER-ES | D93: =VLOOKUP(B93,'SERVIÇOS JUNHO-2025'!$A$1:$E$8877,3,0) -> Pastilha cerâmica branca 5 x 5 cm, assentada com argamassa de cimento colante e rejunte pré-fabricado, marcas de referência Atlas, Jatobá, NGK ou equivalentwe | E93: =VLOOKUP(B93,'SERVIÇOS JUNHO-2025'!$A$1:$E$8877,4,0) -> m2 | F93: =VLOOKUP(B93,'MEMO CALCULO '!$B:$G,6,0) -> 1415.06 | G93: =VLOOKUP(B93,'SERVIÇOS JUNHO-2025'!$A$1:$E$8877,5,0) -> 249.84 | H93: =G93*(1+$I$6) -> 328.18982 | I93: =IFERROR((F93*H93),0) -> 464408.29 | N93: =I93/$I$249 -> 0.054353845 | O93: =O92+N93 -> 0.52548061 | P93: A
A94: 10.1.1 | B94: 190301 | C94: DER-ES | D94: =VLOOKUP(B94,'SERVIÇOS JUNHO-2025'!$A$1:$E$8877,3,0) -> Emassamento de esquadrias e elementos de madeira, com duas demãos de massa à base água, referência Suvinil, Coral, Sherwin Williams ou equivalente, inclusive uma demão de fundo nivelador alquídico branco, referência Suvinil, Coral ou Metalatex ou equivalente | E94: =VLOOKUP(B94,'SERVIÇOS JUNHO-2025'!$A$1:$E$8877,4,0) -> m2 | F94: =VLOOKUP(B94,'MEMO CALCULO '!$B:$G,6,0) -> 239.4 | G94: =VLOOKUP(B94,'SERVIÇOS JUNHO-2025'!$A$1:$E$8877,5,0) -> 48.49 | H94: =G94*(1+$I$6) -> 63.696464 | I94: =IFERROR((F94*H94),0) -> 15248.933 | N94: =I94/$I$249 -> 0.0017847187 | O94: =O93+N94 -> 0.52726533 | P94: A
A95: 10.1.1 | B95: 190302 | C95: DER-ES | D95: =VLOOKUP(B95,'SERVIÇOS JUNHO-2025'!$A$1:$E$8877,3,0) -> Pintura de esquadrias e elementos de madeira, aplicação manual, com duas demãos de tinta esmalte sintético referência Suvinil, Coral ou Metalatex, inclusive fundo branco nivelador, referência Suvinil, Coral e Metalatex ou equivalente | E95: =VLOOKUP(B95,'SERVIÇOS JUNHO-2025'!$A$1:$E$8877,4,0) -> m2 | F95: =VLOOKUP(B95,'MEMO CALCULO '!$B:$G,6,0) -> 239.4 | G95: =VLOOKUP(B95,'SERVIÇOS JUNHO-2025'!$A$1:$E$8877,5,0) -> 43.16 | H95: =G95*(1+$I$6) -> 56.694976 | I95: =IFERROR((F95*H95),0) -> 13572.777 | N95: =I95/$I$249 -> 0.0015885432 | O95: =O94+N95 -> 0.52885387 | P95: A
A96: 10.2.1 | B96: 190101 | C96: DER-ES | D96: =VLOOKUP(B96,'SERVIÇOS JUNHO-2025'!$A$1:$E$8877,3,0) -> Emassamento de paredes e forros, com duas demãos de massa corrida, referência Suvinil, Coral, Metalatex ou equivalente, inclusive uma demão de liquido selador PVA, referência Suvinil, Coral ou Metalatex ou equivalente | E96: =VLOOKUP(B96,'SERVIÇOS JUNHO-2025'!$A$1:$E$8877,4,0) -> m2 | F96: =VLOOKUP(B96,'MEMO CALCULO '!$B:$G,6,0) -> 4754.6 | G96: =VLOOKUP(B96,'SERVIÇOS JUNHO-2025'!$A$1:$E$8877,5,0) -> 19.59 | H96: =G96*(1+$I$6) -> 25.733424 | I96: =IFERROR((F96*H96),0) -> 122352.14 | N96: =I96/$I$249 -> 0.014319962 | O96: =O95+N96 -> 0.54317384 | P96: A
A97: 10.2.2 | B97: 190117 | C97: DER-ES | D97: =VLOOKUP(B97,'SERVIÇOS JUNHO-2025'!$A$1:$E$8877,3,0) -> Pintura sobre paredes e forros, aplicação manual, com duas demãos de tinta látex acrílico premium, acabamento fosco, referência Suvinil, Coral e Metalatex, inclusive uma demão de liquido selador acrílico, referência Suvinil, Coral ou Metalatex | E97: =VLOOKUP(B97,'SERVIÇOS JUNHO-2025'!$A$1:$E$8877,4,0) -> m2 | F97: =VLOOKUP(B97,'MEMO CALCULO '!$B:$G,6,0) -> 4754.6 | G97: =VLOOKUP(B97,'SERVIÇOS JUNHO-2025'!$A$1:$E$8877,5,0) -> 23.72 | H97: =G97*(1+$I$6) -> 31.158592 | I97: =IFERROR((F97*H97),0) -> 148146.64 | N97: =I97/$I$249 -> 0.017338923 | O97: =O96+N97 -> 0.56051276 | P97: A
A98: 10.3.1 | B98: 190417 | C98: DER-ES | D98: =VLOOKUP(B98,'SERVIÇOS JUNHO-2025'!$A$1:$E$8877,3,0) -> Pintura sobre metal, aplicação manual, com duas demãos de tinta esmalte sintético, referência Suvinil, Coral ou Metalatex, inclusive uma demão de fundo anticorrosivo | E98: =VLOOKUP(B98,'SERVIÇOS JUNHO-2025'!$A$1:$E$8877,4,0) -> m2 | F98: =VLOOKUP(B98,'MEMO CALCULO '!$B:$G,6,0) -> 653.2 | G98: =VLOOKUP(B98,'SERVIÇOS JUNHO-2025'!$A$1:$E$8877,5,0) -> 50.58 | H98: =G98*(1+$I$6) -> 66.441888 | I98: =IFERROR((F98*H98),0) -> 43399.841 | N98: =I98/$I$249 -> 0.0050794706 | O98: =O97+N98 -> 0.56559223 | P98: A
... A103: 11.1.2 | B103: 181002 | C103: DER-ES | D103: =VLOOKUP(B103,'SERVIÇOS JUNHO-2025'!$A$1:$E$8877,3,0) -> Luminaria sobrepor compl., corpo ch. aço pintada branca, refletor aletas parabólicas alum.alta pureza e refletância inclusive 2 lâmpadas LED T8 20W temp. de cor 5000k bivolt c/ 1,20m - Ref. CS232AL-N - AMES, 2447 - LUMAVI OU EQUIVALENTE | E103: =VLOOKUP(B103,'SERVIÇOS JUNHO-2025'!$A$1:$E$8877,4,0) -> und | F103: =VLOOKUP(B103,'MEMO CALCULO '!$B:$G,6,0) -> 185 | G103: =VLOOKUP(B103,'SERVIÇOS JUNHO-2025'!$A$1:$E$8877,5,0) -> 182.61 | H103: =G103*(1+$I$6) -> 239.8765 | I103: =IFERROR((F103*H103),0) -> 44377.152 | N103: =I103/$I$249 -> 0.0051938539 | O103: =O102+N103 -> 0.57410088 | P103: A
A104: 11.1.3 | B104: COMP-14 | D104: Luminária arandela tipo tartaruga, de sobrepor, com 1 lâmpada led de 6 w, sem reator - fornecimento e instalação. | E104: und | F104: =VLOOKUP(B104,'MEMO CALCULO '!$B:$G,6,0) -> 2 | G104: ='COMP.14_ARANDELA'!J21 -> 103.9685 | H104: =G104*(1+$I$6) -> 136.57302 | I104: =IFERROR((F104*H104),0) -> 273.14603 | N104: =I104/$I$249 -> 3.1968717e-05 | O104: =O103+N104 -> 0.57413285 | P104: A
A105: 11.1.4 | B105: COMP-15 | D105: Luminária tipo plafon circular, de sobrepor, com led de 12/13 w - fornecimento e instalação | E105: und | F105: =VLOOKUP(B105,'MEMO CALCULO '!$B:$G,6,0) -> 2 | G105: ='COMP.15_PLAFON'!J20 -> 25.655763 | H105: =G105*(1+$I$6) -> 33.70141 | I105: =IFERROR((F105*H105),0) -> 67.402821 | N105: =I105/$I$249 -> 7.8887533e-06 | O105: =O104+N105 -> 0.57414074 | P105: A
A106: 11.1.5 | B106: COMP-16 | D106: Spot para embutidos de solo redondo, estrutura em alumínio, preto, compatível com embutido de solo Focco grid e focco 30, ref. STH8700 da Stella ou similar | E106: und | F106: =VLOOKUP(B106,'MEMO CALCULO '!$B:$G,6,0) -> 4 | G106: ='COMP.16_SPOT'!J20 -> 455.55688 | H106: =G106*(1+$I$6) -> 598.41952 | I106: =IFERROR((F106*H106),0) -> 2393.6781 | N106: =I106/$I$249 -> 0.0002801535 | O106: =O105+N106 -> 0.57442089 | P106: A
A107: 11.2.1 | B107: COTAÇÃO DE MERCADO 01 | D107: Elevador de Tração Elétrica - sem casa de máquinas, 8 Pessoas, Capacidade 600kg, Cabine Interna 1100x1400x2200mm (Frente X Prof. X Altura), Porta 80cm, 2 Paradas (térreo + 1º pavimento), Acabamento Em Aço Inox, corrimão nas Laterais e ao Fundo em Aço Inox Polido, Espelho frontal, Teto com Iluminação em LED, Botoeira (Braille), Digital Voice, Piso Rebaixo para Granito, Sistema de resgate automático (leva ao andar mais próximo em falta de energia), Sistema de freio de emergência, com Atendimento a Norma de Acessibilidade NM 313:2007 - Otis, Atlas Schindler Ou Tks Elevadore, Comando Coletivo na Descida – Fornecimento e Instalação. | E107: und | F107: =VLOOKUP(B107,'MEMO CALCULO '!$B:$G,6,0) -> 1 | G107: 130000 | H107: =G107*(1+$I$5) -> 150241 | I107: =IFERROR((F107*H107),0) -> 150241 | N107: =I107/$I$249 -> 0.017584044 | O107: =O106+N107 -> 0.59200494 | P107: A
A108: 11.2.2 | B108: COMP-17 | D108: Exaustor para banheiro bivolt, ref.: C 80 A, da Ventokit ou similar, inclusive acessórios para instalação | E108: und | F108: =VLOOKUP(B108,'MEMO CALCULO '!$B:$G,6,0) -> 4 | G108: ='COMP.17_EXAUSTOR'!J23 -> 718.78688 | H108: =G108*(1+$I$5) -> 830.702 | I108: =IFERROR((F108*H108),0) -> 3322.808 | N108: =I108/$I$249 -> 0.00038889786 | O108: =O107+N108 -> 0.59239384 | P108: A
A109: 11.3.1 | B109: 150122 | C109: DER-ES | D109: =VLOOKUP(B109,'SERVIÇOS JUNHO-2025'!$A$1:$E$8877,3,0) -> Mureta de medição utilizando arg. cimento, cal e areia, dimensões 1100x2000x200mm, com pilares e cintas, revestido com chapisco e reboco, inclusive pintura emassamento e pintura acrílica a três demãos, exclusive cobertura | E109: =VLOOKUP(B109,'SERVIÇOS JUNHO-2025'!$A$1:$E$8877,4,0) -> und | F109: =VLOOKUP(B109,'MEMO CALCULO '!$B:$G,6,0) -> 1 | G109: =VLOOKUP(B109,'SERVIÇOS JUNHO-2025'!$A$1:$E$8877,5,0) -> 1509.28 | H109: =G109*(1+$I$6) -> 1982.5902 | I109: =IFERROR((F109*H109),0) -> 1982.5902 | N109: =I109/$I$249 -> 0.00023204022 | O109: =O108+N109 -> 0.59262588 | P109: A
A110: 11.3.2 | B110: 150609 | C110: DER-ES | D110: =VLOOKUP(B110,'SERVIÇOS JUNHO-2025'!$A$1:$E$8877,3,0) -> Caixa para medidor polifásico carga até 41000W inclusive caixa para disjuntor polifásico até 100A | E110: =VLOOKUP(B110,'SERVIÇOS JUNHO-2025'!$A$1:$E$8877,4,0) -> und | F110: =VLOOKUP(B110,'MEMO CALCULO '!$B:$G,6,0) -> 1 | G110: =VLOOKUP(B110,'SERVIÇOS JUNHO-2025'!$A$1:$E$8877,5,0) -> 441.62 | H110: =G110*(1+$I$6) -> 580.11203 | I110: =IFERROR((F110*H110),0) -> 580.11203 | N110: =I110/$I$249 -> 6.7895686e-05 | O110: =O109+N110 -> 0.59269377 | P110: A
A111: 11.3.3 | B111: 151710 | C111: DER-ES | D111: =VLOOKUP(B111,'SERVIÇOS JUNHO-2025'!$A$1:$E$8877,3,0) -> Padrão de entrada de energia elétrica, trifásico, entrada aérea, a 4 fios, carga instalada em muro de 57001 até 75000W - 220/127V | E111: =VLOOKUP(B111,'SERVIÇOS JUNHO-2025'!$A$1:$E$8877,4,0) -> und | F111: =VLOOKUP(B111,'MEMO CALCULO '!$B:$G,6,0) -> 1 | G111: =VLOOKUP(B111,'SERVIÇOS JUNHO-2025'!$A$1:$E$8877,5,0) -> 8122.15 | H111: =G111*(1+$I$6) -> 10669.256 | I111: =IFERROR((F111*H111),0) -> 10669.256 | N111: =I111/$I$249 -> 0.0012487182 | O111: =O110+N111 -> 0.59394249 | P111: A
A112: 11.4.1 | B112: 150315 | C112: DER-ES | D112: =VLOOKUP(B112,'SERVIÇOS JUNHO-2025'!$A$1:$E$8877,3,0) -> Quadro distrib. energia, embutido ou semi embutido, capac. p/ 34 disj. DIN, c/barram trif. 150A barra. neutro e terra, fab. em chapa de aço 12 USG com porta, espelho, trinco com fechad ch yale, Ref. QDETG II-34DIN-CEMAR ou equiv. | E112: =VLOOKUP(B112,'SERVIÇOS JUNHO-2025'!$A$1:$E$8877,4,0) -> und | F112: =VLOOKUP(B112,'MEMO CALCULO '!$B:$G,6,0) -> 2 | G112: =VLOOKUP(B112,'SERVIÇOS JUNHO-2025'!$A$1:$E$8877,5,0) -> 1080.97 | H112: =G112*(1+$I$6) -> 1419.9622 | I112: =IFERROR((F112*H112),0) -> 2839.9244 | N112: =I112/$I$249 -> 0.00033238168 | O112: =O111+N112 -> 0.59427487 | P112: A
A113: 11.4.2 | B113: 150316 | C113: DER-ES | D113: =VLOOKUP(B113,'SERVIÇOS JUNHO-2025'!$A$1:$E$8877,3,0) -> Quadro distrib. energia, embutido ou semi embutido, capac. p/ 44 disj. DIN, c/barram trif. 150A barra. neutro e terra, fab. em chapa de aço 12 USG com porta, espelho, trinco com fechad ch yale, Ref. QDETG II-44DIN-CEMAR ou equiv. | E113: =VLOOKUP(B113,'SERVIÇOS JUNHO-2025'!$A$1:$E$8877,4,0) -> und | F113: =VLOOKUP(B113,'MEMO CALCULO '!$B:$G,6,0) -> 2 | G113: =VLOOKUP(B113,'SERVIÇOS JUNHO-2025'!$A$1:$E$8877,5,0) -> 1341.28 | H113: =G113*(1+$I$6) -> 1761.9054 | I113: =IFERROR((F113*H113),0) -> 3523.8108 | N113: =I113/$I$249 -> 0.00041242301 | O113: =O112+N113 -> 0.5946873 | P113: A
A114: 11.4.3 | B114: 150317 | C114: DER-ES | D114: =VLOOKUP(B114,'SERVIÇOS JUNHO-2025'!$A$1:$E$8877,3,0) -> Quadro distrib. energia, embutido ou semi embutido, capac. p/ 56 disj. DIN, c/barram trif. 225A barra. neutro e terra, fab. em chapa de aço 12 USG com porta, espelho, trinco com fechad ch | E114: =VLOOKUP(B114,'SERVIÇOS JUNHO-2025'!$A$1:$E$8877,4,0) -> und | F114: =VLOOKUP(B114,'MEMO CALCULO '!$B:$G,6,0) -> 2 | G114: =VLOOKUP(B114,'SERVIÇOS JUNHO-2025'!$A$1:$E$8877,5,0) -> 1743.37 | H114: =G114*(1+$I$6) -> 2290.0908 | I114: =IFERROR((F114*H114),0) -> 4580.1817 | N114: =I114/$I$249 -> 0.00053605952 | O114: =O113+N114 -> 0.59522335 | P114: A
A115: 11.5.1 | B115: 150838 | C115: DER-ES | D115: =VLOOKUP(B115,'SERVIÇOS JUNHO-2025'!$A$1:$E$8877,3,0) -> Eletrocalha perfurada em chapa de aço galvanizado nº16, 400x100mm, sem tampa | E115: =VLOOKUP(B115,'SERVIÇOS JUNHO-2025'!$A$1:$E$8877,4,0) -> m | F115: =VLOOKUP(B115,'MEMO CALCULO '!$B:$G,6,0) -> 600 | G115: =VLOOKUP(B115,'SERVIÇOS JUNHO-2025'!$A$1:$E$8877,5,0) -> 131.65 | H115: =G115*(1+$I$6) -> 172.93544 | I115: =IFERROR((F115*H115),0) -> 103761.26 | N115: =I115/$I$249 -> 0.012144106 | O115: =O114+N115 -> 0.60736746 | P115: A
A116: 115.2 | B116: 150863 | C116: DER-ES | D116: =VLOOKUP(B116,'SERVIÇOS JUNHO-2025'!$A$1:$E$8877,3,0) -> Tampa de encaixe para eletrocalha em chapa de aço galvanizada 18, dim. 400mm | E116: =VLOOKUP(B116,'SERVIÇOS JUNHO-2025'!$A$1:$E$8877,4,0) -> m | F116: =VLOOKUP(B116,'MEMO CALCULO '!$B:$G,6,0) -> 600 | G116: =VLOOKUP(B116,'SERVIÇOS JUNHO-2025'!$A$1:$E$8877,5,0) -> 62.5 | H116: =G116*(1+$I$6) -> 82.1 | I116: =IFERROR((F116*H116),0) -> 49260 | N116: =I116/$I$249 -> 0.0057653372 | O116: =O115+N116 -> 0.6131328 | P116: A
A117: 115.3 | B117: 150883 | C117: DER-ES | D117: =VLOOKUP(B117,'SERVIÇOS JUNHO-2025'!$A$1:$E$8877,3,0) -> Suporte de fixação de eletrocalha de 400x100mm, na parede, através de suporte tipo mão francesa reforçada (1 und), parafuso e bucha S8 (2 und) | E117: =VLOOKUP(B117,'SERVIÇOS JUNHO-2025'!$A$1:$E$8877,4,0) -> und | F117: =VLOOKUP(B117,'MEMO CALCULO '!$B:$G,6,0) -> 400 | G117: =VLOOKUP(B117,'SERVIÇOS JUNHO-2025'!$A$1:$E$8877,5,0) -> 63.33 | H117: =G117*(1+$I$6) -> 83.190288 | I117: =IFERROR((F117*H117),0) -> 33276.115 | N117: =I117/$I$249 -> 0.0038946006 | O117: =O116+N117 -> 0.6170274 | P117: A
A118: 11.6.1 | B118: 151126 | C118: DER-ES | D118: =VLOOKUP(B118,'SERVIÇOS JUNHO-2025'!$A$1:$E$8877,3,0) -> Eletroduto de PVC rígido roscável, diâmetro 3/4", inclusive conexões | E118: =VLOOKUP(B118,'SERVIÇOS JUNHO-2025'!$A$1:$E$8877,4,0) -> m | F118: =VLOOKUP(B118,'MEMO CALCULO '!$B:$G,6,0) -> 400 | G118: =VLOOKUP(B118,'SERVIÇOS JUNHO-2025'!$A$1:$E$8877,5,0) -> 18.93 | H118: =G118*(1+$I$6) -> 24.866448 | I118: =IFERROR((F118*H118),0) -> 9946.5792 | N118: =I118/$I$249 -> 0.0011641369 | O118: =O117+N118 -> 0.61819154 | P118: A
A119: 11.6.2 | B119: 151127 | C119: DER-ES | D119: =VLOOKUP(B119,'SERVIÇOS JUNHO-2025'!$A$1:$E$8877,3,0) -> Eletroduto de PVC rígido roscável, diâmetro 1", inclusive conexões | E119: =VLOOKUP(B119,'SERVIÇOS JUNHO-2025'!$A$1:$E$8877,4,0) -> m | F119: =VLOOKUP(B119,'MEMO CALCULO '!$B:$G,6,0) -> 200 | G119: =VLOOKUP(B119,'SERVIÇOS JUNHO-2025'!$A$1:$E$8877,5,0) -> 20.34 | H119: =G119*(1+$I$6) -> 26.718624 | I119: =IFERROR((F119*H119),0) -> 5343.7248 | N119: =I119/$I$249 -> 0.00062542378 | O119: =O118+N119 -> 0.61881696 | P119: A
A120: 11.6.3 | B120: 151130 | C120: DER-ES | D120: =VLOOKUP(B120,'SERVIÇOS JUNHO-2025'!$A$1:$E$8877,3,0) -> Eletroduto de PVC rígido roscável, diâmetro 2", inclusive conexões | E120: =VLOOKUP(B120,'SERVIÇOS JUNHO-2025'!$A$1:$E$8877,4,0) -> m | F120: =VLOOKUP(B120,'MEMO CALCULO '!$B:$G,6,0) -> 100 | G120: =VLOOKUP(B120,'SERVIÇOS JUNHO-2025'!$A$1:$E$8877,5,0) -> 36.86 | H120: =G120*(1+$I$6) -> 48.419296 | I120: =IFERROR((F120*H120),0) -> 4841.9296 | N120: =I120/$I$249 -> 0.00056669421 | O120: =O119+N120 -> 0.61938365 | P120: A
... A164: 12.12 | B164: 160659 | C164: DER-ES | D164: =VLOOKUP(B164,'SERVIÇOS JUNHO-2025'!$A$1:$E$8877,3,0) -> Manômetro com caixa e anel tipo cravado em aço inox, mostrador duplo 100 mm escalas de 0 à 10 kgf/cm2 e 0 à 150 PSI, saída traseira de 1/4" BSP | E164: =VLOOKUP(B164,'SERVIÇOS JUNHO-2025'!$A$1:$E$8877,4,0) -> und | F164: =VLOOKUP(B164,'MEMO CALCULO '!$B:$G,6,0) -> 2 | G164: =VLOOKUP(B164,'SERVIÇOS JUNHO-2025'!$A$1:$E$8877,5,0) -> 363.85 | H164: =G164*(1+$I$6) -> 477.95336 | I164: =IFERROR((F164*H164),0) -> 955.90672 | N164: =I164/$I$249 -> 0.00011187829 | O164: =O163+N164 -> 0.69483026 | P164: A
A165: 12.13 | B165: 64149 | C165: DER-ES | D165: =VLOOKUP($B$165,'INSUMO JUNHO-2025'!$A:$E,3,0) -> VÁLVULA ESFERA NPT CLASSE 300 Ø 3/4" | E165: =VLOOKUP($B$165,'INSUMO JUNHO-2025'!$A:$E,4,0) -> UN | F165: =VLOOKUP(B165,'MEMO CALCULO '!$B:$G,6,0) -> 2 | G165: =VLOOKUP($B$165,'INSUMO JUNHO-2025'!$A:$E,5,0) -> 98.04 | H165: =G165*(1+$I$5) -> 113.30483 | I165: =IFERROR((F165*H165),0) -> 226.60966 | N165: =I165/$I$249 -> 2.6522149e-05 | O165: =O164+N165 -> 0.69485679 | P165: A
A166: 12.14 | B166: 180301 | C166: DER-ES | D166: =VLOOKUP(B166,'SERVIÇOS JUNHO-2025'!$A$1:$E$8877,3,0) -> Bomba centrífuga trifásica 5CV, modelo 620 Dancor, ou equivalente | E166: =VLOOKUP(B166,'SERVIÇOS JUNHO-2025'!$A$1:$E$8877,4,0) -> und | F166: =VLOOKUP(B166,'MEMO CALCULO '!$B:$G,6,0) -> 2 | G166: =VLOOKUP(B166,'SERVIÇOS JUNHO-2025'!$A$1:$E$8877,5,0) -> 4522.62 | H166: =G166*(1+$I$6) -> 5940.9136 | I166: =IFERROR((F166*H166),0) -> 11881.827 | N166: =I166/$I$249 -> 0.0013906362 | O166: =O165+N166 -> 0.69624742 | P166: A
A167: 12.15 | B167: 160661 | C167: DER-ES | D167: =VLOOKUP(B167,'SERVIÇOS JUNHO-2025'!$A$1:$E$8877,3,0) -> Pressostato 100 / 150 PSI sem válvula, capacidade elétrica até 5CV em 250VCA, Margirius ou equivalente | E167: =VLOOKUP(B167,'SERVIÇOS JUNHO-2025'!$A$1:$E$8877,4,0) -> und | F167: =VLOOKUP(B167,'MEMO CALCULO '!$B:$G,6,0) -> 2 | G167: =VLOOKUP(B167,'SERVIÇOS JUNHO-2025'!$A$1:$E$8877,5,0) -> 136.19 | H167: =G167*(1+$I$6) -> 178.89918 | I167: =IFERROR((F167*H167),0) -> 357.79837 | N167: =I167/$I$249 -> 4.1876335e-05 | O167: =O166+N167 -> 0.6962893 | P167: A
A168: 12.16 | B168: 160662 | C168: DER-ES | D168: =VLOOKUP(B168,'SERVIÇOS JUNHO-2025'!$A$1:$E$8877,3,0) -> Tanque de pressurização/cilindro de pressão, capacidade de 10 litros, fornecimento (vazio) e instalação, exclusive conexões | E168: =VLOOKUP(B168,'SERVIÇOS JUNHO-2025'!$A$1:$E$8877,4,0) -> und | F168: =VLOOKUP(B168,'MEMO CALCULO '!$B:$G,6,0) -> 2 | G168: =VLOOKUP(B168,'SERVIÇOS JUNHO-2025'!$A$1:$E$8877,5,0) -> 488.86 | H168: =G168*(1+$I$6) -> 642.1665 | I168: =IFERROR((F168*H168),0) -> 1284.333 | N168: =I168/$I$249 -> 0.00015031695 | O168: =O167+N168 -> 0.69643962 | P168: A
A169: 12.17 | B169: 141216 | C169: DER-ES | D169: =VLOOKUP(B169,'SERVIÇOS JUNHO-2025'!$A$1:$E$8877,3,0) -> Tubo de aço carbono galvanizado, com costura, classe leve, diâmetro 65mm (2.1/2"), inclusive conexões | E169: =VLOOKUP(B169,'SERVIÇOS JUNHO-2025'!$A$1:$E$8877,4,0) -> m | F169: =VLOOKUP(B169,'MEMO CALCULO '!$B:$G,6,0) -> 40 | G169: =VLOOKUP(B169,'SERVIÇOS JUNHO-2025'!$A$1:$E$8877,5,0) -> 217.12 | H169: =G169*(1+$I$6) -> 285.20883 | I169: =IFERROR((F169*H169),0) -> 11408.353 | N169: =I169/$I$249 -> 0.0013352213 | O169: =O168+N169 -> 0.69777484 | P169: A
A170: 12.18 | B170: 141217 | C170: DER-ES | D170: =VLOOKUP(B170,'SERVIÇOS JUNHO-2025'!$A$1:$E$8877,3,0) -> Tubo de aço carbono galvanizado, com costura, classe leve, diâmetro 80mm (3"), inclusive conexões | E170: =VLOOKUP(B170,'SERVIÇOS JUNHO-2025'!$A$1:$E$8877,4,0) -> m | F170: =VLOOKUP(B170,'MEMO CALCULO '!$B:$G,6,0) -> 40 | G170: =VLOOKUP(B170,'SERVIÇOS JUNHO-2025'!$A$1:$E$8877,5,0) -> 239.38 | H170: =G170*(1+$I$6) -> 314.44957 | I170: =IFERROR((F170*H170),0) -> 12577.983 | N170: =I170/$I$249 -> 0.0014721135 | O170: =O169+N170 -> 0.69924695 | P170: A
A171: 12.19 | B171: 160663 | C171: DER-ES | D171: =VLOOKUP(B171,'SERVIÇOS JUNHO-2025'!$A$1:$E$8877,3,0) -> Fornecimento e instalação de Bateria estacionária 12V - 60 AH, para centrais de alarme / iluminação de emergência, Moura ou equivalente | E171: =VLOOKUP(B171,'SERVIÇOS JUNHO-2025'!$A$1:$E$8877,4,0) -> und | F171: =VLOOKUP(B171,'MEMO CALCULO '!$B:$G,6,0) -> 2 | G171: =VLOOKUP(B171,'SERVIÇOS JUNHO-2025'!$A$1:$E$8877,5,0) -> 597.15 | H171: =G171*(1+$I$6) -> 784.41624 | I171: =IFERROR((F171*H171),0) -> 1568.8325 | N171: =I171/$I$249 -> 0.00018361446 | O171: =O170+N171 -> 0.69943057 | P171: A
A172: 12.20 | B172: 160673 | C172: DER-ES | D172: =VLOOKUP(B172,'SERVIÇOS JUNHO-2025'!$A$1:$E$8877,3,0) -> Central de Alarme de Incêndio Endereçável, com capacidade para até 256 endereços, distribuídos em 4 laços, incluindo fornecimento, instalação e configuração completa | E172: =VLOOKUP(B172,'SERVIÇOS JUNHO-2025'!$A$1:$E$8877,4,0) -> und | F172: =VLOOKUP(B172,'MEMO CALCULO '!$B:$G,6,0) -> 1 | G172: =VLOOKUP(B172,'SERVIÇOS JUNHO-2025'!$A$1:$E$8877,5,0) -> 2730.15 | H172: =G172*(1+$I$6) -> 3586.325 | I172: =IFERROR((F172*H172),0) -> 3586.325 | N172: =I172/$I$249 -> 0.00041973961 | O172: =O171+N172 -> 0.69985031 | P172: A
A173: 12.21 | B173: 160674 | C173: DER-ES | D173: =VLOOKUP(B173,'SERVIÇOS JUNHO-2025'!$A$1:$E$8877,3,0) -> Acionador manual de alarme de incêndio endereçável, tipo quebra-vidro, na cor vermelha, incluso martelo ? Fornecimento, instalação e configuração | E173: =VLOOKUP(B173,'SERVIÇOS JUNHO-2025'!$A$1:$E$8877,4,0) -> und | F173: =VLOOKUP(B173,'MEMO CALCULO '!$B:$G,6,0) -> 2 | G173: =VLOOKUP(B173,'SERVIÇOS JUNHO-2025'!$A$1:$E$8877,5,0) -> 144.56 | H173: =G173*(1+$I$6) -> 189.89402 | I173: =IFERROR((F173*H173),0) -> 379.78803 | N173: =I173/$I$249 -> 4.4449981e-05 | O173: =O172+N173 -> 0.69989476 | P173: A
A174: 12.22 | B174: 160675 | C174: DER-ES | D174: =VLOOKUP(B174,'SERVIÇOS JUNHO-2025'!$A$1:$E$8877,3,0) -> Detector de fumaça óptico (fotoelétrico) endereçável, alimentação bivolt 12/24V ? Fornecimento, instalação e configuração | E174: =VLOOKUP(B174,'SERVIÇOS JUNHO-2025'!$A$1:$E$8877,4,0) -> und | F174: =VLOOKUP(B174,'MEMO CALCULO '!$B:$G,6,0) -> 40 | G174: =VLOOKUP(B174,'SERVIÇOS JUNHO-2025'!$A$1:$E$8877,5,0) -> 196.56 | H174: =G174*(1+$I$6) -> 258.20122 | I174: =IFERROR((F174*H174),0) -> 10328.049 | N174: =I174/$I$249 -> 0.0012087837 | O174: =O173+N174 -> 0.70110354 | P174: A
...

Sheet INSUMO JUNHO-2025
A1: Código | C1: Descrição | D1: Und. | E1: Preço
A2: 1 | C2: INSUMOS DE MAO DE OBRA
A3: 101 | C3: MAO DE OBRA (SALARIOS)
A4: 10101 | B4: DER-ES | C4: AJUDANTE (AJUDANTE PRATICO - SINDUSCON) | D4: H | E4: 8.53
A5: 10106 | B5: DER-ES | C5: AZULEJISTA (OFICIAL - SINDUSCON) | D5: H | E5: 10.12
A6: 10108 | B6: DER-ES | C6: CALCETEIRO/PINTOR (OFICIAL - SINDUSCON) | D6: H | E6: 10.12
A7: 10111 | B7: DER-ES | C7: CARPINTEIRO (OFICIAL - SINDUSCON) | D7: H | E7: 10.12
A8: 10115 | B8: DER-ES | C8: ELETRICISTA (OFICIAL - SINDUSCON) | D8: H | E8: 10.12
A9: 10117 | B9: DER-ES | C9: ELETROTECNICO MONTADOR - SINTRACONST | D9: H | E9: 17.49
A10: 10118 | B10: DER-ES | C10: ENCANADOR (OFICIAL - SINDUSCON) | D10: H | E10: 10.12
A11: 10121 | B11: DER-ES | C11: ARMADOR (OFICIAL - SINDUSCON) | D11: H | E11: 10.12
A12: 10124 | B12: DER-ES | C12: GRANITEIRO/MARMORISTA (OFICIAL - SINDUSCON) | D12: H | E12: 10.12
A13: 10126 | B13: DER-ES | C13: JARDINEIRO (OFICIAL - SINDUSCON) | D13: H | E13: 10.12
A14: 10128 | B14: DER-ES | C14: LADRILHISTA (OFICIAL - SINDUSCON) | D14: H | E14: 10.12
A15: 10130 | B15: DER-ES | C15: MONTADOR (SINTRACONST) | D15: H | E15: 13.35
... A24: 10157 | B24: DER-ES | C24: OPERADOR DE MAQUINAS AUXILIARES (OPERADOR DE MAQUINAS PESADAS I - SINDICOPES) | D24: H | E24: 10.18
A25: 102 | B25: DER-ES | C25: MAO DE OBRA (SALARIOS) - CONTINUACAO
A26: 10209 | B26: DER-ES | C26: TOPOGRAFO - (TECNICO 2O GRAU NIVEL C) | D26: H | E26: 19.04
A27: 10233 | B27: DER-ES | C27: NIVELADOR (SINTEC) | D27: H | E27: 7
A28: 10235 | B28: DER-ES | C28: AUXILIAR DE CAMPO (SINTEC) | D28: H | E28: 7
A29: 10237 | B29: DER-ES | C29: PINTOR (LETRISTA) - (SINTRACONST) | D29: H | E29: 13.45
A30: 10260 | B30: DER-ES | C30: AJUDANTE MONTADOR ELETROMECÂNICO - (AJUDANTE DE MONTAGEM SINTRACONST) | D30: H | E30: 7.85
A31: 10278 | B31: DER-ES | C31: MONTADOR DE ESTRUTURA - SINTRACONST | D31: H | E31: 15.13
A32: 10281 | B32: DER-ES | C32: MECANICO DE REFRIGERACAO - (SINDIFER) | D32: H | E32: 9.64
A33: 10282 | B33: DER-ES | C33: TECNICO DE REFRIGERACAO - (SINDIFER) | D33: H | E33: 16.32
A34: 10284 | B34: DER-ES | C34: MOTORISTA II - VEICULO C/ CAPAC. CARGA ACIMA DE 4 TONELADAS ATE 12 TONELADAS | D34: H | E34: 14.8
A35: 10285 | B35: DER-ES | C35: MOTORISTA III - VEICULO C/ CAPAC. CARGA ACIMA DE 12 TONELADAS | D35: H | E35: 10.16
A36: 10290 | B36: DER-ES | C36: VIDRACEIRO (OFICIAL - SINDUSCON) | D36: H | E36: 10.12
A37: 10292 | B37: DER-ES | C37: OPERADOR DE MAQUINAS PESADAS II - SINDICOPES | D37: H | E37: 10.8
A38: 103 | B38: DER-ES | C38: MÃO DE OBRA (SALÁRIOS - MENSALISTAS)
A39: 10301 | B39: DER-ES | C39: ENGENHEIRO JUNIOR | D39: MES | E39: 12903
A40: 10302 | B40: DER-ES | C40: ENGENHEIRO PLENO | D40: MES | E40: 14740.22
A41: 10303 | B41: DER-ES | C41: ENGENHEIRO SENIOR | D41: MES | E41: 16577.43
A42: 10304 | B42: DER-ES | C42: TECNICO 2 GRAU NIVEL A | D42: MES | E42: 6544.94
A43: 10305 | B43: DER-ES | C43: TECNICO 2 GRAU NIVEL B | D43: MES | E43: 5236.08
A44: 10306 | B44: DER-ES | C44: TECNICO 2 GRAU NIVEL C | D44: MES | E44: 4188.18
A45: 10307 | B45: DER-ES | C45: MESTRE DE OBRAS SENIOR | D45: MES | E45: 4026.88
A46: 10308 | B46: DER-ES | C46: ENCARREGADO DE TURMA | D46: MES | E46: 3097.6
A47: 10309 | B47: DER-ES | C47: COORDENADOR TECNICO ESPECIALISTA | D47: MES | E47: 18041.96
A48: 10310 | B48: DER-ES | C48: TECNICO 2 GRAU NIVEL D | D48: MES | E48: 3350.96
A49: 10311 | B49: DER-ES | C49: ALMOXARIFE | D49: MES | E49: 2226.4
A50: 10315 | B50: DER-ES | C50: AUXILIAR DE ALMOXARIFE | D50: MES | E50: 1683
... A53: 10323 | B53: DER-ES | C53: VIGIA | D53: MES | E53: 1683
A54: Código | B54: DER-ES | C54: Descrição | D54: Und. | E54: Preço
A55: 2 | B55: DER-ES | C55: INSUMOS BASICOS - CIVIL
A56: 203 | B56: DER-ES | C56: ELEMENTOS ESTRUTURAIS PRE-MOLDADOS
A57: 20356 | B57: DER-ES | C57: MOURAO RETO DE CONCRETO BASE 10X10CM H=2.50M | D57: UN | E57: 87.47
A58: 204 | B58: DER-ES | C58: AGREGADOS, AGLOMERANTES, MISTURADOS
A59: 20416 | B59: DER-ES | C59: CONCRETO USINADO FCK 30 MPA BRITA 0+1 ABATIMENTO 100 +/- 20MM | D59: M3 | E59: 560.68
A60: 20437 | B60: DER-ES | C60: REJUNTE EPOXI COR BRANCA | D60: KG | E60: 102.89
A61: 20463 | B61: DER-ES | C61: REJUNTE JUNTAPLUS FINA COR CINZA | D61: KG | E61: 8
A62: 20468 | B62: DER-ES | C62: REJUNTE PORCELANATO QUARTZOLIT | D62: KG | E62: 16.03
A63: 205 | B63: DER-ES | C63: AGREGADOS, AGLOMERANTES E MISTURAS
A64: 20503 | B64: DER-ES | C64: AREIA LAVADA MEDIA | D64: M3 | E64: 142.78
A65: 20505 | B65: DER-ES | C65: CAL HIDRATADO P/ ARGAMASSA CH III | D65: KG | E65: 1.07
A66: 20508 | B66: DER-ES | C66: CIMENTO PORTLAND CP III - 40 | D66: KG | E66: 0.59
A67: 20509 | B67: DER-ES | C67: CIMENTO BRANCO NAO ESTRUTURAL | D67: KG | E67: 4.22
A68: 20510 | B68: DER-ES | C68: CIMENTO COLANTE INDUSTRIALIZADO AC I | D68: KG | E68: 0.84
A69: 20514 | B69: DER-ES | C69: CONCRETO USINADO FCK 20 MPA BRITA 0+1 ABATIMENTO 100 +/- 20MM | D69: M3 | E69: 522.93
A70: 20517 | B70: DER-ES | C70: BRITA 1 | D70: M3 | E70: 160.69
A71: 20518 | B71: DER-ES | C71: BRITA 2 | D71: M3 | E71: 160.69
A72: 20519 | B72: DER-ES | C72: BRITA 3 | D72: M3 | E72: 160.69
A73: 20520 | B73: DER-ES | C73: BRITA 4 | D73: M3 | E73: 160.69
A74: 20521 | B74: DER-ES | C74: PEDRA DE MAO (RACHAO) | D74: M3 | E74: 158.15
A75: 20522 | B75: DER-ES | C75: PEDRISCO | D75: M3 | E75: 223.12
... A85: 20588 | B85: DER-ES | C85: REJUNTE PRE-FABRICADA | D85: KG | E85: 8
A86: 207 | B86: DER-ES | C86: AGREGADOS, AGLOMERANTES E MISTURAS
A87: 20732 | B87: DER-ES | C87: ARGAM COLANTE FLEXIVEL AC III P/ ASSENT. PORCELANATO E PEDRAS (GRANITO E MÁRMORE) | D87: KG | E87: 1.9
A88: 20746 | B88: DER-ES | C88: ARGAMASSA TIXOTROPICA DO TIPO SIKA MONOTOP 622, BAUTECH S88, NAFUFILLCR OU EQUIVALENTE | D88: KG | E88: 5.77
A89: 209 | B89: DER-ES | C89: MADEIRAS
A90: 20910 | B90: DER-ES | C90: FORMICA BRANCA ACABAMENTO FROST 0,80MM | D90: M2 | E90: 45.38
A91: 20975 | B91: DER-ES | C91: PECA EM MADEIRA PINUS 10 X 2.5 CM (BRUTA) | D91: M | E91: 9.33
A92: 20977 | B92: DER-ES | C92: PECA EM MADEIRA 7 X 2 CM (BRUTA) | D92: M | E92: 7.59
A93: 20982 | B93: DER-ES | C93: PECA EM MADEIRA 7X5CM (BRUTA) | D93: M | E93: 11.53
A94: 20985 | B94: DER-ES | C94: SARRAFO DE MADEIRA PINUS 10 X 2.5CM | D94: M | E94: 5.18
A95: 20986 | B95: DER-ES | C95: SARRAFO DE MADEIRA PINUS 8 X 2.5 CM (BRUTA) | D95: M | E95: 4.03
A96: 20987 | B96: DER-ES | C96: TABUA DE MADEIRA PINUS 30 X 2.5 CM (TAIPA DE 1ª) | D96: M2 | E96: 47.97
A97: 20988 | B97: DER-ES | C97: TABUA DE MADEIRA PINUS 30 X 2.5 CM | D97: M | E97: 13.58
A98: 210 | B98: DER-ES | C98: MADEIRAS
A99: 21005 | B99: DER-ES | C99: MADEIRA DE LEI PARA TELHADO COLONIAL/TELHA FRANCESA | D99: M3 | E99: 6246
A100: 21009 | B100: DER-ES | C100: PONTALETE DE MADEIRA BRUTA DE 3ª 8.0 X 8.0 CM | D100: M | E100: 9.98
A101: 21018 | B101: DER-ES | C101: SARRAFO DE MADEIRA DE LEI 8 X 2.5 CM (BRUTA) | D101: M | E101: 15.2
A102: 21023 | B102: DER-ES | C102: TACO P/ FIXACAO DE BATENTE/RODAPE 10X10X2,5 CM | D102: UN | E102: 4.2
A103: 21028 | B103: DER-ES | C103: CHAPA COMPENSADO NAVAL ESP. 15 MM, DIM. 2.20 X 1.60 M | D103: FL | E103: 236.28
A104: 21030 | B104: DER-ES | C104: CHAPA COMPENSADA RESINADA ESP. 6MM | D104: M2 | E104: 21.28
A105: 21031 | B105: DER-ES | C105: CHAPA COMPENSADA RESINADA ESP. 10MM | D105: M2 | E105: 30.13
A106: 21032 | B106: DER-ES | C106: CHAPA COMPENSADA RESINADA ESP. 12MM | D106: M2 | E106: 37.13
A107: 21033 | B107: DER-ES | C107: CHAPA COMPENSADA PLASTIFICADA ESP. 12MM | D107: M2 | E107: 45.4
A108: 21040 | B108: DER-ES | C108: PECA EM MADEIRA DE LEI 8.0 X 8.0 CM | D108: M | E108: 50.39
A109: 21041 | B109: DER-ES | C109: PECA EM MADEIRA DE LEI 5.0 X 10.0 CM (APARELHADA) | D109: M | E109: 29.75
A110: 21042 | B110: DER-ES | C110: PECA EM MADEIRA DE LEI 7.0 X 12.0 CM (APARELHADA) | D110: M | E110: 50.72
... A116: 21091 | B116: DER-ES | C116: FORMICA LISA BRILHANTE | D116: M2 | E116: 42.36
A117: 211 | B117: DER-ES | C117: MADEIRAS - CONTINUACAO
A118: 21108 | B118: DER-ES | C118: TABUA EM MADEIRA DE LEI DE 20CM DE LARGURA COM 3CM DE ESPESSURA | D118: M | E118: 46.17
A119: 21109 | B119: DER-ES | C119: ESCORA DE EUCALIPTO (COMP.=3.50M) | D119: DZ | E119: 184.94
A120: 21111 | B120: DER-ES | C120: PECA EM MADEIRA E LEI 6X16CM (BRUTA) | D120: M | E120: 57.13
A121: 21118 | B121: DER-ES | C121: PECA EM MADEIRA DE LEI 7X12CM (BRUTA) | D121: M | E121: 39.78
A122: 21144 | B122: DER-ES | C122: PECA EM MADEIRA DE LEI 7X5CM (BRUTA) | D122: M | E122: 21.97
A123: 21151 | B123: DER-ES | C123: PECA EM MADEIRA DE LEI 2X1 CM (BRUTA) | D123: M | E123: 3.59
A124: 21170 | B124: DER-ES | C124: PECA EM MADEIRA DE LEI 8.5 X 2 CM (BRUTA) | D124: M | E124: 11.13
...

Sheet SERVIÇOS JUNHO-2025
A1: Item | C1: Especificação do Serviço | D1: Und. | E1: Preço Unitário
A2: 10201 | B2: DER-ES | C2: Demolição manual de piso cimentado espessura de 1,5 cm, inclusive lastro de concreto espessura de 6,0 cm, sem reaproveitamento | D2: m2 | E2: 16.92
A3: 10202 | B3: DER-ES | C3: Demolição manual de revestimento cerâmico/porcelanato (pisos), exclusive lastro, sem reaproveitamento | D3: m2 | E3: 21.13
A4: 10203 | B4: DER-ES | C4: Demolição manual de revestimento cerâmico/porcelanato (pisos), inclusive lastro de concreto espessura de 6,0 cm, sem reaproveitamento | D4: m2 | E4: 34.67
A5: 10204 | B5: DER-ES | C5: Demolição manual de piso de madeira (tacos), exclusive lastro, sem reaproveitamento | D5: m2 | E5: 12.72
A6: 10205 | B6: DER-ES | C6: Demolição manual de piso de madeira (tábuas), exclusive lastro, sem reaproveitamento | D6: m2 | E6: 19.6
A7: 10206 | B7: DER-ES | C7: Demolição manual de revestimento cerâmico/porcelanato (parede), exclusive emboço/reboco, sem reaproveitamento | D7: m2 | E7: 23.54
A8: 10207 | B8: DER-ES | C8: Demolição manual de lambri de madeira em parede, sem reaproveitamento | D8: m2 | E8: 19.6
A9: 10208 | B9: DER-ES | C9: Retirada manual de revestimento em argamassa cimento e areia (emboço e reboco), sem reaproveitamento | D9: m2 | E9: 10.73
A10: 10209 | B10: DER-ES | C10: Demolição manual de alvenaria de bloco furado (cerâmico), sem reaproveitamento | D10: m3 | E10: 59.61
A11: 10210 | B11: DER-ES | C11: Demolição manual de concreto simples, sem reaproveitamento | D11: m3 | E11: 225.81
A12: 10212 | B12: DER-ES | C12: Retirada manual cuidadosa de pavimento em paralelepípedos, inclusive limpeza e empilhamento para reaproveitamento | D12: m2 | E12: 21.51
A13: 10213 | B13: DER-ES | C13: Retirada manual cuidadosa de blocos pré-moldados de concreto (Blokret), inclusive limpeza e empilhamento para reaproveitamento | D13: m2 | E13: 17.93
... A46: 10292 | B46: DER-ES | C46: Retirada manual de alizar de madeira, sem reaproveitamento | D46: m | E46: 1.54
A47: 103 | B47: DER-ES | C47: DEMOLIÇÕES E RETIRADAS
A48: 10315 | B48: DER-ES | C48: Retirada manual de telhas tipo Canalete 49, sem reaproveitamento | D48: m2 | E48: 5.57
A49: 10317 | B49: DER-ES | C49: Demolição cuidadosa de alvenaria de forma manual, para abertura de vãos, sem reaproveitamento | D49: m2 | E49: 102.14
A50: 10318 | B50: DER-ES | C50: Remoção manual de forro modular apoiados em estruturas em perfis metálicos, sem reaproveitamento | D50: m2 | E50: 8.77
A51: 10319 | B51: DER-ES | C51: Remoção manual de pintura antiga a base de óleo ou esmalte sobre esquadrias, com aplicação de removedor | D51: m2 | E51: 20.21
A52: 10320 | B52: DER-ES | C52: Remoção manual de revestimento de pisos com forração têxtil, com aplicação de solvente | D52: m2 | E52: 3.93
A53: 10323 | B53: DER-ES | C53: Retirada de torneira, sem reaproveitamento | D53: und | E53: 8.08
A54: 10324 | B54: DER-ES | C54: Retirada manual de telha tipo Canalete 90, sem reaproveitamento | D54: m2 | E54: 6.68
A55: 10325 | B55: DER-ES | C55: Demolição manual de estrutura de madeira para telhado, sem reaproveitamento | D55: m2 | E55: 7.82
A56: 10326 | B56: DER-ES | C56: Remoção manual de trama de madeira para cobertura, com reaproveitamento | D56: m2 | E56: 31.9
A57: 10327 | B57: DER-ES | C57: Retirada manual de batente (marco) de madeira, sem reaproveitamento | D57: m | E57: 4.04
A58: 10329 | B58: DER-ES | C58: Retirada manual de disjuntor monofásico, bifásico ou trifásico, sem reaproveitamento | D58: und | E58: 6.53
A59: 10331 | B59: DER-ES | C59: Demolição manual de piso, soleira, peitoris e escadas em mármore ou granito, exclusive regularização, sem reaproveitamento | D59: m2 | E59: 11.92
... A62: 10344 | B62: DER-ES | C62: Demolição de lajes, em concreto armado, de forma mecanizada com martelete demolidor elétrico, sem reaproveitamento | D62: m3 | E62: 89.87
A63: 104 | B63: DER-ES | C63: LIMPEZA DO TERRENO
A64: 10401 | B64: DER-ES | C64: Corte manual de capoeira fina com foice | D64: m2 | E64: 1.52
A65: 10402 | B65: DER-ES | C65: Raspagem superficial e limpeza manual do terreno, realizado com o uso de ferramentas manuais | D65: m2 | E65: 4.92
A66: 10403 | B66: DER-ES | C66: Corte e destocamento manual de árvores com diâmetro de até 15 cm | D66: und | E66: 59.04
A67: 10404 | B67: DER-ES | C67: Corte e destocamento mecanizado de árvores com diâmetro superior a 30 cm | D67: und | E67: 167.59
A68: 105 | B68: DER-ES | C68: LOCAÇÃO
A69: 10501 | B69: DER-ES | C69: Locação de obra com gabarito de madeira | D69: m2 | E69: 11.11
A70: 10512 | B70: DER-ES | C70: Equipe topográfica para serviços simples de locação e nivelamento (incluindo equipamento, transporte e profissionais nivel médio) | D70: mês | E70: 23119.09
A71: 108 | B71: DER-ES | C71: SERVIÇOS ADMINISTRATIVOS E TÉCNICOS - MENSALISTAS
A72: 10801 | B72: DER-ES | C72: Engenheiro Junior | D72: mês | E72: 22311.86
A73: 10802 | B73: DER-ES | C73: Engenheiro Pleno | D73: mês | E73: 25488.78
A74: 10803 | B74: DER-ES | C74: Engenhero Sênior | D74: mês | E74: 28665.69
A75: 10807 | B75: DER-ES | C75: Almoxarife | D75: mês | E75: 3849.89
A76: 10808 | B76: DER-ES | C76: Auxiliar de Almoxarife | D76: mês | E76: 2910.24
A77: 10809 | B77: DER-ES | C77: Vigia | D77: mês | E77: 2910.24
A78: 10810 | B78: DER-ES | C78: Encarregado de turma | D78: mês | E78: 5356.36
A79: 10811 | B79: DER-ES | C79: Mestre de Obras Senior | D79: mês | E79: 6963.28
A80: 10812 | B80: DER-ES | C80: Coordenador Tecnico Especialista | D80: mês | E80: 31198.15
A81: 10813 | B81: DER-ES | C81: Técnico Nível Superior | D81: mês | E81: 17822.06
A82: 10814 | B82: DER-ES | C82: Técnico Segundo Grau Nivel "A" | D82: mês | E82: 11317.51
A83: 10815 | B83: DER-ES | C83: Técnico Segundo Grau Nivel "B" | D83: mês | E83: 9054.22
... A86: 10818 | B86: DER-ES | C86: Cotador (Auxiliar de Engenharia) | D86: mês | E86: 7920.92
A87: 2 | B87: DER-ES | C87: INSTALAÇÃO DO CANTEIRO DE OBRAS
A88: 203 | B88: DER-ES | C88: TAPUMES, BARRACÕES E COBERTURAS
A89: 20305 | B89: DER-ES | C89: Placa de obra nas dimensões de 2.0 x 4.0 m, padrão DER | D89: m2 | E89: 294.79
A90: 20339 | B90: DER-ES | C90: Locação de andaime metálico para trabalho em fachada de edifíco (aluguel de 1 m² por 1 mês) inclusive frete, montagem e desmontagem | D90: m2 | E90: 21.6
A91: 20343 | B91: DER-ES | C91: Aluguel mensal container para escritório, sem banheiro, dim. 6.00x2.40m, incl. porta, 2 janelas, abert p/ ar cond., 2 pt iluminação, 2 tomadas elét. e 1 tomada telef. Isolamento térmico (teto e paredes), piso em comp. Naval, cert. NR18, incl. laudo descontaminação. | D91: mês | E91: 1230
A92: 20344 | B92: DER-ES | C92: Mobilização e desmobilização de conteiner locado para barracão de obra | D92: und | E92: 1666.67
A93: 20346 | B93: DER-ES | C93: Locação de andaime metálico para fachada - tipo torre (aluguel mensal) | D93: m | E93: 15.11
A94: 20348 | B94: DER-ES | C94: Fornecimento e instalação de proteção para andaime fachadeiro considerando plataforma, rodapé e guarda-corpo em madeira, inclusive entelamento, conforme NR-18 (medido por m2 de fachada) | D94: m2 | E94: 31.85
A95: 20350 | B95: DER-ES | C95: Tapume Telha Metálica Ondulada em aço galvalume 0,50mm Branca h=2,20m, incl. montagem estr. mad. 8"x8", c/adesivo "DER-ES" 60x60cm a cada 10m, incl. faixas pint. esmalte sint. cores azul c/ h=30cm e rosa c/ h=10cm (Reaproveitamento 2x) | D95: m | E95: 148.86
A96: 20351 | B96: DER-ES | C96: Tapume madeira compensada resinada e= 12mm h=2,20m, estr. c/ mad reflorest., incl mont, pintura esmalte sint, adesivo "DER-ES" 60x60cm a cada 10m e faixas c/ pintura esmalte sintético nas cores azul c/ h=30cm e rosa c/ h=10cm | D96: m | E96: 315.13
A97: 20352 | B97: DER-ES | C97: Aluguel mensal container para escritório, dim. 6.00x2.40m, c/ banheiro (vaso+lavat+chuveiro e básc), incl. porta, 2 janelas, abert p/ ar cond., 2 pt iluminação, 2 tom. elét. e 1 tom.telef. Isolam.térmico(teto e paredes), piso em comp. Naval, cert. NR18, incl. laudo descontaminação. | D97: ms | E97: 1229.4
A98: 20353 | B98: DER-ES | C98: Aluguel mensal container para refeitorio, incl. porta, 2 janelas, abert p/ ar cond., 2 pt iluminação, 2 tomadas elét. e 1 tomada telef. Isolamento térmico (paredes e teto), piso em comp. Naval pintado, cert. NR18, incl. laudo descontaminação. | D98: ms | E98: 1216.17
A99: 20354 | B99: DER-ES | C99: Aluguel mensal container para vestiário, incl. porta, venezianas de circulação, 1 pt iluminação, Isolamento térmico (teto), piso em comp. Naval pintado, cert. NR18, incl. laudo descontaminação. | D99: ms | E99: 769.25
A100: 20355 | B100: DER-ES | C100: Aluguel mensal container sanitário, incl porta, básc, 2 ptos luz, 1 pto aterram., 3vasos, 3lavatórios, calha mictório, 6 chuveiros (1 eletrico), torn.,registros, piso comp. Naval pintado, cert NR18 e laudo descontaminação | D100: ms | E100: 1249.4
A101: 20356 | B101: DER-ES | C101: Aluguel mensal container para almoxarifado, incl. porta, 2 janelas, 1 pt iluminação, Isolamento térmico (teto), piso em comp. Naval pintado, cert. NR18, incl. laudo descontaminação. | D101: ms | E101: 914.25
A102: 207 | B102: DER-ES | C102: INSTALAÇÃO DO CANTEIRO DE OBRAS (UTILIZAÇÃO 1 VEZ), PROJETO PADRÃO LABOR - NR.18 (OBRAS COM PRAZO DE EXECUÇÃO SUPERIOR A 12 MESES)
A103: 20701 | B103: DER-ES | C103: Barracão para escritório com sanitário área de 14.50 m2, de chapa de compens. 12mm e pontalete 8x8cm, piso cimentado e cobertura de telha de fibroc. 6mm, incl. ponto de luz e cx. de inspeção, conf. projeto (1 utilização) | D103: m2 | E103: 863.7
A104: 20702 | B104: DER-ES | C104: Barracão para almoxarifado área de 10.90m2, de chapa de compensado de 12mm e pontalete 8x8cm, piso cimentado e cobertura de telhas de fibrocimento de 6mm, incl. ponto de luz, conf. projeto (1 utilização) | D104: m2 | E104: 600.86
A105: 20703 | B105: DER-ES | C105: Barracão para depósito de cimento área de 10.90m2, de chapa de compensado 12mm e pontaletes 8x8cm, piso cimentado e cobertura de telhas de fibrocimento de 6mm, inclusive ponto de luz, conf. projeto (1 utilização) | D105: m2 | E105: 523.63
A106: 20704 | B106: DER-ES | C106: Refeitório com paredes de chapa de compens. 12mm e pontaletes 8x8cm, piso ciment. e cob. de telhas fibroc. 6mm, incl. ponto de luz e cx. de inspeção (cons. 1.21 m2/func./turno), conf. projeto (1 utilização) | D106: m2 | E106: 479.45
A107: 20705 | B107: DER-ES | C107: Unidade de sanitário e vestiário p/ até 20 func. área de 18.15m2, paredes de chapa compens. 12mm e pontalete 8x8cm, piso cimentado, cobert. telha fibroc. 6mm, incl. instalação de luz e cx. de inspeção, conf. projeto (1 utilização) | D107: und | E107: 16054.82
A108: 20706 | B108: DER-ES | C108: Unidade de sanitário e vestiário de 20 a 40 func. área 25.40m2, paredes de chapa compens. 12mm e pontalete 8x8cm, piso cimentado, cobert. telha fibroc. 6mm, incl. inst. de luz e cx. de inspeção, conf. projeto (1 utilização) | D108: und | E108: 24174.92
A109: 20707 | B109: DER-ES | C109: Unidade de sanitário e vestiário de 40 a 60 func. área 33.90m2, paredes de chapa compens. 12mm e pontalete 8x8cm, piso cimentado, cobert. telha fibroc. 6mm, incl. inst. de luz e cx. de inspeção, conf. projeto (1 utilização) | D109: und | E109: 29935.85
A110: 20708 | B110: DER-ES | C110: Galpão para serraria e carpintaria área 12.00m2, em peça de madeira 8x8cm e contraventamento de 5x7cm, cobertura de telha de fibroc. de 6mm, inclusive ponto e cabo de alimentação da máquina, conf. projeto (1 utilização) | D110: m2 | E110: 214.16
A111: 20709 | B111: DER-ES | C111: Galpão para corte e armação com área de 6.00m2, em peças de madeira 8x8cm e contraventamento de 5x7cm, cobertura de telhas de fibroc. de 6mm, inclusive ponto e cabo de alimentação da máquina, conf. projeto (1 utilização) | D111: m2 | E111: 289.88
A112: 20710 | B112: DER-ES | C112: Reservatório de poliestileno de 500L, incl. suporte em madeira de 7x12cm e 5x7cm, elevado de 4m, conf. projeto (1 utilização) | D112: und | E112: 1770.47
A113: 20711 | B113: DER-ES | C113: Reservatório de poliestileno de 1000 L, incl. suporte em madeira de 7x12cm e 8x7cm, elevado de 4m, conf. projeto (1 utilização) | D113: und | E113: 2093.69
A114: 20712 | B114: DER-ES | C114: Rede de água com padrão de entrada d'água diâm. 3/4", conf. espec. CESAN, incl. tubos e conexões para alimentação, distribuição, extravasor e limpeza, cons. o padrão a 25m, conf. projeto (1 utilização) | D114: m | E114: 56.94
... A116: 20714 | B116: DER-ES | C116: Rede de esgoto, contendo fossa e filtro, inclusive tubos e conexões de ligação entre caixas, considerando distância de 25m, conforme projeto (1 utilização) | D116: m | E116: 448.26
A117: 208 | B117: DER-ES | C117: INSTALAÇÃO DO CANTEIRO DE OBRAS (UTILIZAÇÃO 2 VEZES), PROJETO PADRÃO LABOR - NR.18 (OBRAS COM PRAZO DE EXECUÇÃO DE 6 A 12 MESES)
A118: 20801 | B118: DER-ES | C118: Barracão para escritório com sanitário área 14.50m2, de chapa de compens. 12mm e pontalete 8x8cm, piso cimentado e cobertura de telha de fibroc. 6mm, incl. ponto de luz e cx. de inspeção, conf. projeto (2 utilizações) | D118: m2 | E118: 665.27
A119: 20802 | B119: DER-ES | C119: Barracão para almoxarifado área de 10.90m2, de chapa de compensado 12mm e pontaletes 8x8cm, piso cimentado e cobertura de telha de fibrocimento de 6mm, inclusive ponto de luz, conf. projeto (2 utilizações) | D119: m2 | E119: 472.96
A120: 20803 | B120: DER-ES | C120: Barracão para depósito de cimento área de 10.90m2, de chapa de compensado 12mm e pontaletes 8x8cm, piso cimentado e cobertura de telhas de fibrocimento de 6mm, inclusive ponto de luz, conf. projeto (2 utilizações) | D120: m2 | E120: 414.14
A121: 20804 | B121: DER-ES | C121: Refeitório com paredes de chapa de compens. 12mm e pontaletes 8x8cm, piso ciment. e cobert. de telhas fibroc. 6mm, incl. ponto de luz e cx. de inspeção (cons. 1.21m2/func./turno), conf. projeto (2 utilização) | D121: m2 | E121: 403.14
A122: 20805 | B122: DER-ES | C122: Unidade de sanitário e vestiário para até 20 func. área 18.15m2, paredes de chapa compens. 12mm e pontalete 8x8cm, piso cimentado, cobert. telha fibroc. 6mm, incl. inst. de luz e cx. de inspeção, conf. projeto (2 utilizações) | D122: und | E122: 12779.24
A123: 20806 | B123: DER-ES | C123: Unidade de sanitário e vestiário de 20 a 40 func. área 25.40m2, paredes de chapa compens. 12mm e pontalete 8x8cm, piso cimentado, cobert. telha fibroc. 6mm, incl. inst. de luz e cx. de inspeção, conf. projeto (2 utilizações) | D123: und | E123: 19226.35
A124: 20807 | B124: DER-ES | C124: Unidade de sanitário e vestiário de 40 a 60 func. área 33.90m2, paredes de chapa compens. 12mm e pontalete 8x8cm, piso cimentado, cobert. telha fibroc. 6mm, incl. inst. de luz e cx. de inspeção, conf. projeto (2 utilizações) | D124: und | E124: 23910.44
A125: 20808 | B125: DER-ES | C125: Galpão para serraria e carpintaria área 12.00m2, em peças de madeira 8x8cm e contraventamento de 5x7cm, cobertura de telhas de fibroc. de 6mm, inclusive ponto e cabo de alimentação da máquina, conf. projeto (2 utilizações) | D125: m2 | E125: 153.78
A126: 20809 | B126: DER-ES | C126: Galpão para corte e armação com área de 6.00m2, de peças de madeira 8x8cm e contraventamento de 5x7cm, cobertura de telhas de fibroc. de 6mm, inclusive ponto e cabo de alimentação da máquina, conf. projeto (2 utilizações) | D126: m2 | E126: 213.27
A127: 20810 | B127: DER-ES | C127: Reservatório de poliestileno de 500 L, incl. suporte em madeira de 7x12cm e 5x7cm, elevado de 4m, conforme projeto (2 utilizações) | D127: und | E127: 1125.35
A128: 20811 | B128: DER-ES | C128: Reservatório de poliestileno de 1000 L, inclusive suporte em madeira de 7x12cm e 5x7cm, elevado de 4m, conforme projeto (2 utilizações) | D128: und | E128: 1309.38
A129: 20812 | B129: DER-ES | C129: Rede de água, com padrão de entrada d'água diâm. 3/4", conf. espec. CESAN, incl. tubos e conexões para alimentação, distribuição, extravasor e limpeza, cons. o padrão a 25m, conf. projeto (2 utilizações) | D129: m | E129: 39.71
A130: 3 | B130: DER-ES | C130: MOVIMENTO DE TERRA
A131: 301 | B131: DER-ES | C131: ESCAVAÇÕES
A132: 30101 | B132: DER-ES | C132: Escavação manual em material de 1a. categoria, até 1.50 m de profundidade | D132: m3 | E132: 63.96
A133: 30102 | B133: DER-ES | C133: Escavação manual em material de 2a. categoria, até 1.50 m de profundidade | D133: m3 | E133: 108.24
A134: 30103 | B134: DER-ES | C134: Escavação mecânica em material de 1a. categoria | D134: m3 | E134: 16.22
A135: 30104 | B135: DER-ES | C135: Escavação mecânica em material de 2a. categoria | D135: m3 | E135: 22.68
A136: 30119 | B136: DER-ES | C136: Apiloamento do fundo de vala com maço de 30 a 60kg | D136: m2 | E136: 33.45
A137: 302 | B137: DER-ES | C137: REATERRO E COMPACTAÇÃO
...

Sheet COMP.01_RODAPÉ
B2: COMPOSIÇÃO DE PREÇO UNITÁRIO 01
B3: SERVIÇO: | D3: =VLOOKUP(B5,'Planilha Orçamentária'!$N$10:$Q$10199,3,0) -> Demolição de rodapé cerâmico, de forma manual, sem reaproveitamento
B4: BASE: DER-ES, SINAPI; DATA: JUNHO/2025 | E4: ESPECIFICAÇÃO: - | H4: UNIDADE: | J4: =VLOOKUP(B5,'Planilha Orçamentária'!$N$10:$Q$313,4,0) -> m
B5: COMP-01 | H5: ITEM: | J5: =VLOOKUP(B5,'Planilha Orçamentária'!$N$10:$Q$313,2,0) -> 2.21
B6: CÓD. | C6: ÓRGÃO | D6: MÃO DE OBRA | E6: UNIDADE | F6: QUANTIDADE | H6: SALÁRIO HORA | J6: CUSTO HORÁRIO
B7: 10146 | C7: =VLOOKUP(B7,'INSUMO JUNHO-2025'!$A$1:$E$6480,2,0) -> DER-ES | D7: =VLOOKUP(B7,'INSUMO JUNHO-2025'!$A$1:$E$6480,3,0) -> SERVENTE (AUXILIAR DE OBRAS - SINDUSCON) | E7: =VLOOKUP(B7,'INSUMO JUNHO-2025'!$A$1:$E$6480,4,0) -> H | F7: 0.0888 | H7: =VLOOKUP(B7,'INSUMO JUNHO-2025'!$A$1:$E$6480,5,0)*2.5727 -> 19.681155 | J7: =F7*H7 -> 1.7476866
B8: 10106 | C8: =VLOOKUP(B8,'INSUMO JUNHO-2025'!$A$1:$E$6480,2,0) -> DER-ES | D8: =VLOOKUP(B8,'INSUMO JUNHO-2025'!$A$1:$E$6480,3,0) -> AZULEJISTA (OFICIAL - SINDUSCON) | E8: =VLOOKUP(B8,'INSUMO JUNHO-2025'!$A$1:$E$6480,4,0) -> H | F8: 0.0264 | H8: =VLOOKUP(B8,'INSUMO JUNHO-2025'!$A$1:$E$6480,5,0)*2.5727 -> 26.035724 | J8: =F8*H8 -> 0.68734311
B9: SUBTOTAL | J9: =SUM(J7:J8) -> 2.4350297
B10: MÃO DE OBRA (A) | J10: =J9 -> 2.4350297
B11: MATERIAIS ( B ) | J11: 0
B12: EQUIPAMENTOS ( C ) | J12: 0
B13: PRODUÇÃO DA EQUIPE ( D ) | J13: 1
G14: CUSTO HORÁRIO TOTAL (A+C) | J14: =J10+J12 -> 2.4350297
B15: CUSTO UNITÁRIO DA EXECUÇÃO [(A/D) + (C/D)] = ( E ) | J15: =(J10/J13)+(J12/J13) -> 2.4350297
G16: CUSTO DIRETO TOTAL (B+E) | J16: =J11+J15 -> 2.4350297
B17: ( H ) TOTAL | J17: =J16 -> 2.4350297
B19: Observações:
B20: 1. Preços unitários, códigos e descrição da mão de obra são compatíveis com TABELA CUSTOS REFERENCIAIS LABOR/CT- UFES PADRÃO DER-ES JUNHO/2025.
B21: 2. Os coeficientes utilizados para mão de obra são os mesmos da composição do serviço 97632 (Demolição de rodapé cerâmico, de forma manual, sem reaproveitamento. Af_09/2023) do SINAPI junho/2025.
B24: ________________________________________________
A25: PEDRO JAYME LANI JUNIOR
A26: Assessor de Assuntos de Gestão
A27: Engenheiro Civil
A28: CREA ES 20109/D

Sheet COMP.02_FORRO
B2: COMPOSIÇÃO DE PREÇO UNITÁRIO 02
B3: SERVIÇO: | D3: =VLOOKUP(B5,'Planilha Orçamentária'!$N$10:$Q$10199,3,0) -> Remoção de forro de PVC, de forma manual, sem reaproveitamento.
B4: BASE: DER-ES, SINAPI; DATA: JUNHO/2025 | E4: ESPECIFICAÇÃO: - | H4: UNIDADE: | J4: =VLOOKUP(B5,'Planilha Orçamentária'!$N$10:$Q$313,4,0) -> m2
B5: COMP-02 | H5: ITEM: | J5: =VLOOKUP(B5,'Planilha Orçamentária'!$N$10:$Q$313,2,0) -> 2.22
B6: CÓD. | C6: ÓRGÃO | D6: MÃO DE OBRA | E6: UNIDADE | F6: QUANTIDADE | H6: SALÁRIO HORA | J6: CUSTO HORÁRIO
B7: 10146 | C7: =VLOOKUP(B7,'INSUMO JUNHO-2025'!$A$1:$E$6480,2,0) -> DER-ES | D7: =VLOOKUP(B7,'INSUMO JUNHO-2025'!$A$1:$E$6480,3,0) -> SERVENTE (AUXILIAR DE OBRAS - SINDUSCON) | E7: =VLOOKUP(B7,'INSUMO JUNHO-2025'!$A$1:$E$6480,4,0) -> H | F7: 0.647 | H7: =VLOOKUP(B7,'INSUMO JUNHO-2025'!$A$1:$E$6480,5,0)*2.5727 -> 19.681155 | J7: =F7*H7 -> 12.733707
B8: 10278 | C8: =VLOOKUP(B8,'INSUMO JUNHO-2025'!$A$1:$E$6480,2,0) -> DER-ES | D8: =VLOOKUP(B8,'INSUMO JUNHO-2025'!$A$1:$E$6480,3,0) -> MONTADOR DE ESTRUTURA - SINTRACONST | E8: =VLOOKUP(B8,'INSUMO JUNHO-2025'!$A$1:$E$6480,4,0) -> H | F8: 0.0229 | H8: =VLOOKUP(B8,'INSUMO JUNHO-2025'!$A$1:$E$6480,5,0)*2.5727 -> 38.924951 | J8: =F8*H8 -> 0.89138138
B9: SUBTOTAL | J9: =SUM(J7:J8) -> 13.625089
B10: MÃO DE OBRA (A) | J10: =J9 -> 13.625089
B11: MATERIAIS ( B ) | J11: 0
B12: EQUIPAMENTOS ( C ) | J12: 0
B13: PRODUÇÃO DA EQUIPE ( D ) | J13: 1
G14: CUSTO HORÁRIO TOTAL (A+C) | J14: =J10+J12 -> 13.625089
B15: CUSTO UNITÁRIO DA EXECUÇÃO [(A/D) + (C/D)] = ( E ) | J15: =(J10/J13)+(J12/J13) -> 13.625089
G16: CUSTO DIRETO TOTAL (B+E) | J16: =J11+J15 -> 13.625089
B17: ( H ) TOTAL | J17: =J16 -> 13.625089
B19: Observações:
B20: 1. Preços unitários, códigos e descrição da mão de obra são compatíveis com TABELA CUSTOS REFERENCIAIS LABOR/CT- UFES PADRÃO DER-ES JUNHO/2025.
B21: 2. Os coeficientes utilizados para mão de obra são os mesmos da composição do serviço 97640 (Remoção de forros de drywall, pvc e fibromineral, de forma manual, sem reaproveitamento. Af_09/2023) do SINAPI JUNHO/2025.
B24: ________________________________________________
A25: PEDRO JAYME LANI JUNIOR
A26: Assessor de Assuntos de Gestão
A27: Engenheiro Civil
A28: CREA ES 20109/D

Sheet COMP.03_REMOÇÃO CERCA
B2: COMPOSIÇÃO DE PREÇO UNITÁRIO 03
B3: SERVIÇO: | D3: =VLOOKUP(B5,'Planilha Orçamentária'!$N$10:$Q$10199,3,0) -> Remoção de cercas e mourões, de forma manual, sem reaproveitamento
B4: BASE: DER-ES, SINAPI; DATA: JUNHO/2025 | E4: ESPECIFICAÇÃO: - | H4: UNIDADE: | J4: =VLOOKUP(B5,'Planilha Orçamentária'!$N$10:$Q$313,4,0) -> m
B5: COMP-03 | H5: ITEM: | J5: =VLOOKUP(B5,'Planilha Orçamentária'!$N$10:$Q$313,2,0) -> 2.23
B6: CÓD. | C6: ÓRGÃO | D6: MÃO DE OBRA | E6: UNIDADE | F6: QUANTIDADE | H6: SALÁRIO HORA | J6: CUSTO HORÁRIO
B7: 10146 | C7: =VLOOKUP(B7,'INSUMO JUNHO-2025'!$A$1:$E$6480,2,0) -> DER-ES | D7: =VLOOKUP(B7,'INSUMO JUNHO-2025'!$A$1:$E$6480,3,0) -> SERVENTE (AUXILIAR DE OBRAS - SINDUSCON) | E7: =VLOOKUP(B7,'INSUMO JUNHO-2025'!$A$1:$E$6480,4,0) -> H | F7: 0.1917 | H7: =VLOOKUP(B7,'INSUMO JUNHO-2025'!$A$1:$E$6480,5,0)*2.5727 -> 19.681155 | J7: =F7*H7 -> 3.7728774
B8: 10139 | C8: =VLOOKUP(B8,'INSUMO JUNHO-2025'!$A$1:$E$6480,2,0) -> DER-ES | D8: =VLOOKUP(B8,'INSUMO JUNHO-2025'!$A$1:$E$6480,3,0) -> PEDREIRO (OFICIAL - SINDUSCON) | E8: =VLOOKUP(B8,'INSUMO JUNHO-2025'!$A$1:$E$6480,4,0) -> H | F8: 0.1917 | H8: =VLOOKUP(B8,'INSUMO JUNHO-2025'!$A$1:$E$6480,5,0)*2.5727 -> 26.035724 | J8: =F8*H8 -> 4.9910483
B9: SUBTOTAL | J9: =SUM(J7:J8) -> 8.7639257
B10: MÃO DE OBRA (A) | J10: =J9 -> 8.7639257
B11: MATERIAIS ( B ) | J11: 0
B12: EQUIPAMENTOS ( C ) | J12: 0
B13: PRODUÇÃO DA EQUIPE ( D ) | J13: 1
G14: CUSTO HORÁRIO TOTAL (A+C) | J14: =J10+J12 -> 8.7639257
B15: CUSTO UNITÁRIO DA EXECUÇÃO [(A/D) + (C/D)] = ( E ) | J15: =(J10/J13)+(J12/J13) -> 8.7639257
G16: CUSTO DIRETO TOTAL (B+E) | J16: =J11+J15 -> 8.7639257
B17: ( H ) TOTAL | J17: =J16 -> 8.7639257
B19: Observações:
B20: 1. Preços unitários, códigos e descrição da mão de obra são compatíveis com TABELA CUSTOS REFERENCIAIS LABOR/CT- UFES PADRÃO DER-ES JUNHO/2025.
B21: 2. Os coeficientes utilizados para mão de obra são os mesmos da composição do serviço 104800 (Remoção de cercas e mourões, de forma manual, sem reaproveitamento. Af_09/2023) do SINAPI JUNHO/2025.
B24: ________________________________________________
A25: PEDRO JAYME LANI JUNIOR
A26: Assessor de Assuntos de Gestão
A27: Engenheiro Civil
A28: CREA ES 20109/D

Sheet COMP.04_GUCHE
B2: COMPOSIÇÃO DE PREÇO UNITÁRIO 04
B3: SERVIÇO: | D3: =VLOOKUP(B5,'Planilha Orçamentária'!$N$10:$Q$10199,3,0) -> Divisória fixa em vidro temperado 10 mm, com abertura.
B4: BASE: DER-ES, SINAPI; DATA: JUNHO/2025 | E4: ESPECIFICAÇÃO: - | H4: UNIDADE: | J4: =VLOOKUP(B5,'Planilha Orçamentária'!$N$10:$Q$313,4,0) -> m2
B5: COMP-04 | H5: ITEM: | J5: =VLOOKUP(B5,'Planilha Orçamentária'!$N$10:$Q$313,2,0) -> 5.8
B6: CÓD. | C6: ÓRGÃO | D6: MÃO DE OBRA | E6: UNIDADE | F6: QUANTIDADE | H6: SALÁRIO HORA | J6: CUSTO HORÁRIO
B7: 10290 | C7: =VLOOKUP(B7,'INSUMO JUNHO-2025'!$A$1:$E$6480,2,0) -> DER-ES | D7: =VLOOKUP(B7,'INSUMO JUNHO-2025'!$A$1:$E$6480,3,0) -> VIDRACEIRO (OFICIAL - SINDUSCON) | E7: =VLOOKUP(B7,'INSUMO JUNHO-2025'!$A$1:$E$6480,4,0) -> H | F7: 1.088 | H7: =VLOOKUP(B7,'INSUMO JUNHO-2025'!$A$1:$E$6480,5,0)*2.5727 -> 26.035724 | J7: =F7*H7 -> 28.326868
B8: 10146 | C8: =VLOOKUP(B8,'INSUMO JUNHO-2025'!$A$1:$E$6480,2,0) -> DER-ES | D8: =VLOOKUP(B8,'INSUMO JUNHO-2025'!$A$1:$E$6480,3,0) -> SERVENTE (AUXILIAR DE OBRAS - SINDUSCON) | E8: =VLOOKUP(B8,'INSUMO JUNHO-2025'!$A$1:$E$6480,4,0) -> H | F8: 0.544 | H8: =VLOOKUP(B8,'INSUMO JUNHO-2025'!$A$1:$E$6480,5,0)*2.5727 -> 19.681155 | J8: =F8*H8 -> 10.706548
B9: SUBTOTAL | J9: =SUM(J7:J8) -> 39.033416
B10: CÓD. | C10: ÓRGÃO | D10: MATERIAIS | E10: UNIDADE | F10: CONSUMO | H10: CUSTO UNITÁRIO | J10: CUSTO
B11: 39961 | C11: =VLOOKUP(B11,'INSUMO JUNHO-2025'!$A$1:$E$6480,2,0) -> SINAPI | D11: =VLOOKUP(B11,'INSUMO JUNHO-2025'!$A$1:$E$6480,3,0) -> SILICONE ACETICO USO GERAL INCOLOR 280 G | E11: =VLOOKUP(B11,'INSUMO JUNHO-2025'!$A$1:$E$6480,4,0) -> UN | F11: 0.23 | H11: =VLOOKUP(B11,'INSUMO JUNHO-2025'!$A$1:$E$6480,5,0) -> 19.9 | J11: =F11*H11 -> 4.577
B12: 39432 | C12: =VLOOKUP(B12,'INSUMO JUNHO-2025'!$A$1:$E$6480,2,0) -> SINAPI | D12: =VLOOKUP(B12,'INSUMO JUNHO-2025'!$A$1:$E$6480,3,0) -> FITA DE PAPEL REFORCADA COM LAMINA DE METAL PARA REFORCO DE CANTOS DE CHAPA DE GESSO PARA DRYWALL | E12: =VLOOKUP(B12,'INSUMO JUNHO-2025'!$A$1:$E$6480,4,0) -> M | F12: 1.47 | H12: =VLOOKUP(B12,'INSUMO JUNHO-2025'!$A$1:$E$6480,5,0) -> 2.76 | J12: =F12*H12 -> 4.0572
B13: 34360 | C13: =VLOOKUP(B13,'INSUMO JUNHO-2025'!$A$1:$E$6480,2,0) -> SINAPI | D13: =VLOOKUP(B13,'INSUMO JUNHO-2025'!$A$1:$E$6480,3,0) -> PERFIL DE ALUMINIO ANODIZADO | E13: =VLOOKUP(B13,'INSUMO JUNHO-2025'!$A$1:$E$6480,4,0) -> KG | F13: 0.284 | H13: =VLOOKUP(B13,'INSUMO JUNHO-2025'!$A$1:$E$6480,5,0) -> 42.58 | J13: =F13*H13 -> 12.09272
B14: 11950 | C14: =VLOOKUP(B14,'INSUMO JUNHO-2025'!$A$1:$E$6480,2,0) -> SINAPI | D14: =VLOOKUP(B14,'INSUMO JUNHO-2025'!$A$1:$E$6480,3,0) -> BUCHA DE NYLON SEM ABA S6, COM PARAFUSO DE 4,20 X 40 MM EM ACO ZINCADO COM ROSCA SOBERBA, CABECA CHATA E FENDA PHILLIPS | E14: =VLOOKUP(B14,'INSUMO JUNHO-2025'!$A$1:$E$6480,4,0) -> UN | F14: 2.37 | H14: =VLOOKUP(B14,'INSUMO JUNHO-2025'!$A$1:$E$6480,5,0) -> 0.2 | J14: =F14*H14 -> 0.474
B15: 10507 | C15: =VLOOKUP(B15,'INSUMO JUNHO-2025'!$A$1:$E$6480,2,0) -> SINAPI | D15: =VLOOKUP(B15,'INSUMO JUNHO-2025'!$A$1:$E$6480,3,0) -> VIDRO TEMPERADO INCOLOR E = 10 MM, SEM COLOCACAO | E15: =VLOOKUP(B15,'INSUMO JUNHO-2025'!$A$1:$E$6480,4,0) -> M2 | F15: 0.987 | H15: =VLOOKUP(B15,'INSUMO JUNHO-2025'!$A$1:$E$6480,5,0) -> 455.15 | J15: =F15*H15 -> 449.23305
B16: SUBTOTAL | J16: =SUM(J11:J15) -> 470.43397
B17: CÓD. | C17: ÓRGÃO | D17: EQUIPAMENTO | E17: UNIDADE | F17: CONSUMO | H17: CUSTO UNITÁRIO | J17: CUSTO
B18: 91693 | C18: =VLOOKUP($B18,'SERVIÇOS JUNHO-2025'!$A:$E,2,0) -> SINAPI | D18: =VLOOKUP($B18,'SERVIÇOS JUNHO-2025'!$A:$E,3,0) -> SERRA CIRCULAR DE BANCADA COM MOTOR ELÉTRICO POTÊNCIA DE 5HP, COM COIFA PARA DISCO 10" - CHI DIURNO. AF_08/2015 | E18: =VLOOKUP($B18,'SERVIÇOS JUNHO-2025'!$A:$E,4,0) -> CHI | F18: 0.993 | H18: =VLOOKUP($B18,'SERVIÇOS JUNHO-2025'!$A:$E,5,0) -> 40.3 | J18: =F18*H18 -> 40.0179
B19: 91692 | C19: =VLOOKUP($B19,'SERVIÇOS JUNHO-2025'!$A:$E,2,0) -> SINAPI | D19: =VLOOKUP($B19,'SERVIÇOS JUNHO-2025'!$A:$E,3,0) -> SERRA CIRCULAR DE BANCADA COM MOTOR ELÉTRICO POTÊNCIA DE 5HP, COM COIFA PARA DISCO 10" - CHP DIURNO. AF_08/2015 | E19: =VLOOKUP($B19,'SERVIÇOS JUNHO-2025'!$A:$E,4,0) -> CHP | F19: 0.095 | H19: =VLOOKUP($B19,'SERVIÇOS JUNHO-2025'!$A:$E,5,0) -> 41.53 | J19: =F19*H19 -> 3.94535
I20: SUBTOTAL | J20: =SUM(J18:J19) -> 43.96325
B21: MÃO DE OBRA (A) | J21: =J9 -> 39.033416
B22: MATERIAIS ( B ) | J22: =J16 -> 470.43397
B23: EQUIPAMENTOS ( C ) | J23: =J20 -> 43.96325
B24: PRODUÇÃO DA EQUIPE ( D ) | J24: 1
G25: CUSTO HORÁRIO TOTAL (A+C) | J25: =J21+J23 -> 82.996666
B26: CUSTO UNITÁRIO DA EXECUÇÃO [(A/D) + (C/D)] = ( E ) | J26: =(J21/J24)+(J23/J24) -> 82.996666
G27: CUSTO DIRETO TOTAL (B+E) | J27: =J22+J26 -> 553.43064
B28: ( H ) TOTAL | J28: =J27 -> 553.43064
B30: Observações:
B31: 1. Preços unitários, códigos e descrição da mão de obra são compatíveis com TABELA CUSTOS REFERENCIAIS LABOR/CT- UFES PADRÃO DER-ES junho/2025.
B32: 2. Os coeficientes utilizados para mão de obra e insumos são os mesmos da composição do serviço 102235 (Divisória fixa em vidro temperado 10 mm, sem abertura. Af_01/2021_ps) do SINAPI junho/2025.
B33: 3. Preço unitário, códigos e descrição dos materiais foram retirados do SINAPI junho/2025, por não conter este insumo no DER-ES
B36: ________________________________________________
A37: PEDRO JAYME LANI JUNIOR
A38: Assessor de Assuntos de Gestão
A39: Engenheiro Civil
A40: CREA ES 20109/D

Sheet COMP.05_PISO ESCADA
B2: COMPOSIÇÃO DE PREÇO UNITÁRIO 05
B3: SERVIÇO: | D3: =VLOOKUP(B5,'Planilha Orçamentária'!$N$10:$Q$10199,3,0) -> Piso e espelho de escada em granito cinza andorinha levigado, esp. 2cm
B4: BASE: DER-ES, SINAPI; DATA: JUNHO/2025 | E4: ESPECIFICAÇÃO: - | H4: UNIDADE: | J4: =VLOOKUP(B5,'Planilha Orçamentária'!$N$10:$Q$313,4,0) -> m2
B5: COMP-05 | H5: ITEM: | J5: =VLOOKUP(B5,'Planilha Orçamentária'!$N$10:$Q$313,2,0) -> 6.4
B6: CÓD. | C6: ÓRGÃO | D6: MÃO DE OBRA | E6: UNIDADE | F6: QUANTIDADE | H6: SALÁRIO HORA | J6: CUSTO HORÁRIO
B7: 10146 | C7: =VLOOKUP(B7,'INSUMO JUNHO-2025'!$A$1:$E$6480,2,0) -> DER-ES | D7: =VLOOKUP(B7,'INSUMO JUNHO-2025'!$A$1:$E$6480,3,0) -> SERVENTE (AUXILIAR DE OBRAS - SINDUSCON) | E7: =VLOOKUP(B7,'INSUMO JUNHO-2025'!$A$1:$E$6480,4,0) -> H | F7: 0.6 | H7: =VLOOKUP(B7,'INSUMO JUNHO-2025'!$A$1:$E$6480,5,0)*2.5727 -> 19.681155 | J7: =F7*H7 -> 11.808693
B8: 10139 | C8: =VLOOKUP(B8,'INSUMO JUNHO-2025'!$A$1:$E$6480,2,0) -> DER-ES | D8: =VLOOKUP(B8,'INSUMO JUNHO-2025'!$A$1:$E$6480,3,0) -> PEDREIRO (OFICIAL - SINDUSCON) | E8: =VLOOKUP(B8,'INSUMO JUNHO-2025'!$A$1:$E$6480,4,0) -> H | F8: 1.04 | H8: =VLOOKUP(B8,'INSUMO JUNHO-2025'!$A$1:$E$6480,5,0)*2.5727 -> 26.035724 | J8: =F8*H8 -> 27.077153
B9: SUBTOTAL | J9: =SUM(J7:J8) -> 38.885846
B10: CÓD. | C10: ÓRGÃO | D10: MATERIAIS | E10: UNIDADE | F10: CONSUMO | H10: CUSTO UNITÁRIO | J10: CUSTO
B11: 20732 | C11: =VLOOKUP(B11,'INSUMO JUNHO-2025'!$A$1:$E$6480,2,0) -> DER-ES | D11: =VLOOKUP(B11,'INSUMO JUNHO-2025'!$A$1:$E$6480,3,0) -> ARGAM COLANTE FLEXIVEL AC III P/ ASSENT. PORCELANATO E PEDRAS (GRANITO E MÁRMORE) | E11: =VLOOKUP(B11,'INSUMO JUNHO-2025'!$A$1:$E$6480,4,0) -> KG | F11: 4.5 | H11: =VLOOKUP(B11,'INSUMO JUNHO-2025'!$A$1:$E$6480,5,0) -> 1.9 | J11: =F11*H11 -> 8.55
B12: 20509 | C12: =VLOOKUP(B12,'INSUMO JUNHO-2025'!$A$1:$E$6480,2,0) -> DER-ES | D12: =VLOOKUP(B12,'INSUMO JUNHO-2025'!$A$1:$E$6480,3,0) -> CIMENTO BRANCO NAO ESTRUTURAL | E12: =VLOOKUP(B12,'INSUMO JUNHO-2025'!$A$1:$E$6480,4,0) -> KG | F12: 0.3 | H12: =VLOOKUP(B12,'INSUMO JUNHO-2025'!$A$1:$E$6480,5,0) -> 4.22 | J12: =F12*H12 -> 1.266
B13: 13752 | C13: ORSE | D13: Granito cinza andorinha, levigado, e=2cm | E13: M2 | F13: 1.05 | H13: 803.24 | J13: =(F13*H13) -> 843.402
I14: SUBTOTAL | J14: =SUM(J11:J13) -> 853.218
B15: MÃO DE OBRA (A) | J15: =J9 -> 38.885846
B16: MATERIAIS ( B ) | J16: =J14 -> 853.218
B17: EQUIPAMENTOS ( C ) | J17: 0
B18: PRODUÇÃO DA EQUIPE ( D ) | J18: 1
G19: CUSTO HORÁRIO TOTAL (A+C) | J19: =J15+J17 -> 38.885846
B20: CUSTO UNITÁRIO DA EXECUÇÃO [(A/D) + (C/D)] = ( E ) | J20: =(J15/J18)+(J17/J18) -> 38.885846
G21: CUSTO DIRETO TOTAL (B+E) | J21: =J16+J20 -> 892.10385
B22: ( H ) TOTAL | J22: =J21 -> 892.10385
B24: Observações:
B25: 1. Preços unitários, códigos e descrição da mão de obra são compatíveis com TABELA CUSTOS REFERENCIAIS LABOR/CT- UFES PADRÃO DER-ES JUNHO/2025.
B26: 2. Os coeficientes utilizados para mão de obra e insumos são os mesmos da composição do serviço 13022 (Revestimento para piso ou parede em granito cinza andorinha, levigado, e = 2cm, aplicado com argamassa industrializada ac-ii, rejuntado, exclusive emboço) do orçamento de Obras de Sergipe JUNHO/2025
B27: 3. Preço unitário, códigos e descrição dos materiais foram retirados daTABELA CUSTOS REFERENCIAIS LABOR/CT- UFES PADRÃO DER-ES e ORSE JUNHO/2025. O insumo 13752 foi retirado do referencial ORSE por não conter este insumo no DER ES.
B30: ________________________________________________
A31: PEDRO JAYME LANI JUNIOR
A32: Assessor de Assuntos de Gestão
A33: Engenheiro Civil
A34: CREA ES 20109/D

Sheet COMP.06_PISO ELEVADOR
B2: COMPOSIÇÃO DE PREÇO UNITÁRIO 06
B3: SERVIÇO: | D3: =VLOOKUP(B5,'Planilha Orçamentária'!$N$10:$Q$10199,3,0) -> Piso em granito aplicado em ambientes internos
B4: BASE: DER-ES, SINAPI; DATA: JUNHO/2025 | E4: ESPECIFICAÇÃO: - | H4: UNIDADE: | J4: =VLOOKUP(B5,'Planilha Orçamentária'!$N$10:$Q$313,4,0) -> m2
B5: COMP-06 | H5: ITEM: | J5: =VLOOKUP(B5,'Planilha Orçamentária'!$N$10:$Q$313,2,0) -> 6.5
B6: CÓD. | C6: ÓRGÃO | D6: MÃO DE OBRA | E6: UNIDADE | F6: QUANTIDADE | H6: SALÁRIO HORA | J6: CUSTO HORÁRIO
B7: 10146 | C7: =VLOOKUP(B7,'INSUMO JUNHO-2025'!$A$1:$E$6480,2,0) -> DER-ES | D7: =VLOOKUP(B7,'INSUMO JUNHO-2025'!$A$1:$E$6480,3,0) -> SERVENTE (AUXILIAR DE OBRAS - SINDUSCON) | E7: =VLOOKUP(B7,'INSUMO JUNHO-2025'!$A$1:$E$6480,4,0) -> H | F7: 0.594 | H7: =VLOOKUP(B7,'INSUMO JUNHO-2025'!$A$1:$E$6480,5,0)*2.5727 -> 19.681155 | J7: =F7*H7 -> 11.690606
B8: 10124 | C8: =VLOOKUP(B8,'INSUMO JUNHO-2025'!$A$1:$E$6480,2,0) -> DER-ES | D8: =VLOOKUP(B8,'INSUMO JUNHO-2025'!$A$1:$E$6480,3,0) -> GRANITEIRO/MARMORISTA (OFICIAL - SINDUSCON) | E8: =VLOOKUP(B8,'INSUMO JUNHO-2025'!$A$1:$E$6480,4,0) -> H | F8: 1.188 | H8: =VLOOKUP(B8,'INSUMO JUNHO-2025'!$A$1:$E$6480,5,0)*2.5727 -> 26.035724 | J8: =F8*H8 -> 30.93044
B9: SUBTOTAL | J9: =SUM(J7:J8) -> 42.621046
B10: CÓD. | C10: ÓRGÃO | D10: MATERIAIS | E10: UNIDADE | F10: CONSUMO | H10: CUSTO UNITÁRIO | J10: CUSTO
B11: 37595 | C11: =VLOOKUP(B11,'INSUMO JUNHO-2025'!$A$1:$E$6480,2,0) -> SINAPI | D11: =VLOOKUP(B11,'INSUMO JUNHO-2025'!$A$1:$E$6480,3,0) -> ARGAMASSA COLANTE TIPO AC III | E11: =VLOOKUP(B11,'INSUMO JUNHO-2025'!$A$1:$E$6480,4,0) -> KG | F11: 8.62 | H11: =VLOOKUP(B11,'INSUMO JUNHO-2025'!$A$1:$E$6480,5,0) -> 2.3 | J11: =F11*H11 -> 19.826
B12: 34357 | C12: =VLOOKUP(B12,'INSUMO JUNHO-2025'!$A$1:$E$6480,2,0) -> SINAPI | D12: =VLOOKUP(B12,'INSUMO JUNHO-2025'!$A$1:$E$6480,3,0) -> REJUNTE CIMENTICIO, QUALQUER COR | E12: =VLOOKUP(B12,'INSUMO JUNHO-2025'!$A$1:$E$6480,4,0) -> KG | F12: 0.14 | H12: =VLOOKUP(B12,'INSUMO JUNHO-2025'!$A$1:$E$6480,5,0) -> 4.4 | J12: =F12*H12 -> 0.616
B13: 10841 | C13: =VLOOKUP(B13,'INSUMO JUNHO-2025'!$A$1:$E$6480,2,0) -> SINAPI | D13: =VLOOKUP(B13,'INSUMO JUNHO-2025'!$A$1:$E$6480,3,0) -> PISO EM GRANITO, POLIDO, TIPO ANDORINHA/ QUARTZ/ CASTELO/ CORUMBA OU OUTROS EQUIVALENTES DA REGIAO, FORMATO MENOR OU IGUAL A 3025 CM2, E= *2* CM | E13: =VLOOKUP(B13,'INSUMO JUNHO-2025'!$A$1:$E$6480,4,0) -> M2 | F13: 1.16 | H13: =VLOOKUP(B13,'INSUMO JUNHO-2025'!$A$1:$E$6480,5,0) -> 179.24 | J13: =F13*H13 -> 207.9184
I14: SUBTOTAL | J14: =SUM(J11:J13) -> 228.3604
B15: MÃO DE OBRA (A) | J15: =J9 -> 42.621046
B16: MATERIAIS ( B ) | J16: =J14 -> 228.3604
B17: EQUIPAMENTOS ( C ) | J17: 0
B18: PRODUÇÃO DA EQUIPE ( D ) | J18: 1
G19: CUSTO HORÁRIO TOTAL (A+C) | J19: =J15+J17 -> 42.621046
B20: CUSTO UNITÁRIO DA EXECUÇÃO [(A/D) + (C/D)] = ( E ) | J20: =(J15/J18)+(J17/J18) -> 42.621046
G21: CUSTO DIRETO TOTAL (B+E) | J21: =J16+J20 -> 270.98145
B22: ( H ) TOTAL | J22: =J21 -> 270.98145
B24: Observações:
B25: 1. Preços unitários, códigos e descrição da mão de obra são compatíveis com TABELA CUSTOS REFERENCIAIS LABOR/CT- UFES PADRÃO DER-ES JUNHO/2025.
B26: 2. Os coeficientes utilizados para mão de obra e insumos são os mesmos da composição do serviço 98671 (Piso em granito aplicado em ambientes internos. Af_09/2020) do SINAPI JUNHO/2025
B27: 3. Preço unitário, códigos e descrição dos materiais foram retirados do SINAPI junho/2025
B30: ________________________________________________
A31: PEDRO JAYME LANI JUNIOR
A32: Assessor de Assuntos de Gestão
A33: Engenheiro Civil
A34: CREA ES 20109/D

Sheet COMP.07_LADRILHO
B2: COMPOSIÇÃO DE PREÇO UNITÁRIO 07
B3: SERVIÇO: | D3: =VLOOKUP(B5,'Planilha Orçamentária'!$N$10:$Q$10199,3,0) -> Piso em ladrilho hidráulico aplicado em ambientes externos
B4: BASE: DER-ES, SINAPI; DATA: JUNHO/2025 | E4: ESPECIFICAÇÃO: - | H4: UNIDADE: | J4: =VLOOKUP(B5,'Planilha Orçamentária'!$N$10:$Q$313,4,0) -> m2
B5: COMP-07 | H5: ITEM: | J5: =VLOOKUP(B5,'Planilha Orçamentária'!$N$10:$Q$313,2,0) -> 6.8
B6: CÓD. | C6: ÓRGÃO | D6: MÃO DE OBRA | E6: UNIDADE | F6: QUANTIDADE | H6: SALÁRIO HORA | J6: CUSTO HORÁRIO
B7: 10146 | C7: =VLOOKUP(B7,'INSUMO JUNHO-2025'!$A$1:$E$6480,2,0) -> DER-ES | D7: =VLOOKUP(B7,'INSUMO JUNHO-2025'!$A$1:$E$6480,3,0) -> SERVENTE (AUXILIAR DE OBRAS - SINDUSCON) | E7: =VLOOKUP(B7,'INSUMO JUNHO-2025'!$A$1:$E$6480,4,0) -> H | F7: 0.618 | H7: =VLOOKUP(B7,'INSUMO JUNHO-2025'!$A$1:$E$6480,5,0)*2.5727 -> 19.681155 | J7: =F7*H7 -> 12.162954
B8: 10106 | C8: =VLOOKUP(B8,'INSUMO JUNHO-2025'!$A$1:$E$6480,2,0) -> DER-ES | D8: =VLOOKUP(B8,'INSUMO JUNHO-2025'!$A$1:$E$6480,3,0) -> AZULEJISTA (OFICIAL - SINDUSCON) | E8: =VLOOKUP(B8,'INSUMO JUNHO-2025'!$A$1:$E$6480,4,0) -> H | F8: 1.236 | H8: =VLOOKUP(B8,'INSUMO JUNHO-2025'!$A$1:$E$6480,5,0)*2.5727 -> 26.035724 | J8: =F8*H8 -> 32.180155
B9: SUBTOTAL | J9: =SUM(J7:J8) -> 44.343109
B10: CÓD. | C10: ÓRGÃO | D10: MATERIAIS | E10: UNIDADE | F10: CONSUMO | H10: CUSTO UNITÁRIO | J10: CUSTO
B11: 1379 | C11: =VLOOKUP(B11,'INSUMO JUNHO-2025'!$A$1:$E$6480,2,0) -> SINAPI | D11: =VLOOKUP(B11,'INSUMO JUNHO-2025'!$A$1:$E$6480,3,0) -> CIMENTO PORTLAND COMPOSTO CP II-32 | E11: =VLOOKUP(B11,'INSUMO JUNHO-2025'!$A$1:$E$6480,4,0) -> KG | F11: 0.24 | H11: =VLOOKUP(B11,'INSUMO JUNHO-2025'!$A$1:$E$6480,5,0) -> 0.64 | J11: =F11*H11 -> 0.1536
B12: 38137 | C12: =VLOOKUP(B12,'INSUMO JUNHO-2025'!$A$1:$E$6480,2,0) -> SINAPI | D12: =VLOOKUP(B12,'INSUMO JUNHO-2025'!$A$1:$E$6480,3,0) -> LADRILHO HIDRAULICO, *25 X 25* CM, E= 2 CM, PADRAO RAMPA, COR NATURAL | E12: =VLOOKUP(B12,'INSUMO JUNHO-2025'!$A$1:$E$6480,4,0) -> M2 | F12: 1.03 | H12: =VLOOKUP(B12,'INSUMO JUNHO-2025'!$A$1:$E$6480,5,0) -> 112.61 | J12: =F12*H12 -> 115.9883
I13: SUBTOTAL | J13: =SUM(J11:J12) -> 116.1419
B14: MÃO DE OBRA (A) | J14: =J9 -> 44.343109
B15: MATERIAIS ( B ) | J15: =J13 -> 116.1419
B16: EQUIPAMENTOS ( C ) | J16: 0
B17: PRODUÇÃO DA EQUIPE ( D ) | J17: 1
G18: CUSTO HORÁRIO TOTAL (A+C) | J18: =J14+J16 -> 44.343109
B19: CUSTO UNITÁRIO DA EXECUÇÃO [(A/D) + (C/D)] = ( E ) | J19: =(J14/J17)+(J16/J17) -> 44.343109
G20: CUSTO DIRETO TOTAL (B+E) | J20: =J15+J19 -> 160.48501
B21: ( H ) TOTAL | J21: =J20 -> 160.48501
B23: Observações:
B24: 1. Preços unitários, códigos e descrição da mão de obra são compatíveis com TABELA CUSTOS REFERENCIAIS LABOR/CT- UFES PADRÃO DER-ES JUNHO/2025.
B25: 2. Os coeficientes utilizados para mão de obra e insumos são os mesmos da composição do serviço 101091 (Piso em ladrilho hidráulico aplicado em ambientes internos. Af_05/2020) do SINAPI JUNHO/2025
B26: 3. Preço unitário, códigos e descrição dos materiais foram retirados do SINAPI junho/2025. O insumo 3733, foi substituído pelo insumo 37137
B29: ________________________________________________
A30: PEDRO JAYME LANI JUNIOR
A31: Assessor de Assuntos de Gestão
A32: Engenheiro Civil
A33: CREA ES 20109/D

Sheet COMP.08_PORTA 80X210
B2: COMPOSIÇÃO DE PREÇO UNITÁRIO 08
B3: SERVIÇO: | D3: =VLOOKUP(B5,'Planilha Orçamentária'!$N$10:$Q$10199,3,0) -> Porta de madeira de lei angelim pedra ou equivalente, esp. 30 a 35 mm, maciça, tipo mexicana, c/ friso p/ verniz, padrão SEDU, inclusive alizares, dobradiças e fechadura tipo alavanca em latão cromado LaFonte ou equiv., exclusive marco, dimensões: 0.80 x 2.10 m
B4: BASE: DER-ES, SINAPI; DATA: JUNHO/2025 | E4: ESPECIFICAÇÃO: - | H4: UNIDADE: | J4: =VLOOKUP(B5,'Planilha Orçamentária'!$N$10:$Q$313,4,0) -> und
B5: COMP-08 | H5: ITEM: | J5: =VLOOKUP(B5,'Planilha Orçamentária'!$N$10:$Q$313,2,0) -> 7.1.4
B6: CÓD. | C6: ÓRGÃO | D6: MÃO DE OBRA | E6: UNIDADE | F6: QUANTIDADE | H6: SALÁRIO HORA | J6: CUSTO HORÁRIO
B7: 10101 | C7: =VLOOKUP(B7,'INSUMO JUNHO-2025'!$A$1:$E$6480,2,0) -> DER-ES | D7: =VLOOKUP(B7,'INSUMO JUNHO-2025'!$A$1:$E$6480,3,0) -> AJUDANTE (AJUDANTE PRATICO - SINDUSCON) | E7: =VLOOKUP(B7,'INSUMO JUNHO-2025'!$A$1:$E$6480,4,0) -> H | F7: 2.85 | H7: =VLOOKUP(B7,'INSUMO JUNHO-2025'!$A$1:$E$6480,5,0)*2.5723 -> 21.941719 | J7: =F7*H7 -> 62.533899
B8: SUBTOTAL | J8: =SUM(J7) -> 62.533899
B9: CÓD. | C9: ÓRGÃO | D9: MATERIAIS | E9: UNIDADE | F9: CONSUMO | H9: CUSTO UNITÁRIO | J9: CUSTO
B10: 26560 | C10: =VLOOKUP(B10,'INSUMO JUNHO-2025'!$A$1:$E$6480,2,0) -> DER-ES | D10: =VLOOKUP(B10,'INSUMO JUNHO-2025'!$A$1:$E$6480,3,0) -> PREGO - PRECO MEDIO DAS BITOLAS | E10: =VLOOKUP(B10,'INSUMO JUNHO-2025'!$A$1:$E$6480,4,0) -> KG | F10: 0.2 | H10: =VLOOKUP(B10,'INSUMO JUNHO-2025'!$A$1:$E$6480,5,0) -> 13.66 | J10: =F10*H10 -> 2.732
B11: 930213 | C11: =VLOOKUP(B11,'INSUMO JUNHO-2025'!$A$1:$E$6480,2,0) -> DER-ES | D11: =VLOOKUP(B11,'INSUMO JUNHO-2025'!$A$1:$E$6480,3,0) -> PORTA MAD. MEXICANA ESP. 30 A 35MM (OITO PARTES HORIZONTAIS) C/VISOR P/ VERNIZ 0.80X2.10M | E11: =VLOOKUP(B11,'INSUMO JUNHO-2025'!$A$1:$E$6480,4,0) -> UN | F11: 1 | H11: =VLOOKUP(B11,'INSUMO JUNHO-2025'!$A$1:$E$6480,5,0) -> 937.33 | J11: =(F11*H11) -> 937.33
B12: 990116 | C12: =VLOOKUP($B12,'SERVIÇOS JUNHO-2025'!$A:$E,2,0) -> DER-ES | D12: =VLOOKUP($B12,'SERVIÇOS JUNHO-2025'!$A:$E,3,0) -> Alizar de madeira de lei de 1ª (Peroba, Ipê, Angelim Pedra ou equivalente) de 5 x 2,5 cm | E12: =VLOOKUP($B12,'SERVIÇOS JUNHO-2025'!$A:$E,4,0) -> m | F12: 10 | H12: =VLOOKUP($B12,'SERVIÇOS JUNHO-2025'!$A:$E,5,0) -> 36.45 | J12: =(F12*H12) -> 364.5
B13: 61102 | C13: =VLOOKUP($B13,'SERVIÇOS JUNHO-2025'!$A:$E,2,0) -> DER-ES | D13: =VLOOKUP($B13,'SERVIÇOS JUNHO-2025'!$A:$E,3,0) -> Fechadura com maçaneta tipo alavanca e chave tipo yale - IMAB, STAN, ALIANÇA ou equivalente | E13: =VLOOKUP($B13,'SERVIÇOS JUNHO-2025'!$A:$E,4,0) -> und | F13: 1 | H13: =VLOOKUP($B13,'SERVIÇOS JUNHO-2025'!$A:$E,5,0) -> 139.83 | J13: =(F13*H13) -> 139.83
B14: 61112 | C14: =VLOOKUP($B14,'SERVIÇOS JUNHO-2025'!$A:$E,2,0) -> DER-ES | D14: =VLOOKUP($B14,'SERVIÇOS JUNHO-2025'!$A:$E,3,0) -> Dobradiça de latão cromado de 3 x 2.1/2?, inclusive parafusos - IMAB, STAN, ALIANÇA ou equivalente | E14: =VLOOKUP($B14,'SERVIÇOS JUNHO-2025'!$A:$E,4,0) -> und | F14: 3 | H14: =VLOOKUP($B14,'SERVIÇOS JUNHO-2025'!$A:$E,5,0) -> 68.16 | J14: =(F14*H14) -> 204.48
I15: SUBTOTAL | J15: =SUM(J10:J14) -> 1648.872
B16: MÃO DE OBRA (A) | J16: =J8 -> 62.533899
B17: MATERIAIS ( B ) | J17: =J15 -> 1648.872
B18: EQUIPAMENTOS ( C ) | J18: 0
B19: PRODUÇÃO DA EQUIPE ( D ) | J19: 1
G20: CUSTO HORÁRIO TOTAL (A+C) | J20: =J16+J18 -> 62.533899
B21: CUSTO UNITÁRIO DA EXECUÇÃO [(A/D) + (C/D)] = ( E ) | J21: =(J16/J19)+(J18/J19) -> 62.533899
G22: CUSTO DIRETO TOTAL (B+E) | J22: =J17+J21 -> 1711.4059
B23: ( H ) TOTAL | J23: =J22 -> 1711.4059
B25: Observações:
B26: 1. Preços unitários, códigos e descrição dos insumos são compatíveis com TABELA CUSTOS REFERENCIAIS LABOR/CT- UFES PADRÃO DER-ES JUNHO/2025.
B27: 2. Os coeficientes utilizados para mão de obra e insumos são os mesmos da composição do serviço 62503 (Porta de madeira de lei angelim pedra ou equivalente, esp. 30 a 35 mm, maciça, tipo mexicana, c/ friso p/ verniz, padrão SEDU, com visor 1,00 x 0,15m e vidro 4mm, inclusive alizares, dobradiças e fechadura tipo alavanca em latão cromado LaFonte ou equiv., exclusive marco, dimensões: 0.80 x 2.10 m) da TABELA CUSTOS REFERENCIAIS LABOR/CT- UFES PADRÃO DER-ES JUNHO/2025.
B28: 3. Preço unitário, códigos e descrição da mão de obra foi retirado da TABELA CUSTOS REFERENCIAIS LABOR/CT- UFES PADRÃO DER-ES JUNHO/2025.
B31: ________________________________________________
A32: PEDRO JAYME LANI JUNIOR
A33: Assessor de Assuntos de Gestão
A34: Engenheiro Civil
A35: CREA ES 20109/D

Sheet COMP.09_PORTA 60X210
B2: COMPOSIÇÃO DE PREÇO UNITÁRIO 09
B3: SERVIÇO: | D3: =VLOOKUP(B5,'Planilha Orçamentária'!$N$10:$Q$10199,3,0) -> Porta de madeira de lei angelim pedra ou equivalente, esp. 30 a 35 mm, maciça, tipo mexicana, c/ friso p/ verniz, padrão SEDU, inclusive alizares, dobradiças e fechadura tipo alavanca em latão cromado LaFonte ou equiv., exclusive marco, dimensões: 0.60 x 2.10 m
B4: BASE: DER-ES, SINAPI; DATA: JUNHO/2025 | E4: ESPECIFICAÇÃO: - | H4: UNIDADE: | J4: =VLOOKUP(B5,'Planilha Orçamentária'!$N$10:$Q$313,4,0) -> und
B5: COMP-09 | H5: ITEM: | J5: =VLOOKUP(B5,'Planilha Orçamentária'!$N$10:$Q$313,2,0) -> 7.1.5
B6: CÓD. | C6: ÓRGÃO | D6: MÃO DE OBRA | E6: UNIDADE | F6: QUANTIDADE | H6: SALÁRIO HORA | J6: CUSTO HORÁRIO
B7: 10101 | C7: =VLOOKUP(B7,'INSUMO JUNHO-2025'!$A$1:$E$6480,2,0) -> DER-ES | D7: =VLOOKUP(B7,'INSUMO JUNHO-2025'!$A$1:$E$6480,3,0) -> AJUDANTE (AJUDANTE PRATICO - SINDUSCON) | E7: =VLOOKUP(B7,'INSUMO JUNHO-2025'!$A$1:$E$6480,4,0) -> H | F7: 2.85 | H7: =VLOOKUP(B7,'INSUMO JUNHO-2025'!$A$1:$E$6480,5,0)*2.5723 -> 21.941719 | J7: =F7*H7 -> 62.533899
B8: SUBTOTAL | J8: =SUM(J7) -> 62.533899
B9: CÓD. | C9: ÓRGÃO | D9: MATERIAIS | E9: UNIDADE | F9: CONSUMO | H9: CUSTO UNITÁRIO | J9: CUSTO
B10: 26560 | C10: =VLOOKUP(B10,'INSUMO JUNHO-2025'!$A$1:$E$6480,2,0) -> DER-ES | D10: =VLOOKUP(B10,'INSUMO JUNHO-2025'!$A$1:$E$6480,3,0) -> PREGO - PRECO MEDIO DAS BITOLAS | E10: =VLOOKUP(B10,'INSUMO JUNHO-2025'!$A$1:$E$6480,4,0) -> KG | F10: 0.2 | H10: =VLOOKUP(B10,'INSUMO JUNHO-2025'!$A$1:$E$6480,5,0) -> 13.66 | J10: =F10*H10 -> 2.732
B11: 930218 | C11: =VLOOKUP(B11,'INSUMO JUNHO-2025'!$A$1:$E$6480,2,0) -> DER-ES | D11: =VLOOKUP(B11,'INSUMO JUNHO-2025'!$A$1:$E$6480,3,0) -> PORTA MAD. MEXICANA ESP. 30 A 35MM (OITO PARTES HORIZONTAIS) C/VISOR P/ VERNIZ 0.60X2.10 | E11: =VLOOKUP(B11,'INSUMO JUNHO-2025'!$A$1:$E$6480,4,0) -> UN | F11: 1 | H11: =VLOOKUP(B11,'INSUMO JUNHO-2025'!$A$1:$E$6480,5,0) -> 818.33 | J11: =(F11*H11) -> 818.33
B12: 990116 | C12: =VLOOKUP($B12,'SERVIÇOS JUNHO-2025'!$A:$E,2,0) -> DER-ES | D12: =VLOOKUP($B12,'SERVIÇOS JUNHO-2025'!$A:$E,3,0) -> Alizar de madeira de lei de 1ª (Peroba, Ipê, Angelim Pedra ou equivalente) de 5 x 2,5 cm | E12: =VLOOKUP($B12,'SERVIÇOS JUNHO-2025'!$A:$E,4,0) -> m | F12: 9.6 | H12: =VLOOKUP($B12,'SERVIÇOS JUNHO-2025'!$A:$E,5,0) -> 36.45 | J12: =(F12*H12) -> 349.92
B13: 61102 | C13: =VLOOKUP($B13,'SERVIÇOS JUNHO-2025'!$A:$E,2,0) -> DER-ES | D13: =VLOOKUP($B13,'SERVIÇOS JUNHO-2025'!$A:$E,3,0) -> Fechadura com maçaneta tipo alavanca e chave tipo yale - IMAB, STAN, ALIANÇA ou equivalente | E13: =VLOOKUP($B13,'SERVIÇOS JUNHO-2025'!$A:$E,4,0) -> und | F13: 1 | H13: =VLOOKUP($B13,'SERVIÇOS JUNHO-2025'!$A:$E,5,0) -> 139.83 | J13: =(F13*H13) -> 139.83
B14: 61112 | C14: =VLOOKUP($B14,'SERVIÇOS JUNHO-2025'!$A:$E,2,0) -> DER-ES | D14: =VLOOKUP($B14,'SERVIÇOS JUNHO-2025'!$A:$E,3,0) -> Dobradiça de latão cromado de 3 x 2.1/2?, inclusive parafusos - IMAB, STAN, ALIANÇA ou equivalente | E14: =VLOOKUP($B14,'SERVIÇOS JUNHO-2025'!$A:$E,4,0) -> und | F14: 3 | H14: =VLOOKUP($B14,'SERVIÇOS JUNHO-2025'!$A:$E,5,0) -> 68.16 | J14: =(F14*H14) -> 204.48
I15: SUBTOTAL | J15: =SUM(J10:J14) -> 1515.292
B16: MÃO DE OBRA (A) | J16: =J8 -> 62.533899
B17: MATERIAIS ( B ) | J17: =J15 -> 1515.292
B18: EQUIPAMENTOS ( C ) | J18: 0
B19: PRODUÇÃO DA EQUIPE ( D ) | J19: 1
G20: CUSTO HORÁRIO TOTAL (A+C) | J20: =J16+J18 -> 62.533899
B21: CUSTO UNITÁRIO DA EXECUÇÃO [(A/D) + (C/D)] = ( E ) | J21: =(J16/J19)+(J18/J19) -> 62.533899
G22: CUSTO DIRETO TOTAL (B+E) | J22: =J17+J21 -> 1577.8259
B23: ( H ) TOTAL | J23: =J22 -> 1577.8259
B25: Observações:
B26: 1. Preços unitários, códigos e descrição dos insumos são compatíveis com TABELA CUSTOS REFERENCIAIS LABOR/CT- UFES PADRÃO DER-ES JUNHO/2025.
B27: 2. Os coeficientes utilizados para mão de obra e insumos são os mesmos da composição do serviço 62501 (Porta de madeira de lei angelim pedra ou equivalente, esp. 30 a 35 mm, maciça, tipo mexicana, c/ friso p/ verniz, padrão SEDU, com visor 1,00 x 0,15m e vidro 4mm, inclusive alizares, dobradiças e fechadura tipo alavanca em latão cromado LaFonte ou equiv., exclusive marco, dimensões: 0.60 x 2.10 m) da TABELA CUSTOS REFERENCIAIS LABOR/CT- UFES PADRÃO DER-ES JUNHO/2025.
B28: 3. Preço unitário, códigos e descrição da mão de obra foi retirado da TABELA CUSTOS REFERENCIAIS LABOR/CT- UFES PADRÃO DER-ES JUNHO/2025.
B31: ________________________________________________
A32: PEDRO JAYME LANI JUNIOR
A33: Assessor de Assuntos de Gestão
A34: Engenheiro Civil
A35: CREA ES 20109/D

Sheet COMP.10_JANELA
B2: COMPOSIÇÃO DE PREÇO UNITÁRIO 10
B3: SERVIÇO: | D3: =VLOOKUP(B5,'Planilha Orçamentária'!$N$10:$Q$10199,3,0) -> Janela de correr tipo blindex com 4 folhas, sendo 2 folhas fixas e 2 folhas móveis, para vidro, inclusive vidro laminado de 12 mm
B4: BASE: DER-ES, SINAPI; DATA: JUNHO/2025 | E4: ESPECIFICAÇÃO: - | H4: UNIDADE: | J4: =VLOOKUP(B5,'Planilha Orçamentária'!$N$10:$Q$313,4,0) -> m2
B5: COMP-10 | H5: ITEM: | J5: =VLOOKUP(B5,'Planilha Orçamentária'!$N$10:$Q$313,2,0) -> 7.2.6
B6: CÓD. | C6: ÓRGÃO | D6: MÃO DE OBRA | E6: UNIDADE | F6: QUANTIDADE | H6: SALÁRIO HORA | J6: CUSTO HORÁRIO
B7: 10290 | C7: =VLOOKUP(B7,'INSUMO JUNHO-2025'!$A$1:$E$6480,2,0) -> DER-ES | D7: =VLOOKUP(B7,'INSUMO JUNHO-2025'!$A$1:$E$6480,3,0) -> VIDRACEIRO (OFICIAL - SINDUSCON) | E7: =VLOOKUP(B7,'INSUMO JUNHO-2025'!$A$1:$E$6480,4,0) -> H | F7: 0.827 | H7: =VLOOKUP(B7,'INSUMO JUNHO-2025'!$A$1:$E$6480,5,0)*2.5727 -> 26.035724 | J7: =F7*H7 -> 21.531544
B8: 10146 | C8: =VLOOKUP(B8,'INSUMO JUNHO-2025'!$A$1:$E$6480,2,0) -> DER-ES | D8: =VLOOKUP(B8,'INSUMO JUNHO-2025'!$A$1:$E$6480,3,0) -> SERVENTE (AUXILIAR DE OBRAS - SINDUSCON) | E8: =VLOOKUP(B8,'INSUMO JUNHO-2025'!$A$1:$E$6480,4,0) -> H | F8: 0.413 | H8: =VLOOKUP(B8,'INSUMO JUNHO-2025'!$A$1:$E$6480,5,0)*2.5727 -> 19.681155 | J8: =F8*H8 -> 8.128317
B9: SUBTOTAL | J9: =SUM(J7:J8) -> 29.659861
B10: CÓD. | C10: ÓRGÃO | D10: MATERIAIS | E10: UNIDADE | F10: CONSUMO | H10: CUSTO UNITÁRIO | J10: CUSTO
B11: 39961 | C11: =VLOOKUP(B11,'INSUMO JUNHO-2025'!$A$1:$E$6480,2,0) -> SINAPI | D11: =VLOOKUP(B11,'INSUMO JUNHO-2025'!$A$1:$E$6480,3,0) -> SILICONE ACETICO USO GERAL INCOLOR 280 G | E11: =VLOOKUP(B11,'INSUMO JUNHO-2025'!$A$1:$E$6480,4,0) -> UN | F11: 0.24 | H11: =VLOOKUP(B11,'INSUMO JUNHO-2025'!$A$1:$E$6480,5,0) -> 19.9 | J11: =F11*H11 -> 4.776
B12: 34360 | C12: =VLOOKUP(B12,'INSUMO JUNHO-2025'!$A$1:$E$6480,2,0) -> SINAPI | D12: =VLOOKUP(B12,'INSUMO JUNHO-2025'!$A$1:$E$6480,3,0) -> PERFIL DE ALUMINIO ANODIZADO | E12: =VLOOKUP(B12,'INSUMO JUNHO-2025'!$A$1:$E$6480,4,0) -> KG | F12: 0.666 | H12: =VLOOKUP(B12,'INSUMO JUNHO-2025'!$A$1:$E$6480,5,0) -> 42.58 | J12: =F12*H12 -> 28.35828
B13: 11950 | C13: =VLOOKUP(B13,'INSUMO JUNHO-2025'!$A$1:$E$6480,2,0) -> SINAPI | D13: =VLOOKUP(B13,'INSUMO JUNHO-2025'!$A$1:$E$6480,3,0) -> BUCHA DE NYLON SEM ABA S6, COM PARAFUSO DE 4,20 X 40 MM EM ACO ZINCADO COM ROSCA SOBERBA, CABECA CHATA E FENDA PHILLIPS | E13: =VLOOKUP(B13,'INSUMO JUNHO-2025'!$A$1:$E$6480,4,0) -> UN | F13: 1.05 | H13: =VLOOKUP(B13,'INSUMO JUNHO-2025'!$A$1:$E$6480,5,0) -> 0.2 | J13: =F13*H13 -> 0.21
B14: 11575 | C14: =VLOOKUP(B14,'INSUMO JUNHO-2025'!$A$1:$E$6480,2,0) -> SINAPI | D14: =VLOOKUP(B14,'INSUMO JUNHO-2025'!$A$1:$E$6480,3,0) -> ROLDANA CONCAVA DUPLA, 4 RODAS, EM ZAMAC COM CHAPA DE LATAO, ROLAMENTOS EM ACO, PARA PORTAS E JANELAS DE CORRER | E14: =VLOOKUP(B14,'INSUMO JUNHO-2025'!$A$1:$E$6480,4,0) -> UN | F14: 4 | H14: =VLOOKUP(B14,'INSUMO JUNHO-2025'!$A$1:$E$6480,5,0) -> 54.56 | J14: =F14*H14 -> 218.24
B15: 11581 | C15: =VLOOKUP(B15,'INSUMO JUNHO-2025'!$A$1:$E$6480,2,0) -> SINAPI | D15: =VLOOKUP(B15,'INSUMO JUNHO-2025'!$A$1:$E$6480,3,0) -> TRILHO PANTOGRAFICO CONCAVO, TIPO U, EM ALUMINIO, COM DIMENSOES DE APROX *35 X 35* MM, PARA ROLDANA DE PORTA DE CORRER | E15: =VLOOKUP(B15,'INSUMO JUNHO-2025'!$A$1:$E$6480,4,0) -> M | F15: 9.1 | H15: =VLOOKUP(B15,'INSUMO JUNHO-2025'!$A$1:$E$6480,5,0) -> 20.01 | J15: =F15*H15 -> 182.091
B16: MAT057550 | C16: SCO RIO | D16: Fechadura de centro, para porta de Blindex ou similar | E16: und | F16: 1 | H16: 111.94 | J16: =F16*H16 -> 111.94
B17: 10497 | C17: =VLOOKUP(B17,'INSUMO JUNHO-2025'!$A$1:$E$6480,2,0) -> SINAPI | D17: =VLOOKUP(B17,'INSUMO JUNHO-2025'!$A$1:$E$6480,3,0) -> VIDRO COMUM LAMINADO, LISO, INCOLOR, TRIPLO, ESPESSURA TOTAL 12 MM (CADA CAMADA E= 4 MM) - COLOCADO | E17: =VLOOKUP(B17,'INSUMO JUNHO-2025'!$A$1:$E$6480,4,0) -> M2 | F17: 1 | H17: =VLOOKUP(B17,'INSUMO JUNHO-2025'!$A$1:$E$6480,5,0) -> 1614.16 | J17: =F17*H17 -> 1614.16
B18: 11522 | C18: =VLOOKUP(B18,'INSUMO JUNHO-2025'!$A$1:$E$6480,2,0) -> SINAPI | D18: =VLOOKUP(B18,'INSUMO JUNHO-2025'!$A$1:$E$6480,3,0) -> PUXADOR DE EMBUTIR TIPO CONCHA, COM FURO PARA CHAVE, EM LATAO CROMADO, COMPRIMENTO DE APROX *100* MM E LARGURA DE APROX *40* MM | E18: =VLOOKUP(B18,'INSUMO JUNHO-2025'!$A$1:$E$6480,4,0) -> UN | F18: 1 | H18: =VLOOKUP(B18,'INSUMO JUNHO-2025'!$A$1:$E$6480,5,0) -> 12.64 | J18: =F18*H18 -> 12.64
B19: SUBTOTAL | J19: =SUM(J11:J18) -> 2172.4153
B20: CÓD. | C20: ÓRGÃO | D20: EQUIPAMENTO | E20: UNIDADE | F20: CONSUMO | H20: CUSTO UNITÁRIO | J20: CUSTO
B21: 91693 | C21: =VLOOKUP($B21,'SERVIÇOS JUNHO-2025'!$A:$E,2,0) -> SINAPI | D21: =VLOOKUP($B21,'SERVIÇOS JUNHO-2025'!$A:$E,3,0) -> SERRA CIRCULAR DE BANCADA COM MOTOR ELÉTRICO POTÊNCIA DE 5HP, COM COIFA PARA DISCO 10" - CHI DIURNO. AF_08/2015 | E21: =VLOOKUP($B21,'SERVIÇOS JUNHO-2025'!$A:$E,4,0) -> CHI | F21: 0.769 | H21: =VLOOKUP($B21,'SERVIÇOS JUNHO-2025'!$A:$E,5,0) -> 40.3 | J21: =F21*H21 -> 30.9907
B22: 91692 | C22: =VLOOKUP($B22,'SERVIÇOS JUNHO-2025'!$A:$E,2,0) -> SINAPI | D22: =VLOOKUP($B22,'SERVIÇOS JUNHO-2025'!$A:$E,3,0) -> SERRA CIRCULAR DE BANCADA COM MOTOR ELÉTRICO POTÊNCIA DE 5HP, COM COIFA PARA DISCO 10" - CHP DIURNO. AF_08/2015 | E22: =VLOOKUP($B22,'SERVIÇOS JUNHO-2025'!$A:$E,4,0) -> CHP | F22: 0.058 | H22: =VLOOKUP($B22,'SERVIÇOS JUNHO-2025'!$A:$E,5,0) -> 41.53 | J22: =F22*H22 -> 2.40874
I23: SUBTOTAL | J23: =SUM(J21:J22) -> 33.39944
B24: MÃO DE OBRA (A) | J24: =J9 -> 29.659861
B25: MATERIAIS ( B ) | J25: =J19 -> 2172.4153
B26: EQUIPAMENTOS ( C ) | J26: =J23 -> 33.39944
B27: PRODUÇÃO DA EQUIPE ( D ) | J27: 1
G28: CUSTO HORÁRIO TOTAL (A+C) | J28: =J24+J26 -> 63.059301
B29: CUSTO UNITÁRIO DA EXECUÇÃO [(A/D) + (C/D)] = ( E ) | J29: =(J24/J27)+(J26/J27) -> 63.059301
G30: CUSTO DIRETO TOTAL (B+E) | J30: =J25+J29 -> 2235.4746
B31: ( H ) TOTAL | J31: =J30 -> 2235.4746
B33: Observações:
B34: 1. Preços unitários, códigos e descrição da mão de obra são compatíveis com TABELA CUSTOS REFERENCIAIS LABOR/CT- UFES PADRÃO DER-ES junho/2025.
B35: 2. Os coeficientes utilizados para mão de obra e insumos são os mesmos da composição do serviço 102236 (Divisória em vidro temperado 10 mm com porta de correr, inclusive ferragens. Af_01/2021) do SINAPI junho/2025. Na composição do serviço 102236, o insumo 44119 não possui preço no momento da publicação deste caderno, potanto utilizou-se insumos similares para a formação do preço da composição, utilizando os coeficentes necessários. O insumo 10507 foi substitituído pelo insumo 10497 para compor o serviço.
B36: 3. Preço unitário, códigos e descrição dos materiais foram retirados do SINAPI, SCO RIO junho/2025, por não conter este insumo no DER-ES
B39: ________________________________________________
A40: PEDRO JAYME LANI JUNIOR
A41: Assessor de Assuntos de Gestão
A42: Engenheiro Civil
A43: CREA ES 20109/D

Sheet COMP.11_PORTAS
B2: COMPOSIÇÃO DE PREÇO UNITÁRIO 11
B3: SERVIÇO: | D3: =VLOOKUP(B5,'Planilha Orçamentária'!$N$10:$Q$10199,3,0) -> Porta de abrir tipo blindex, inclusive vidro laminado de 12 mm e ferragens
B4: BASE: DER-ES, SINAPI; DATA: JUNHO/2025 | E4: ESPECIFICAÇÃO: - | H4: UNIDADE: | J4: =VLOOKUP(B5,'Planilha Orçamentária'!$N$10:$Q$313,4,0) -> m2
B5: COMP-11 | H5: ITEM: | J5: =VLOOKUP(B5,'Planilha Orçamentária'!$N$10:$Q$313,2,0) -> 7.2.7
B6: CÓD. | C6: ÓRGÃO | D6: MÃO DE OBRA | E6: UNIDADE | F6: QUANTIDADE | H6: SALÁRIO HORA | J6: CUSTO HORÁRIO
B7: 10290 | C7: =VLOOKUP(B7,'INSUMO JUNHO-2025'!$A$1:$E$6480,2,0) -> DER-ES | D7: =VLOOKUP(B7,'INSUMO JUNHO-2025'!$A$1:$E$6480,3,0) -> VIDRACEIRO (OFICIAL - SINDUSCON) | E7: =VLOOKUP(B7,'INSUMO JUNHO-2025'!$A$1:$E$6480,4,0) -> H | F7: 0.827 | H7: =VLOOKUP(B7,'INSUMO JUNHO-2025'!$A$1:$E$6480,5,0)*2.5727 -> 26.035724 | J7: =F7*H7 -> 21.531544
B8: 10146 | C8: =VLOOKUP(B8,'INSUMO JUNHO-2025'!$A$1:$E$6480,2,0) -> DER-ES | D8: =VLOOKUP(B8,'INSUMO JUNHO-2025'!$A$1:$E$6480,3,0) -> SERVENTE (AUXILIAR DE OBRAS - SINDUSCON) | E8: =VLOOKUP(B8,'INSUMO JUNHO-2025'!$A$1:$E$6480,4,0) -> H | F8: 0.413 | H8: =VLOOKUP(B8,'INSUMO JUNHO-2025'!$A$1:$E$6480,5,0)*2.5727 -> 19.681155 | J8: =F8*H8 -> 8.128317
B9: SUBTOTAL | J9: =SUM(J7:J8) -> 29.659861
B10: CÓD. | C10: ÓRGÃO | D10: MATERIAIS | E10: UNIDADE | F10: CONSUMO | H10: CUSTO UNITÁRIO | J10: CUSTO
B11: 39961 | C11: =VLOOKUP(B11,'INSUMO JUNHO-2025'!$A$1:$E$6480,2,0) -> SINAPI | D11: =VLOOKUP(B11,'INSUMO JUNHO-2025'!$A$1:$E$6480,3,0) -> SILICONE ACETICO USO GERAL INCOLOR 280 G | E11: =VLOOKUP(B11,'INSUMO JUNHO-2025'!$A$1:$E$6480,4,0) -> UN | F11: 0.24 | H11: =VLOOKUP(B11,'INSUMO JUNHO-2025'!$A$1:$E$6480,5,0) -> 19.9 | J11: =F11*H11 -> 4.776
B12: 34360 | C12: =VLOOKUP(B12,'INSUMO JUNHO-2025'!$A$1:$E$6480,2,0) -> SINAPI | D12: =VLOOKUP(B12,'INSUMO JUNHO-2025'!$A$1:$E$6480,3,0) -> PERFIL DE ALUMINIO ANODIZADO | E12: =VLOOKUP(B12,'INSUMO JUNHO-2025'!$A$1:$E$6480,4,0) -> KG | F12: 0.666 | H12: =VLOOKUP(B12,'INSUMO JUNHO-2025'!$A$1:$E$6480,5,0) -> 42.58 | J12: =F12*H12 -> 28.35828
B13: 11950 | C13: =VLOOKUP(B13,'INSUMO JUNHO-2025'!$A$1:$E$6480,2,0) -> SINAPI | D13: =VLOOKUP(B13,'INSUMO JUNHO-2025'!$A$1:$E$6480,3,0) -> BUCHA DE NYLON SEM ABA S6, COM PARAFUSO DE 4,20 X 40 MM EM ACO ZINCADO COM ROSCA SOBERBA, CABECA CHATA E FENDA PHILLIPS | E13: =VLOOKUP(B13,'INSUMO JUNHO-2025'!$A$1:$E$6480,4,0) -> UN | F13: 1.05 | H13: =VLOOKUP(B13,'INSUMO JUNHO-2025'!$A$1:$E$6480,5,0) -> 0.2 | J13: =F13*H13 -> 0.21
B14: 10497 | C14: =VLOOKUP(B14,'INSUMO JUNHO-2025'!$A$1:$E$6480,2,0) -> SINAPI | D14: =VLOOKUP(B14,'INSUMO JUNHO-2025'!$A$1:$E$6480,3,0) -> VIDRO COMUM LAMINADO, LISO, INCOLOR, TRIPLO, ESPESSURA TOTAL 12 MM (CADA CAMADA E= 4 MM) - COLOCADO | E14: =VLOOKUP(B14,'INSUMO JUNHO-2025'!$A$1:$E$6480,4,0) -> M2 | F14: 1 | H14: =VLOOKUP(B14,'INSUMO JUNHO-2025'!$A$1:$E$6480,5,0) -> 1614.16 | J14: =F14*H14 -> 1614.16
B15: 3104 | C15: =VLOOKUP(B15,'INSUMO JUNHO-2025'!$A$1:$E$6480,2,0) -> SINAPI | D15: =VLOOKUP(B15,'INSUMO JUNHO-2025'!$A$1:$E$6480,3,0) -> CONJ. DE FERRAGENS PARA PORTA DE VIDRO TEMPERADO, EM ZAMAC CROMADO, CONTEMPLANDO DOBRADICA INF., DOBRADICA SUP., PIVO PARA DOBRADICA INF., PIVO PARA DOBRADICA SUP., FECHADURA CENTRAL EM ZAMC. CROMADO, CONTRA FECHADURA DE PRESSAO | E15: =VLOOKUP(B15,'INSUMO JUNHO-2025'!$A$1:$E$6480,4,0) -> CJ | F15: 2 | H15: =VLOOKUP(B15,'INSUMO JUNHO-2025'!$A$1:$E$6480,5,0) -> 125.04 | J15: =F15*H15 -> 250.08
B16: SUBTOTAL | J16: =SUM(J11:J15) -> 1897.5843
B17: MÃO DE OBRA (A) | J17: =J9 -> 29.659861
B18: MATERIAIS ( B ) | J18: =J16 -> 1897.5843
B19: EQUIPAMENTOS ( C ) | J19: 0
B20: PRODUÇÃO DA EQUIPE ( D ) | J20: 1
G21: CUSTO HORÁRIO TOTAL (A+C) | J21: =J17+J19 -> 29.659861
B22: CUSTO UNITÁRIO DA EXECUÇÃO [(A/D) + (C/D)] = ( E ) | J22: =(J17/J20)+(J19/J20) -> 29.659861
G23: CUSTO DIRETO TOTAL (B+E) | J23: =J18+J22 -> 1927.2441
B24: ( H ) TOTAL | J24: =J23 -> 1927.2441
B26: Observações:
B27: 1. Preços unitários, códigos e descrição da mão de obra são compatíveis com TABELA CUSTOS REFERENCIAIS LABOR/CT- UFES PADRÃO DER-ES junho/2025.
B28: 2. Os coeficientes utilizados para mão de obra e insumos são os mesmos da composição do serviço 102236 (Divisória em vidro temperado 10 mm com porta de correr, inclusive ferragens. Af_01/2021) do SINAPI junho/2025, sendo que o insumo 44119 e 10507 foram substituído pelo insumo 3104 e 10497 e alguns coeficientes foram alterados para serem adaptados a realidade do serviço.
B29: 3. Preço unitário, códigos e descrição dos materiais foram retirados do SINAPI junho/2025, por não conter este insumo no DER-ES
B32: ________________________________________________
A33: PEDRO JAYME LANI JUNIOR
A34: Assessor de Assuntos de Gestão
A35: Engenheiro Civil
A36: CREA ES 20109/D

Sheet COMP.12_BASCULA
B2: COMPOSIÇÃO DE PREÇO UNITÁRIO 12
B3: SERVIÇO: | D3: =VLOOKUP(B5,'Planilha Orçamentária'!$N$10:$Q$10199,3,0) -> Janela basculante tipo blindex,3 folhas, sendo 2 fixas (superior e inferior) e 1 basculante, inclusive vidro laminado de 12 mm
B4: BASE: DER-ES, SINAPI; DATA: MAIO/2025 | E4: ESPECIFICAÇÃO: - | H4: UNIDADE: | J4: =VLOOKUP(B5,'Planilha Orçamentária'!$N$10:$Q$313,4,0) -> m2
B5: COMP-12 | H5: ITEM: | J5: =VLOOKUP(B5,'Planilha Orçamentária'!$N$10:$Q$313,2,0) -> 7.2.8
B6: CÓD. | C6: ÓRGÃO | D6: MÃO DE OBRA | E6: UNIDADE | F6: QUANTIDADE | H6: SALÁRIO HORA | J6: CUSTO HORÁRIO
B7: 10290 | C7: =VLOOKUP(B7,'INSUMO JUNHO-2025'!$A$1:$E$6480,2,0) -> DER-ES | D7: =VLOOKUP(B7,'INSUMO JUNHO-2025'!$A$1:$E$6480,3,0) -> VIDRACEIRO (OFICIAL - SINDUSCON) | E7: =VLOOKUP(B7,'INSUMO JUNHO-2025'!$A$1:$E$6480,4,0) -> H | F7: 0.827 | H7: =VLOOKUP(B7,'INSUMO JUNHO-2025'!$A$1:$E$6480,5,0)*2.5727 -> 26.035724 | J7: =F7*H7 -> 21.531544
B8: 10146 | C8: =VLOOKUP(B8,'INSUMO JUNHO-2025'!$A$1:$E$6480,2,0) -> DER-ES | D8: =VLOOKUP(B8,'INSUMO JUNHO-2025'!$A$1:$E$6480,3,0) -> SERVENTE (AUXILIAR DE OBRAS - SINDUSCON) | E8: =VLOOKUP(B8,'INSUMO JUNHO-2025'!$A$1:$E$6480,4,0) -> H | F8: 0.413 | H8: =VLOOKUP(B8,'INSUMO JUNHO-2025'!$A$1:$E$6480,5,0)*2.5727 -> 19.681155 | J8: =F8*H8 -> 8.128317
B9: SUBTOTAL | J9: =SUM(J7:J8) -> 29.659861
B10: CÓD. | C10: ÓRGÃO | D10: MATERIAIS | E10: UNIDADE | F10: CONSUMO | H10: CUSTO UNITÁRIO | J10: CUSTO
B11: MAT069350 | C11: SCO RIO | D11: Janela basculante em alumínio anodizado, série 28, com 1 báscula móvel e 1 inferior fixa, colocada | E11: M2 | F11: 1 | H11: 1333.5 | J11: =F11*H11 -> 1333.5
B12: 10497 | C12: SCO RIO | D12: =VLOOKUP(B12,'INSUMO JUNHO-2025'!$A$1:$E$6480,3,0) -> VIDRO COMUM LAMINADO, LISO, INCOLOR, TRIPLO, ESPESSURA TOTAL 12 MM (CADA CAMADA E= 4 MM) - COLOCADO | E12: =VLOOKUP(B12,'INSUMO JUNHO-2025'!$A$1:$E$6480,4,0) -> M2 | F12: 1 | H12: =VLOOKUP(B12,'INSUMO JUNHO-2025'!$A$1:$E$6480,5,0) -> 1614.16 | J12: =F12*H12 -> 1614.16
B13: SUBTOTAL | J13: =SUM(J11:J12) -> 2947.66
B14: MÃO DE OBRA (A) | J14: =J9 -> 29.659861
B15: MATERIAIS ( B ) | J15: =J13 -> 2947.66
B16: EQUIPAMENTOS ( C ) | J16: 0
B17: PRODUÇÃO DA EQUIPE ( D ) | J17: 1
G18: CUSTO HORÁRIO TOTAL (A+C) | J18: =J14+J16 -> 29.659861
B19: CUSTO UNITÁRIO DA EXECUÇÃO [(A/D) + (C/D)] = ( E ) | J19: =(J14/J17)+(J16/J17) -> 29.659861
G20: CUSTO DIRETO TOTAL (B+E) | J20: =J15+J19 -> 2977.3199
B21: ( H ) TOTAL | J21: =J20 -> 2977.3199
B23: Observações:
B24: 1. Preços unitários, códigos e descrição da mão de obra são compatíveis com TABELA CUSTOS REFERENCIAIS LABOR/CT- UFES PADRÃO DER-ES junho/2025.
B25: 2. Os coeficientes utilizados para mão de obra e insumos são os mesmos da composição do serviço 102236 (Divisória em vidro temperado 10 mm com porta de correr, inclusive ferragens. Af_01/2021) do SINAPI junho/2025, sendo utilizado o insumo MAT 69350 do SCO RIO para compor o insumo da janela basculante. O insumo 10507 foi substitituído pelo insumo 10497 para compor o serviço.
B26: 3. Preço unitário, códigos e descrição dos materiais foram retirados do SINAPI e SCO RIO junho/2025, por não conter este insumo no DER-ES
B29: ________________________________________________
A30: PEDRO JAYME LANI JUNIOR
A31: Assessor de Assuntos de Gestão
A32: Engenheiro Civil
A33: CREA ES 20109/D

Sheet COMP.13_PIVOTANTE
B2: COMPOSIÇÃO DE PREÇO UNITÁRIO 13
